Workbook
Name ib: Documentos_Técnicos!#REF!

Sheet Hoja4

Sheet Hoja2

Sheet Hoja3

Sheet Proponentes
A1: No. | B1: NOMBRE DEL PROPONENTE | C1: REPRESENTANTE LEGAL | D1: INTEGRANTES | E1: NIT. INTEGRANTE | F1: % DE PARTICIPACIÓN | G1: # grupos | H1: GRUPOS AL QUE SE PRESENTAN | J1: REVISAR NIT REPETIDO
A2: 1 | B2: UNIÓN TEMPORAL L&W | D2: SEGURIDAD LASER LTDA. | E2: 800.068.707-3 | F2: 0.5 | G2: 1 | H2: x | J2: =COUNTIF(E:E,E2) -> 1 | M2: =IF(H2="X",L2,0) -> 0 | S2: 8
D3: WEST ARMY SECURITY LTDA | E3: 830.069.989-7 | F3: 0.5 | G3: 2 | J3: =COUNTIF(E:E,E3) -> 1 | M3: =IF(H3="X",L3,0) -> 0 | S3: 11
G4: 3 | J4: =COUNTIF(E:E,E4) -> 0 | M4: =IF(H4="X",L4,0) -> 0 | S4: 4
G5: 4 | J5: =COUNTIF(E:E,E5) -> 0 | M5: =IF(H5="X",L5,0) -> 0 | S5: 8
G6: 5 | J6: =COUNTIF(E:E,E6) -> 0 | M6: =IF(H6="X",L6,0) -> 0 | S6: 14
G7: 6 | J7: =COUNTIF(E:E,E7) -> 0 | M7: =IF(H7="X",L7,0) -> 0 | S7: 5
G8: 7 | J8: =COUNTIF(E:E,E8) -> 0 | M8: =IF(H8="X",L8,0) -> 0 | S8: 9
G9: 8 | H9: x | J9: =COUNTIF(E:E,E9) -> 0 | M9: =IF(H9="X",L9,0) -> 0 | S9: 5
G10: 9 | J10: =COUNTIF(E:E,E10) -> 0 | M10: =IF(H10="X",L10,0) -> 0 | S10: 4
G11: 10 | J11: =COUNTIF(E:E,E11) -> 0 | M11: =IF(H11="X",L11,0) -> 0 | S11: 7
G12: 11 | J12: =COUNTIF(E:E,E12) -> 0 | M12: =IF(H12="X",L12,0) -> 0 | S12: 11
G13: 12 | H13: x | J13: =COUNTIF(E:E,E13) -> 0 | M13: =IF(H13="X",L13,0) -> 0 | S13: 0
J14: =COUNTIF(E:E,E14) -> 0
A15: 2 | B15: UNION TEMPORAL S4 | D15: SEGURIDAD ATEMPI LTDA | E15: 860.074.752-8 | F15: 0.47 | G15: 1 | H15: X | J15: =COUNTIF(E:E,E15) -> 1 | M15: =IF(H15="X",L15,0) -> 0
D16: AUTENTICA SEGURIDAD LTDA | E16: 800.138.597-0 | F16: 0.015 | G16: 2 | J16: =COUNTIF(E:E,E16) -> 1 | L16: =F16*Experiencia_Proponente!H33 -> 2.307721e+09 | M16: =IF(H16="X",L16,0) -> 0
D17: ISVI LTDA | E17: 860.401.191-1 | F17: 0.47 | G17: 3 | H17: X | J17: =COUNTIF(E:E,E17) -> 1 | M17: =IF(H17="X",L17,0) -> 0
D18: COMPAÑIA DE SEGURIDAD NACIONAL COMSENAL LTDA | E18: 860.518.504-5 | F18: 0.045 | G18: 4 | J18: =COUNTIF(E:E,E18) -> 1 | M18: =IF(H18="X",L18,0) -> 0
G19: 5 | J19: =COUNTIF(E:E,E19) -> 0 | M19: =IF(H19="X",L19,0) -> 0
G20: 6 | H20: X | J20: =COUNTIF(E:E,E20) -> 0 | M20: =IF(H20="X",L20,0) -> 0
G21: 7 | H21: X | J21: =COUNTIF(E:E,E21) -> 0 | M21: =IF(H21="X",L21,0) -> 0
G22: 8 | H22: X | J22: =COUNTIF(E:E,E22) -> 0 | M22: =IF(H22="X",L22,0) -> 0
G23: 9 | H23: X | J23: =COUNTIF(E:E,E23) -> 0 | M23: =IF(H23="X",L23,0) -> 0
G24: 10 | H24: X | J24: =COUNTIF(E:E,E24) -> 0 | M24: =IF(H24="X",L24,0) -> 0
G25: 11 | J25: =COUNTIF(E:E,E25) -> 0 | M25: =IF(H25="X",L25,0) -> 0
G26: 12 | J26: =COUNTIF(E:E,E26) -> 0 | M26: =IF(H26="X",L26,0) -> 0
J27: =COUNTIF(E:E,E27) -> 0
A28: 3 | B28: SEGURIDAD NUEVA ERA LTDA | D28: SEGURIDAD NUEVA ERA LTDA | E28: 830.070.625-3 | F28: 1 | G28: 1 | J28: =COUNTIF(E:E,E28) -> 1 | M28: =IF(H28="X",L28,0) -> 0
G29: 2 | H29: X | J29: =COUNTIF(E:E,E29) -> 0 | M29: =IF(H29="X",L29,0) -> 0
G30: 3 | J30: =COUNTIF(E:E,E30) -> 0 | M30: =IF(H30="X",L30,0) -> 0
G31: 4 | J31: =COUNTIF(E:E,E31) -> 0 | M31: =IF(H31="X",L31,0) -> 0
G32: 5 | J32: =COUNTIF(E:E,E32) -> 0 | M32: =IF(H32="X",L32,0) -> 0
G33: 6 | J33: =COUNTIF(E:E,E33) -> 0 | M33: =IF(H33="X",L33,0) -> 0
G34: 7 | J34: =COUNTIF(E:E,E34) -> 0 | M34: =IF(H34="X",L34,0) -> 0
G35: 8 | H35: X | J35: =COUNTIF(E:E,E35) -> 0 | M35: =IF(H35="X",L35,0) -> 0
G36: 9 | H36: X | J36: =COUNTIF(E:E,E36) -> 0 | M36: =IF(H36="X",L36,0) -> 0
G37: 10 | J37: =COUNTIF(E:E,E37) -> 0 | M37: =IF(H37="X",L37,0) -> 0
G38: 11 | J38: =COUNTIF(E:E,E38) -> 0 | M38: =IF(H38="X",L38,0) -> 0
G39: 12 | H39: X | J39: =COUNTIF(E:E,E39) -> 0 | M39: =IF(H39="X",L39,0) -> 0
J40: =COUNTIF(E:E,E40) -> 0
A41: 4 | B41: SEGURIDAD NAPOLES | D41: SEGURIDAD NAPOLES LTDA | E41: 860.523.408-6 | F41: 1 | G41: 1 | J41: =COUNTIF(E:E,E41) -> 2 | M41: =IF(H41="X",L41,0) -> 0
G42: 2 | J42: =COUNTIF(E:E,E42) -> 0 | M42: =IF(H42="X",L42,0) -> 0
G43: 3 | J43: =COUNTIF(E:E,E43) -> 0 | M43: =IF(H43="X",L43,0) -> 0
G44: 4 | H44: X | J44: =COUNTIF(E:E,E44) -> 0 | M44: =IF(H44="X",L44,0) -> 0
G45: 5 | H45: X | J45: =COUNTIF(E:E,E45) -> 0 | M45: =IF(H45="X",L45,0) -> 0
G46: 6 | H46: X | J46: =COUNTIF(E:E,E46) -> 0 | M46: =IF(H46="X",L46,0) -> 0
G47: 7 | H47: X | J47: =COUNTIF(E:E,E47) -> 0 | M47: =IF(H47="X",L47,0) -> 0
G48: 8 | J48: =COUNTIF(E:E,E48) -> 0 | M48: =IF(H48="X",L48,0) -> 0
G49: 9 | J49: =COUNTIF(E:E,E49) -> 0 | M49: =IF(H49="X",L49,0) -> 0
G50: 10 | H50: X | J50: =COUNTIF(E:E,E50) -> 0 | M50: =IF(H50="X",L50,0) -> 0
G51: 11 | H51: X | J51: =COUNTIF(E:E,E51) -> 0 | M51: =IF(H51="X",L51,0) -> 0
G52: 12 | J52: =COUNTIF(E:E,E52) -> 0 | M52: =IF(H52="X",L52,0) -> 0
J53: =COUNTIF(E:E,E53) -> 0
A54: 5 | B54: UNIÓN TEMPORAL COM-SED | D54: CELAR LIMITADA | E54: 800.169.799-4 | F54: 0.35 | G54: 1 | H54: X | J54: =COUNTIF(E:E,E54) -> 1 | M54: =IF(H54="X",L54,0) -> 0
D55: SEGURIDAD MONSERRATE LTDA | E55: 800.062.361-1 | F55: 0.25 | G55: 2 | J55: =COUNTIF(E:E,E55) -> 1 | M55: =IF(H55="X",L55,0) -> 0
D56: SEGURIDAD ONCOR LTDA | E56: 800.201.668-4 | F56: 0.4 | G56: 3 | J56: =COUNTIF(E:E,E56) -> 2 | M56: =IF(H56="X",L56,0) -> 0
G57: 4 | J57: =COUNTIF(E:E,E57) -> 0 | M57: =IF(H57="X",L57,0) -> 0
G58: 5 | J58: =COUNTIF(E:E,E58) -> 0 | M58: =IF(H58="X",L58,0) -> 0
G59: 6 | J59: =COUNTIF(E:E,E59) -> 0 | M59: =IF(H59="X",L59,0) -> 0
G60: 7 | J60: =COUNTIF(E:E,E60) -> 0 | M60: =IF(H60="X",L60,0) -> 0
G61: 8 | H61: X | J61: =COUNTIF(E:E,E61) -> 0 | M61: =IF(H61="X",L61,0) -> 0
G62: 9 | J62: =COUNTIF(E:E,E62) -> 0 | M62: =IF(H62="X",L62,0) -> 0
G63: 10 | J63: =COUNTIF(E:E,E63) -> 0 | M63: =IF(H63="X",L63,0) -> 0
G64: 11 | J64: =COUNTIF(E:E,E64) -> 0 | M64: =IF(H64="X",L64,0) -> 0
G65: 12 | H65: X | J65: =COUNTIF(E:E,E65) -> 0 | M65: =IF(H65="X",L65,0) -> 0
J66: =COUNTIF(E:E,E66) -> 0
A67: 6 | B67: UNIÓN TEMPORAL INDICOL 2021 | D67: SEGURIDAD DIGITAL LTDA | E67: 800.248.541-0 | F67: 0.42 | G67: 1 | H67: X | J67: =COUNTIF(E:E,E67) -> 1 | M67: =IF(H67="X",L67,0) -> 0
D68: RONDACOL LTDA | E68: 860.529.319-6 | F68: 0.3 | G68: 2 | H68: X | J68: =COUNTIF(E:E,E68) -> 1 | M68: =IF(H68="X",L68,0) -> 0
D69: INTERCONTINENTAL DE SEGURIDAD LTDA | E69: 830.039.387-5 | F69: 0.28 | G69: 3 | H69: X | J69: =COUNTIF(E:E,E69) -> 1 | M69: =IF(H69="X",L69,0) -> 0
G70: 4 | J70: =COUNTIF(E:E,E70) -> 0 | M70: =IF(H70="X",L70,0) -> 0
G71: 5 | J71: =COUNTIF(E:E,E71) -> 0 | M71: =IF(H71="X",L71,0) -> 0
G72: 6 | J72: =COUNTIF(E:E,E72) -> 0 | M72: =IF(H72="X",L72,0) -> 0
G73: 7 | J73: =COUNTIF(E:E,E73) -> 0 | M73: =IF(H73="X",L73,0) -> 0
G74: 8 | J74: =COUNTIF(E:E,E74) -> 0 | M74: =IF(H74="X",L74,0) -> 0
G75: 9 | H75: X | J75: =COUNTIF(E:E,E75) -> 0 | M75: =IF(H75="X",L75,0) -> 0
G76: 10 | J76: =COUNTIF(E:E,E76) -> 0 | M76: =IF(H76="X",L76,0) -> 0
G77: 11 | J77: =COUNTIF(E:E,E77) -> 0 | M77: =IF(H77="X",L77,0) -> 0
G78: 12 | J78: =COUNTIF(E:E,E78) -> 0 | M78: =IF(H78="X",L78,0) -> 0
J79: =COUNTIF(E:E,E79) -> 0
A80: 7 | B80: SU OPORTUNO SERVICIO LTDA | D80: SU OPORTUNO SERVICIO LTDA | E80: 860.020.369-8 | F80: 1 | G80: 1 | H80: X | J80: =COUNTIF(E:E,E80) -> 1 | M80: =IF(H80="X",L80,0) -> 0
G81: 2 | H81: X | J81: =COUNTIF(E:E,E81) -> 0 | M81: =IF(H81="X",L81,0) -> 0
G82: 3 | H82: X | J82: =COUNTIF(E:E,E82) -> 0 | M82: =IF(H82="X",L82,0) -> 0
G83: 4 | H83: X | J83: =COUNTIF(E:E,E83) -> 0 | M83: =IF(H83="X",L83,0) -> 0
G84: 5 | H84: X | J84: =COUNTIF(E:E,E84) -> 0 | M84: =IF(H84="X",L84,0) -> 0
G85: 6 | H85: X | J85: =COUNTIF(E:E,E85) -> 0 | M85: =IF(H85="X",L85,0) -> 0
G86: 7 | H86: X | J86: =COUNTIF(E:E,E86) -> 0 | M86: =IF(H86="X",L86,0) -> 0
G87: 8 | H87: X | J87: =COUNTIF(E:E,E87) -> 0 | M87: =IF(H87="X",L87,0) -> 0
G88: 9 | H88: X | J88: =COUNTIF(E:E,E88) -> 0 | M88: =IF(H88="X",L88,0) -> 0
G89: 10 | H89: X | J89: =COUNTIF(E:E,E89) -> 0 | M89: =IF(H89="X",L89,0) -> 0
G90: 11 | H90: X | J90: =COUNTIF(E:E,E90) -> 0 | M90: =IF(H90="X",L90,0) -> 0
G91: 12 | H91: X | J91: =COUNTIF(E:E,E91) -> 0 | M91: =IF(H91="X",L91,0) -> 0
J92: =COUNTIF(E:E,E92) -> 0
A93: 8 | B93: VIGILANCIA SANTAFEREÑA Y CIA LTDA | D93: VIGILANCIA SANTAFEREÑA Y CIA LTDA | E93: 800.076.719-5 | F93: 1 | G93: 1 | H93: x | J93: =COUNTIF(E:E,E93) -> 1 | M93: =IF(H93="X",L93,0) -> 0
G94: 2 | J94: =COUNTIF(E:E,E94) -> 0 | M94: =IF(H94="X",L94,0) -> 0
G95: 3 | J95: =COUNTIF(E:E,E95) -> 0 | M95: =IF(H95="X",L95,0) -> 0
G96: 4 | J96: =COUNTIF(E:E,E96) -> 0 | M96: =IF(H96="X",L96,0) -> 0
G97: 5 | J97: =COUNTIF(E:E,E97) -> 0 | M97: =IF(H97="X",L97,0) -> 0
G98: 6 | H98: x | J98: =COUNTIF(E:E,E98) -> 0 | M98: =IF(H98="X",L98,0) -> 0
G99: 7 | H99: x | J99: =COUNTIF(E:E,E99) -> 0 | M99: =IF(H99="X",L99,0) -> 0
G100: 8 | J100: =COUNTIF(E:E,E100) -> 0 | M100: =IF(H100="X",L100,0) -> 0
...

Sheet Experiencia_Proponente
AB1: OBSERVACIONES INDIVIDUALES EXPERIENCIA | AN1: VALOR LICITIACION 2021
AN2: GRUPO | AO2: TOTAL | AQ2: AÑO | AR2: SMMLV
AN3: 1 | AO3: 20036397801 | AQ3: 2011 | AR3: 535600
AN4: 2 | AO4: 17613055238 | AQ4: 2012 | AR4: 566700
AN5: 3 | AO5: 22660325900 | AQ5: 2013 | AR5: 589500
AN6: 4 | AO6: 32291205642 | AQ6: 2014 | AR6: 616000
Y7: NO INCLUIDA | AN7: 5 | AO7: 31011375408 | AQ7: 2015 | AR7: 644350
Y8: NO APARECE CÓDIGO | AN8: 6 | AO8: 26104086008 | AQ8: 2016 | AR8: 689455
Y9: NO COINCIDE CÓDIGO | AN9: 7 | AO9: 34957158037 | AQ9: 2017 | AR9: 737717
Y10: NO COINCIDE SALARIOS | AN10: 8 | AO10: 19803878581 | AQ10: 2018 | AR10: 781242
AN11: 9 | AO11: 24629524096 | AQ11: 2019 | AR11: 828116
AN12: 10 | AO12: 25460574021 | AQ12: 2020 | AR12: 877803
AN13: 11 | AO13: 32820666236 | AQ13: 2021 | AR13: 908526
AN14: 12 | AO14: 8654253262
AN15: GRAN TOTAL | AO15: =SUM(AO3:AO14) -> 296042500230
Z16: =2201*AR13 -> 1999665726
P18: 40633 | Q18: 44286 | R18: NO CUMPLE | Z18: 1999665726 | AA18: NO CUMPLE | AD18: NO CUMPLE
A19: PROPONENTE | B19: No. de Grupos | C19: GRUPOS A LOS QUE SE PRESENTÓ | D19: GRUPOS EN LOS QUE ESTA HABILITADO | E19: VALOR TOTAL DEL GRUPO | F19: INTEGRANTES DEL PROPONENTE SI ES UT CONSORCIO U OTRO | G19: % DE PARTICIPACIÓN | H19: PRESUPUESTO OFICIAL PARA GRUPOS OFERTADOS | I19: EXPERIENCIA REQUERIDA POR PROPONENTE EXPRESADA EN SMMLV 2021 | J19: FOLIOS DE LA CERTIFICACIÓN | K19: CERTIFICACIÓN NÚMERO | L19: IDENTIFICACIÓN DEL CONTRATO (NOMBRE DEL CONTRATANTE Y No.) | M19: EMPRESA QUE APORTA LA EXPERIENCIA (Nombre) | N19: VERIFICACIÓN OBJETO SIMILAR | O19: % PARTICIPACION DEL CONTRATO ACREDITADO | P19: FECHA INICIO (31/03/2011) | Q19: FECHA FINAL (31/03/2021) | R19: VERIFICACIÓN CUMPLIMIENTO RANGO DE FECHAS | S19: PLAZO DE EJECUCIÓN EN MESES | T19: VALOR DEL CONTRATO EN PESOS COLOMBIANOS | U19: VALOR A TENER EN CUENTA PESOS COLOMBIANOS | V19: SMMLV (A LA FECHA DE INICIO DEL CONTRATO) | W19: SMMLV (A LA FECHA DE TERMINACION DEL CONTRATO) | X19: VALOR ACTUALIZADO CON SMMLV (2021) | Y19: VERIFICACION RUP (Contratante, Contratista, código UNSPSC y valor) | Z19: CUMPLE / NO CUMPLE CERTIFICACIÓN MÍNIMO A 2.201 SMMLV | AA19: VALIDACIÓN CERTIFICACIÓN INDIVIDUAL | AB19: OBSERVACIONES INDIVIDUALES EXPERIENCIA | AC19: TOTAL EXPERIENCIA APORTADA POR PROPONENTE EXPRESADA EN SMMLV 2020 | AD19: VALIDACIÓN DE EXPERIENCIA EN SMMLV 2021 | AE19: INTEGRANTE | AF19: VALOR EXPERIENCIA DE INTEGRANTE | AG19: VALIDACIÓN EXPERIENCIA INTEGRANTE | AH19: OBSERVACIONES INDIVIDUALES POR INTEGRANTE | AI19: CUMPLIMIENTO GENERAL EXPERIENCIA | AJ19: OBSERVACIONES GENERALES
A20: =A32 -> 1 | B20: 1 | C20: =IF(Proponentes!H2="X",Proponentes!B2,"") -> UNIÓN TEMPORAL L&W | D20: =C20 -> UNIÓN TEMPORAL L&W | E20: =IF(D20="","",$AO$3) -> 20036397801 | F20: =IF(Proponentes!D2>0,Proponentes!D2,"") -> SEGURIDAD LASER LTDA. | G20: =IF(Proponentes!F2>0,Proponentes!F2,"") -> 0.5 | H20: =SUM(E20:E31) -> 48494529644 | I20: =IF($F20>0,(G32*H20)/$AR$13,"") -> 53377.151 | J20: 2 | K20: 1 | L20: INVERSIONES DAMA SALUD S.A. CTO 010 DEL 2014. | M20: SEGURIDAD LASER LTDA. | N20: Cumple | O20: 1 | P20: 41883 | Q20: 42612 | R20: =IF(Q20<>"",IF(P20>0,IF(P20>=$P$18,IF(Q20<=$Q$18,"CUMPLE","NO CUMPLE"),"NO CUMPLE"),""),"") -> CUMPLE | S20: =IF(P20>0,ROUND(((YEAR(Q20)-YEAR($P20))*12)+(MONTH(Q20)-MONTH($P20))+((DAY(Q20)-DAY($P20)+1)/30),0),"") -> 24 | T20: 7531355117 | U20: =IF(T20>0,T20*O20,"") -> 7531355117 | V20: =IFERROR(U20/VLOOKUP(YEAR(P20),$AQ$2:$AR$11,2,FALSE),"") -> 12226.226 | W20: =IF(R20="CUMPLE",IFERROR(U20/VLOOKUP(YEAR(Q20),$AQ$3:$AR$13,2,FALSE),""),"") -> 10923.636 | X20: =IFERROR(W20*$AR$13,"") -> 9.9244069e+09 | Y20: INCLUIDA | Z20: =IF(T20>0,IF(X20>=$Z$18,"CUMPLE","NO CUMPLE"),"") -> CUMPLE | AA20: =IF(N20>0,IF(N20="CUMPLE",IF(R20="CUMPLE",IF(Y20="INCLUIDA",IF(Z20="CUMPLE","CUMPLE","NO CUMPLE"),"NO CUMPLE"),"NO CUMPLE"),"NO CUMPLE"),"") -> CUMPLE | AC20: =IF(F20>0,SUMIFS(W20:W31,AA20:AA31,"CUMPLE"),"") -> 64270.304 | AD20: =IF($F20>0,IF(AC20<I20,"NO CUMPLE","CUMPLE"),"") -> CUMPLE | AE20: =IF(F20<>"",F20,"") -> SEGURIDAD LASER LTDA. | AF20: =IF(AE20<>"",(SUMIFS($X19:$X30,$M19:$M30,F20,AA19:AA30,"CUMPLE")),"") -> 3.2528462e+10 | AG20: =IF(AF20<>"",IF(G20>0,(IF(AF20>=($G20*$H20),"CUMPLE","NO CUMPLE")),""),"") -> CUMPLE | AI20: =IF(AC20>=I20,IF((COUNTIF(AG20:AG23,"NO CUMPLE"))<1,"HABILITADO","RECHAZADO"),"RECHAZADO") -> HABILITADO
B21: 2 | C21: =IF(Proponentes!H3="X",Proponentes!B2,"") | D21: =C21 | E21: =IF(D21="","",$AO$4) | F21: =IF(Proponentes!D3>0,Proponentes!D3,"") -> WEST ARMY SECURITY LTDA | G21: =IF(Proponentes!F3>0,Proponentes!F3,"") -> 0.5 | J21: 3 | K21: 2 | L21: SECRETARIA DE EDUCACIÓN. CTO 2093 DEL 2014 | M21: SEGURIDAD LASER LTDA. | N21: Cumple | O21: 1 | P21: 41824 | Q21: 42159 | R21: =IF(Q21<>"",IF(P21>0,IF(P21>=$P$18,IF(Q21<=$Q$18,"CUMPLE","NO CUMPLE"),"NO CUMPLE"),""),"") -> CUMPLE | S21: =IF(P21>0,ROUND(((YEAR(Q21)-YEAR($P21))*12)+(MONTH(Q21)-MONTH($P21))+((DAY(Q21)-DAY($P21)+1)/30),0),"") -> 11 | T21: 3073555391 | U21: =IF(T21>0,T21*O21,"") -> 3073555391 | V21: =IFERROR(U21/VLOOKUP(YEAR(P21),$AQ$2:$AR$11,2,FALSE),"") -> 4989.538 | W21: =IF(R21="CUMPLE",IFERROR(U21/VLOOKUP(YEAR(Q21),$AQ$3:$AR$13,2,FALSE),""),"") -> 4770.0091 | X21: =IFERROR(W21*$AR$13,"") -> 4.3336773e+09 | Y21: INCLUIDA | Z21: =IF(T21>0,IF(X21>=$Z$18,"CUMPLE","NO CUMPLE"),"") -> CUMPLE | AA21: =IF(N21>0,IF(N21="CUMPLE",IF(R21="CUMPLE",IF(Y21="INCLUIDA",IF(Z21="CUMPLE","CUMPLE","NO CUMPLE"),"NO CUMPLE"),"NO CUMPLE"),"NO CUMPLE"),"") -> CUMPLE | AE21: =IF(F21<>"",F21,"") -> WEST ARMY SECURITY LTDA | AF21: =IF(AE21<>"",(SUMIFS($X20:$X31,$M20:$M31,F21,AA20:AA31,"CUMPLE")),"") -> 2.586278e+10 | AG21: =IF(AF21<>"",IF(G21>0,(IF(AF21>=($G21*$H20),"CUMPLE","NO CUMPLE")),""),"") -> CUMPLE
B22: 3 | C22: =IF(Proponentes!H4="X",Proponentes!B2,"") | D22: =C22 | E22: =IF(D22="","",$AO$5) | F22: =IF(Proponentes!D4>0,Proponentes!D4,"") | G22: =IF(Proponentes!F4>0,Proponentes!F4,"") | J22: 4 | K22: 3 | L22: SECRETARIA DE EDUCACIÓN. CTO 2094 DEL 2014 | M22: SEGURIDAD LASER LTDA. | N22: Cumple | O22: 1 | P22: 41824 | Q22: 42155 | R22: =IF(Q22<>"",IF(P22>0,IF(P22>=$P$18,IF(Q22<=$Q$18,"CUMPLE","NO CUMPLE"),"NO CUMPLE"),""),"") -> CUMPLE | S22: =IF(P22>0,ROUND(((YEAR(Q22)-YEAR($P22))*12)+(MONTH(Q22)-MONTH($P22))+((DAY(Q22)-DAY($P22)+1)/30),0),"") -> 11 | T22: 2353232066 | U22: =IF(T22>0,T22*O22,"") -> 2353232066 | V22: =IFERROR(U22/VLOOKUP(YEAR(P22),$AQ$2:$AR$11,2,FALSE),"") -> 3820.1819 | W22: =IF(R22="CUMPLE",IFERROR(U22/VLOOKUP(YEAR(Q22),$AQ$3:$AR$13,2,FALSE),""),"") -> 3652.1022 | X22: =IFERROR(W22*$AR$13,"") -> 3.3180298e+09 | Y22: INCLUIDA | Z22: =IF(T22>0,IF(X22>=$Z$18,"CUMPLE","NO CUMPLE"),"") -> CUMPLE | AA22: =IF(N22>0,IF(N22="CUMPLE",IF(R22="CUMPLE",IF(Y22="INCLUIDA",IF(Z22="CUMPLE","CUMPLE","NO CUMPLE"),"NO CUMPLE"),"NO CUMPLE"),"NO CUMPLE"),"") -> CUMPLE | AE22: =IF(F22<>"",F22,"") | AF22: =IF(AE22<>"",(SUMIFS($X20:$X30,$M20:$M30,F22,AA20:AA30,"CUMPLE")),"") | AG22: =IF(AF22<>"",IF(G22>0,(IF(AF22>=($G22*$H20),"CUMPLE","NO CUMPLE")),""),"")
B23: 4 | C23: =IF(Proponentes!H5="X",Proponentes!B2,"") | D23: =C23 | E23: =IF(D23="","",$AO$6) | F23: =IF(Proponentes!D5>0,Proponentes!D5,"") | G23: =IF(Proponentes!F5>0,Proponentes!F5,"") | J23: Subsanación | K23: 4 | L23: SECRETARIA DE EDUCACIÓN. CTO 378285 DEL 2018 | M23: SEGURIDAD LASER LTDA. | N23: Cumple | O23: 0.4 | P23: 43199 | Q23: 43563 | R23: =IF(Q23<>"",IF(P23>0,IF(P23>=$P$18,IF(Q23<=$Q$18,"CUMPLE","NO CUMPLE"),"NO CUMPLE"),""),"") -> CUMPLE | S23: =IF(P23>0,ROUND(((YEAR(Q23)-YEAR($P23))*12)+(MONTH(Q23)-MONTH($P23))+((DAY(Q23)-DAY($P23)+1)/30),0),"") -> 12 | T23: 8717402470 | U23: =IF(T23>0,T23*O23,"") -> 3486960988 | V23: =IFERROR(U23/VLOOKUP(YEAR(P23),$AQ$2:$AR$11,2,FALSE),"") -> 4463.3558 | W23: =IF(R23="CUMPLE",IFERROR(U23/VLOOKUP(YEAR(Q23),$AQ$3:$AR$13,2,FALSE),""),"") -> 4210.7156 | X23: =IFERROR(W23*$AR$13,"") -> 3.8255446e+09 | Y23: INCLUIDA | Z23: =IF(T23>0,IF(X23>=$Z$18,"CUMPLE","NO CUMPLE"),"") -> CUMPLE | AA23: =IF(N23>0,IF(N23="CUMPLE",IF(R23="CUMPLE",IF(Y23="INCLUIDA",IF(Z23="CUMPLE","CUMPLE","NO CUMPLE"),"NO CUMPLE"),"NO CUMPLE"),"NO CUMPLE"),"") -> CUMPLE | AE23: =IF(F23<>"",F23,"") | AF23: =IF(AE23<>"",(SUMIFS($X20:$X30,$M20:$M30,F23,AA20:AA30,"CUMPLE")),"") | AG23: =IF(AF23<>"",IF(G23>0,(IF(AF23>=($G23*$H20),"CUMPLE","NO CUMPLE")),""),"")
B24: 5 | C24: =IF(Proponentes!H6="X",Proponentes!$B$2,"") | D24: =C24 | E24: =IF(D24="","",$AO$7) | F24: =IF(Proponentes!D6>0,Proponentes!D6,"") | G24: =IF(Proponentes!F6>0,Proponentes!F6,"") | K24: 5 | L24: SECRETARIA DISTRITAL DE INTEGRACIÓN SOCIAL. CTO 5692 DEL 2017 | M24: SEGURIDAD LASER LTDA. | N24: Cumple | O24: 0.34 | P24: 42826 | Q24: 43966 | R24: =IF(Q24<>"",IF(P24>0,IF(P24>=$P$18,IF(Q24<=$Q$18,"CUMPLE","NO CUMPLE"),"NO CUMPLE"),""),"") -> CUMPLE | S24: =IF(P24>0,ROUND(((YEAR(Q24)-YEAR($P24))*12)+(MONTH(Q24)-MONTH($P24))+((DAY(Q24)-DAY($P24)+1)/30),0),"") -> 38 | T24: 31619224569 | U24: =IF(T24>0,T24*O24,"") -> 1.0750536e+10 | V24: =IFERROR(U24/VLOOKUP(YEAR(P24),$AQ$2:$AR$11,2,FALSE),"") -> 14572.711 | W24: =IF(R24="CUMPLE",IFERROR(U24/VLOOKUP(YEAR(Q24),$AQ$3:$AR$13,2,FALSE),""),"") -> 12247.095 | X24: =IFERROR(W24*$AR$13,"") -> 1.1126804e+10 | Y24: INCLUIDA | Z24: =IF(T24>0,IF(X24>=$Z$18,"CUMPLE","NO CUMPLE"),"") -> CUMPLE | AA24: =IF(N24>0,IF(N24="CUMPLE",IF(R24="CUMPLE",IF(Y24="INCLUIDA",IF(Z24="CUMPLE","CUMPLE","NO CUMPLE"),"NO CUMPLE"),"NO CUMPLE"),"NO CUMPLE"),"") -> CUMPLE | AE24: =IF(F24<>"",F24,"") | AF24: =IF(AE24<>"",(SUMIFS($X24:$X32,$M24:$M32,F24,AA24:AA32,"CUMPLE")),"") | AG24: =IF(AF24<>"",IF(G24>0,(IF(AF24>=($G24*$H20),"CUMPLE","NO CUMPLE")),""),"")
B25: 6 | C25: =IF(Proponentes!H7="X",Proponentes!$B$2,"") | D25: =C25 | E25: =IF(D25="","",$AO$8) | F25: =IF(Proponentes!D7>0,Proponentes!D7,"") | G25: =IF(Proponentes!F7>0,Proponentes!F7,"") | J25: 39 Y 40 | K25: 6 | L25: CONSORCIO CONSTRUCTORA RUTA DEL SOL - CONSOL CTO EPC - SC 351 DEL 2014 | M25: WEST ARMY SECURITY LTDA | N25: Cumple | O25: 1 | P25: 41659 | Q25: 42794 | R25: =IF(Q25<>"",IF(P25>0,IF(P25>=$P$18,IF(Q25<=$Q$18,"CUMPLE","NO CUMPLE"),"NO CUMPLE"),""),"") -> CUMPLE | S25: =IF(P25>0,ROUND(((YEAR(Q25)-YEAR($P25))*12)+(MONTH(Q25)-MONTH($P25))+((DAY(Q25)-DAY($P25)+1)/30),0),"") -> 37 | T25: 8635263539 | U25: =IF(T25>0,T25*O25,"") -> 8635263539 | V25: =IFERROR(U25/VLOOKUP(YEAR(P25),$AQ$2:$AR$11,2,FALSE),"") -> 14018.285 | W25: =IF(R25="CUMPLE",IFERROR(U25/VLOOKUP(YEAR(Q25),$AQ$3:$AR$13,2,FALSE),""),"") -> 11705.388 | X25: =IFERROR(W25*$AR$13,"") -> 1.0634649e+10 | Y25: INCLUIDA | Z25: =IF(T25>0,IF(X25>=$Z$18,"CUMPLE","NO CUMPLE"),"") -> CUMPLE | AA25: =IF(N25>0,IF(N25="CUMPLE",IF(R25="CUMPLE",IF(Y25="INCLUIDA",IF(Z25="CUMPLE","CUMPLE","NO CUMPLE"),"NO CUMPLE"),"NO CUMPLE"),"NO CUMPLE"),"") -> CUMPLE | AE25: =IF(F25<>"",F25,"") | AF25: =IF(AE25<>"",(SUMIFS($X25:$X32,$M25:$M32,F25,AA25:AA32,"CUMPLE")),"") | AG25: =IF(AF25<>"",IF(G25>0,(IF(AF25>=($G25*$H20),"CUMPLE","NO CUMPLE")),""),"")
B26: 7 | C26: =IF(Proponentes!H8="X",Proponentes!$B$2,"") | D26: =C26 | E26: =IF(D26="","",$AO$9) | F26: =IF(Proponentes!D8>0,Proponentes!D8,"") | G26: =IF(Proponentes!F8>0,Proponentes!F8,"") | J26: 43 | K26: 7 | L26: CAJA DE RETIRO DE LAS FUERZAS MILITARES CREMIL. CTO 001 DEL 2017 | M26: WEST ARMY SECURITY LTDA | N26: Cumple | O26: 1 | P26: 42887 | Q26: 43434 | R26: =IF(Q26<>"",IF(P26>0,IF(P26>=$P$18,IF(Q26<=$Q$18,"CUMPLE","NO CUMPLE"),"NO CUMPLE"),""),"") -> CUMPLE | S26: =IF(P26>0,ROUND(((YEAR(Q26)-YEAR($P26))*12)+(MONTH(Q26)-MONTH($P26))+((DAY(Q26)-DAY($P26)+1)/30),0),"") -> 18 | T26: 1722221004 | U26: =IF(T26>0,T26*O26,"") -> 1722221004 | V26: =IFERROR(U26/VLOOKUP(YEAR(P26),$AQ$2:$AR$11,2,FALSE),"") -> 2334.528 | W26: =IF(R26="CUMPLE",IFERROR(U26/VLOOKUP(YEAR(Q26),$AQ$3:$AR$13,2,FALSE),""),"") -> 2204.4655 | X26: =IFERROR(W26*$AR$13,"") -> 2.0028142e+09 | Y26: INCLUIDA | Z26: =IF(T26>0,IF(X26>=$Z$18,"CUMPLE","NO CUMPLE"),"") -> CUMPLE | AA26: =IF(N26>0,IF(N26="CUMPLE",IF(R26="CUMPLE",IF(Y26="INCLUIDA",IF(Z26="CUMPLE","CUMPLE","NO CUMPLE"),"NO CUMPLE"),"NO CUMPLE"),"NO CUMPLE"),"") -> CUMPLE | AE26: =IF(F26<>"",F26,"") | AF26: =IF(AE26<>"",(SUMIFS($X26:$X32,$M26:$M32,F26,AA26:AA32,"CUMPLE")),"") | AG26: =IF(AF26<>"",IF(G26>0,(IF(AF26>=($G26*$H20),"CUMPLE","NO CUMPLE")),""),"")
B27: 8 | C27: =IF(Proponentes!H9="X",Proponentes!$B$2,"") -> UNIÓN TEMPORAL L&W | D27: =C27 -> UNIÓN TEMPORAL L&W | E27: =IF(D27="","",$AO$10) -> 19803878581 | J27: 43 | K27: 8 | L27: LATINOAMERICANA DE CONSTRUCCIÓNES LATINCO S.A. | M27: WEST ARMY SECURITY LTDA | N27: Cumple | O27: 1 | P27: 42102 | Q27: 43077 | R27: =IF(Q27<>"",IF(P27>0,IF(P27>=$P$18,IF(Q27<=$Q$18,"CUMPLE","NO CUMPLE"),"NO CUMPLE"),""),"") -> CUMPLE | T27: 2530842353 | U27: =IF(T27>0,T27*O27,"") -> 2530842353 | W27: =IF(R27="CUMPLE",IFERROR(U27/VLOOKUP(YEAR(Q27),$AQ$3:$AR$13,2,FALSE),""),"") -> 3430.6412 | X27: =IFERROR(W27*$AR$13,"") -> 3.1168268e+09 | Y27: INCLUIDA | Z27: =IF(T27>0,IF(X27>=$Z$18,"CUMPLE","NO CUMPLE"),"") -> CUMPLE | AA27: =IF(N27>0,IF(N27="CUMPLE",IF(R27="CUMPLE",IF(Y27="INCLUIDA",IF(Z27="CUMPLE","CUMPLE","NO CUMPLE"),"NO CUMPLE"),"NO CUMPLE"),"NO CUMPLE"),"") -> CUMPLE | AG27: =IF(AF27<>"",IF(G27>0,(IF(AF27>=($G27*$H20),"CUMPLE","NO CUMPLE")),""),"")
B28: 9 | C28: =IF(Proponentes!H10="X",Proponentes!$B$2,"") | D28: =C28 | E28: =IF(D28="","",$AO$11) | J28: 44 - 45 | K28: 9 | L28: CONSORCIO CONSTRUCTORA RUTA DEL SOL - CONSOL | M28: WEST ARMY SECURITY LTDA | N28: Cumple | O28: 1 | P28: 42755 | Q28: 43982 | R28: =IF(Q28<>"",IF(P28>0,IF(P28>=$P$18,IF(Q28<=$Q$18,"CUMPLE","NO CUMPLE"),"NO CUMPLE"),""),"") -> CUMPLE | T28: 9766657770 | U28: =IF(T28>0,T28*O28,"") -> 9766657770 | W28: =IF(R28="CUMPLE",IFERROR(U28/VLOOKUP(YEAR(Q28),$AQ$3:$AR$13,2,FALSE),""),"") -> 11126.252 | X28: =IFERROR(W28*$AR$13,"") -> 1.010849e+10 | Y28: INCLUIDA | Z28: =IF(T28>0,IF(X28>=$Z$18,"CUMPLE","NO CUMPLE"),"") -> CUMPLE | AA28: =IF(N28>0,IF(N28="CUMPLE",IF(R28="CUMPLE",IF(Y28="INCLUIDA",IF(Z28="CUMPLE","CUMPLE","NO CUMPLE"),"NO CUMPLE"),"NO CUMPLE"),"NO CUMPLE"),"") -> CUMPLE | AG28: =IF(AF28<>"",IF(G28>0,(IF(AF28>=($G28*$H20),"CUMPLE","NO CUMPLE")),""),"")
B29: 10 | C29: =IF(Proponentes!H11="X",Proponentes!$B$2,"") | D29: =C29 | E29: =IF(D29="","",$AO$12) | R29: =IF(Q29<>"",IF(P29>0,IF(P29>=$P$18,IF(Q29<=$Q$18,"CUMPLE","NO CUMPLE"),"NO CUMPLE"),""),"") | U29: =IF(T29>0,T29*O29,"") | W29: =IF(R29="CUMPLE",IFERROR(U29/VLOOKUP(YEAR(Q29),$AQ$3:$AR$13,2,FALSE),""),"") | X29: =IFERROR(W29*$AR$13,"") | Z29: =IF(T29>0,IF(X29>=$Z$18,"CUMPLE","NO CUMPLE"),"") | AA29: =IF(N29>0,IF(N29="CUMPLE",IF(R29="CUMPLE",IF(Y29="INCLUIDA",IF(Z29="CUMPLE","CUMPLE","NO CUMPLE"),"NO CUMPLE"),"NO CUMPLE"),"NO CUMPLE"),"") | AG29: =IF(AF29<>"",IF(G29>0,(IF(AF29>=($G29*$H20),"CUMPLE","NO CUMPLE")),""),"")
B30: 11 | C30: =IF(Proponentes!H12="X",Proponentes!$B$2,"") | D30: =C30 | E30: =IF(D30="","",$AO$13) | F30: =IF(Proponentes!D12>0,Proponentes!D12,"") | G30: =IF(Proponentes!F12>0,Proponentes!F12,"") | R30: =IF(Q30<>"",IF(P30>0,IF(P30>=$P$18,IF(Q30<=$Q$18,"CUMPLE","NO CUMPLE"),"NO CUMPLE"),""),"") | S30: =IF(P30>0,ROUND(((YEAR(Q30)-YEAR($P30))*12)+(MONTH(Q30)-MONTH($P30))+((DAY(Q30)-DAY($P30)+1)/30),0),"") | U30: =IF(T30>0,T30*O30,"") | V30: =IFERROR(U30/VLOOKUP(YEAR(P30),$AQ$2:$AR$11,2,FALSE),"") | W30: =IF(R30="CUMPLE",IFERROR(U30/VLOOKUP(YEAR(Q30),$AQ$3:$AR$13,2,FALSE),""),"") | X30: =IFERROR(W30*$AR$13,"") | Z30: =IF(T30>0,IF(X30>=$Z$18,"CUMPLE","NO CUMPLE"),"") | AA30: =IF(N30>0,IF(N30="CUMPLE",IF(R30="CUMPLE",IF(Y30="INCLUIDA",IF(Z30="CUMPLE","CUMPLE","NO CUMPLE"),"NO CUMPLE"),"NO CUMPLE"),"NO CUMPLE"),"") | AE30: =IF(F30<>"",F30,"") | AF30: =IF(AE30<>"",(SUMIFS($X30:$X32,$M30:$M32,F30,AA30:AA32,"CUMPLE")),"") | AG30: =IF(AF30<>"",IF(G30>0,(IF(AF30>=($G30*$H20),"CUMPLE","NO CUMPLE")),""),"")
B31: 12 | C31: =IF(Proponentes!H13="X",Proponentes!$B$2,"") -> UNIÓN TEMPORAL L&W | D31: =C31 -> UNIÓN TEMPORAL L&W | E31: =IF(D31="","",$AO$14) -> 8654253262 | F31: =IF(Proponentes!D13>0,Proponentes!D13,"") | G31: =IF(Proponentes!F13>0,Proponentes!F13,"") | R31: =IF(Q31<>"",IF(P31>0,IF(P31>=$P$18,IF(Q31<=$Q$18,"CUMPLE","NO CUMPLE"),"NO CUMPLE"),""),"") | S31: =IF(P31>0,ROUND(((YEAR(Q31)-YEAR($P31))*12)+(MONTH(Q31)-MONTH($P31))+((DAY(Q31)-DAY($P31)+1)/30),0),"") | U31: =IF(T31>0,T31*O31,"") | V31: =IFERROR(U31/VLOOKUP(YEAR(P31),$AQ$2:$AR$11,2,FALSE),"") | W31: =IF(R31="CUMPLE",IFERROR(U31/VLOOKUP(YEAR(Q31),$AQ$3:$AR$13,2,FALSE),""),"") | X31: =IFERROR(W31*$AR$13,"") | Z31: =IF(T31>0,IF(X31>=$Z$18,"CUMPLE","NO CUMPLE"),"") | AA31: =IF(N31>0,IF(N31="CUMPLE",IF(R31="CUMPLE",IF(Y31="INCLUIDA",IF(Z31="CUMPLE","CUMPLE","NO CUMPLE"),"NO CUMPLE"),"NO CUMPLE"),"NO CUMPLE"),"") | AE31: =IF(F31<>"",F31,"") | AF31: =IF(AE31<>"",(SUMIFS($X31:$X32,$M31:$M32,F31,AA31:AA32,"CUMPLE")),"") | AG31: =IF(AF31<>"",IF(G31>0,(IF(AF31>=($G31*$H20),"CUMPLE","NO CUMPLE")),""),"")
A32: 1 | D32: TOTAL | E32: =SUM(E20:E31) -> 48494529644 | G32: =IF((SUM(G20:G31))>1,"ERROR > 100%",SUM(G20:G31)) -> 1 | H32: =SUM(H20:H31) -> 48494529644 | I32: =SUM(I20:I31) -> 53377.151 | R32: =COUNTIF(R20:R31,"NO CUMPLE") -> 0 | S32: =SUM(S20:S31) -> 151 | U32: =SUM(U20:U31) -> 4.9850625e+10 | V32: =SUM(V20:V31) -> 56424.825 | W32: =SUM(W20:W31) -> 64270.304 | X32: =SUM(X20:X31) -> 5.8391242e+10 | AD32: =COUNTIF(AD20:AD31,"NO CUMPLE") -> 0
A33: =A50 -> 2 | B33: 1 | C33: =IF(Proponentes!H15="X",Proponentes!$B$15,"") -> UNION TEMPORAL S4 | D33: =C33 -> UNION TEMPORAL S4 | E33: =IF(D33="","",$AO$3) -> 20036397801 | F33: =IF(Proponentes!D15>0,Proponentes!D15,"") -> SEGURIDAD ATEMPI LTDA | G33: =IF(Proponentes!F15>0,Proponentes!F15,"") -> 0.47 | H33: =SUM(E33:E49) -> 153848065863 | I33: =IF($F33>0,(G50*H33)/$AR$13,"") -> 169338.1 | J33: 1 | K33: 1 | L33: FISCALIA GENERAL DE LA NACION - SUBDIRECCION DE APOYO A LA GESTION DE ANTIOQUIA CTO 120 DEL 2014 | M33: SEGURIDAD ATEMPI LTDA | N33: Cumple | O33: 0.8 | P33: 41971 | Q33: 42855 | R33: =IF(Q33<>"",IF(P33>0,IF(P33>=$P$18,IF(Q33<=$Q$18,"CUMPLE","NO CUMPLE"),"NO CUMPLE"),""),"") -> CUMPLE | S33: =IF(P33>0,ROUND(((YEAR(Q33)-YEAR($P33))*12)+(MONTH(Q33)-MONTH($P33))+((DAY(Q33)-DAY($P33)+1)/30),0),"") -> 29 | T33: 9379529751 | U33: =IF(T33>0,T33*O33,"") -> 7.5036238e+09 | V33: =IFERROR(U33/VLOOKUP(YEAR(P33),$AQ$2:$AR$11,2,FALSE),"") -> 12181.207 | W33: =IF(R33="CUMPLE",IFERROR(U33/VLOOKUP(YEAR(Q33),$AQ$3:$AR$13,2,FALSE),""),"") -> 10171.412 | X33: =IFERROR(W33*$AR$13,"") -> 9.2409926e+09 | Y33: INCLUIDA | Z33: =IF(T33>0,IF(X33>=$Z$18,"CUMPLE","NO CUMPLE"),"") -> CUMPLE | AA33: =IF(N33>0,IF(N33="CUMPLE",IF(R33="CUMPLE",IF(Y33="INCLUIDA",IF(Z33="CUMPLE","CUMPLE","NO CUMPLE"),"NO CUMPLE"),"NO CUMPLE"),"NO CUMPLE"),"") -> CUMPLE | AC33: =IF(F33>0,SUMIFS(W33:W49,AA33:AA49,"CUMPLE"),"") -> 250950 | AD33: =IF($F33>0,IF(AC33<I33,"NO CUMPLE","CUMPLE"),"") -> CUMPLE | AE33: =IF(F33<>"",F33,"") -> SEGURIDAD ATEMPI LTDA | AF33: =IF(AE33<>"",(SUMIFS($X33:$X49,$M33:$M49,F33,AA33:AA49,"CUMPLE")),"") -> 9.1330398e+10 | AG33: =IF(AF33<>"",IF(G33>0,(IF(AF33>=($G33*$H33),"CUMPLE","NO CUMPLE")),""),"") -> CUMPLE | AI33: =IF(AC33>I33,IF((COUNTIF(AG33:AG43,"NO CUMPLE"))<1,"HABILITADO","RECHAZADO"),"") -> HABILITADO | AJ33: EL COMITÉ TÉCNICO EVALUADOR SEÑALA QUE PROCEDERÁ A DESCONTAR AQUELLOS GRUPOS A LOS CUALES EL PROPONENTE NO PUEDA ACREDITAR LA TOTALIDAD DE LA EXPERIENCIA REQUERIDA, ATENDIENDO LO ESTABLECIDO EN EL NUMERAL 4.5.1.1. REGLAS PARA LA VALORACIÓN DE LA EXPERIENCIA EN ESPECIAL LA NOTA 7 QUE SEÑALA; “NOTA 7: EN EL EVENTO EN QUE EL PROPONENTE PRESENTE OFERTA (YA SEA COMO INTEGRANTE DE UN PROPONENTE PLURAL O INDIVIDUAL) PARA LOS DIFERENTES GRUPOS, Y ÉSTE NO ACREDITE LA EXPERIENCIA SOLICITADA PARA LA TOTALIDAD DE LOS GRUPOS A LOS QUE OFERTÓ (INDEPENDIENTEMENTE DE SU FORMA DE PARTICIPACIÓN EN EL PROCESO), SE DESCONTARÁ EL GRUPO O LOS GRUPOS DE MENOR PRESUPUESTO, HASTA VERIFICAR QUE CUMPLA CON LA EXPERIENCIA SOLICITADA PARA EL GRUPO O GRUPOS A LOS QUE SU EXPERIENCIA LE PERMITAN. PARA LOS GRUPOS A LOS QUE SU EXPERIENCIA NO ALCANCE PROCEDERÁ A LA NO HABILITACIÓN DE SU PROPUESTA”. PARA EL CASO EN PARTICULAR SE PROCEDIÓ A DESCONTAR EL SIGUIENTE GRUPO No. 8
B34: 2 | C34: =IF(Proponentes!H16="X",Proponentes!$B$15,"") | D34: =C34 | E34: =IF(D34="","",$AO$4) | F34: =IF(Proponentes!D16>0,Proponentes!D16,"") -> AUTENTICA SEGURIDAD LTDA | G34: =IF(Proponentes!F16>0,Proponentes!F16,"") -> 0.015 | J34: 1 | K34: 2 | L34: UNIDAD ADMINISTRATIVA ESPECIAL DE AERONAUTICA CIVIL CTO 16000503-AH3-02 DEL 2016 | M34: SEGURIDAD ATEMPI LTDA | N34: Cumple | O34: 0.4 | P34: 42733 | Q34: 43462 | R34: =IF(Q34<>"",IF(P34>0,IF(P34>=$P$18,IF(Q34<=$Q$18,"CUMPLE","NO CUMPLE"),"NO CUMPLE"),""),"") -> CUMPLE | S34: =IF(P34>0,ROUND(((YEAR(Q34)-YEAR($P34))*12)+(MONTH(Q34)-MONTH($P34))+((DAY(Q34)-DAY($P34)+1)/30),0),"") -> 24 | T34: 14021028478 | U34: =IF(T34>0,T34*O34,"") -> 5.6084114e+09 | V34: =IFERROR(U34/VLOOKUP(YEAR(P34),$AQ$2:$AR$11,2,FALSE),"") -> 8134.5576 | W34: =IF(R34="CUMPLE",IFERROR(U34/VLOOKUP(YEAR(Q34),$AQ$3:$AR$13,2,FALSE),""),"") -> 7178.8401 | X34: =IFERROR(W34*$AR$13,"") -> 6.5221629e+09 | Y34: INCLUIDA | Z34: =IF(T34>0,IF(X34>=$Z$18,"CUMPLE","NO CUMPLE"),"") -> CUMPLE | AA34: =IF(N34>0,IF(N34="CUMPLE",IF(R34="CUMPLE",IF(Y34="INCLUIDA",IF(Z34="CUMPLE","CUMPLE","NO CUMPLE"),"NO CUMPLE"),"NO CUMPLE"),"NO CUMPLE"),"") -> CUMPLE | AE34: =IF(F34<>"",F34,"") -> AUTENTICA SEGURIDAD LTDA | AF34: =IF(AE34<>"",(SUMIFS($X33:$X49,$M33:$M49,F34,AA33:AA49,"CUMPLE")),"") -> 2.5661135e+09 | AG34: =IF(AF34<>"",IF(G34>0,(IF(AF34>=($G34*$H33),"CUMPLE","NO CUMPLE")),""),"") -> CUMPLE
B35: 3 | C35: =IF(Proponentes!H17="X",Proponentes!$B$15,"") -> UNION TEMPORAL S4 | D35: =C35 -> UNION TEMPORAL S4 | E35: =IF(D35="","",$AO$5) -> 22660325900 | F35: =IF(Proponentes!D17>0,Proponentes!D17,"") -> ISVI LTDA | G35: =IF(Proponentes!F17>0,Proponentes!F17,"") -> 0.47 | J35: 2 | K35: 3 | L35: UNIVERSIDAD DE LOS ANDES CTO UA-0036-16 | M35: SEGURIDAD ATEMPI LTDA | N35: Cumple | O35: 1 | P35: 42461 | Q35: 43465 | R35: =IF(Q35<>"",IF(P35>0,IF(P35>=$P$18,IF(Q35<=$Q$18,"CUMPLE","NO CUMPLE"),"NO CUMPLE"),""),"") -> CUMPLE | S35: =IF(P35>0,ROUND(((YEAR(Q35)-YEAR($P35))*12)+(MONTH(Q35)-MONTH($P35))+((DAY(Q35)-DAY($P35)+1)/30),0),"") -> 33 | T35: 11402913273 | U35: =IF(T35>0,T35*O35,"") -> 11402913273 | V35: =IFERROR(U35/VLOOKUP(YEAR(P35),$AQ$2:$AR$11,2,FALSE),"") -> 16539.025 | W35: =IF(R35="CUMPLE",IFERROR(U35/VLOOKUP(YEAR(Q35),$AQ$3:$AR$13,2,FALSE),""),"") -> 14595.878 | X35: =IFERROR(W35*$AR$13,"") -> 1.3260735e+10 | Y35: INCLUIDA | Z35: =IF(T35>0,IF(X35>=$Z$18,"CUMPLE","NO CUMPLE"),"") -> CUMPLE | AA35: =IF(N35>0,IF(N35="CUMPLE",IF(R35="CUMPLE",IF(Y35="INCLUIDA",IF(Z35="CUMPLE","CUMPLE","NO CUMPLE"),"NO CUMPLE"),"NO CUMPLE"),"NO CUMPLE"),"") -> CUMPLE | AE35: =IF(F35<>"",F35,"") -> ISVI LTDA | AF35: =IF(AE35<>"",(SUMIFS($X33:$X49,$M33:$M49,F35,AA33:AA49,"CUMPLE")),"") -> 1.1941464e+11 | AG35: =IF(AF35<>"",IF(G35>0,(IF(AF35>=($G35*$H33),"CUMPLE","NO CUMPLE")),""),"") -> CUMPLE
B36: 4 | C36: =IF(Proponentes!H18="X",Proponentes!$B$15,"") | D36: =C36 | E36: =IF(D36="","",$AO$6) | F36: =IF(Proponentes!D18>0,Proponentes!D18,"") -> COMPAÑIA DE SEGURIDAD NACIONAL COMSENAL LTDA | G36: =IF(Proponentes!F18>0,Proponentes!F18,"") -> 0.045 | J36: 2 | K36: 4 | L36: UNIVERSIDAD DE LOS ANDES CTO UA-0092-12 | M36: SEGURIDAD ATEMPI LTDA | N36: Cumple | O36: 1 | P36: 41183 | Q36: 42460 | R36: =IF(Q36<>"",IF(P36>0,IF(P36>=$P$18,IF(Q36<=$Q$18,"CUMPLE","NO CUMPLE"),"NO CUMPLE"),""),"") -> CUMPLE | S36: =IF(P36>0,ROUND(((YEAR(Q36)-YEAR($P36))*12)+(MONTH(Q36)-MONTH($P36))+((DAY(Q36)-DAY($P36)+1)/30),0),"") -> 42 | T36: 11072946367 | U36: =IF(T36>0,T36*O36,"") -> 11072946367 | V36: =IFERROR(U36/VLOOKUP(YEAR(P36),$AQ$2:$AR$11,2,FALSE),"") -> 19539.344 | W36: =IF(R36="CUMPLE",IFERROR(U36/VLOOKUP(YEAR(Q36),$AQ$3:$AR$13,2,FALSE),""),"") -> 16060.434 | X36: =IFERROR(W36*$AR$13,"") -> 1.4591322e+10 | Y36: INCLUIDA | Z36: =IF(T36>0,IF(X36>=$Z$18,"CUMPLE","NO CUMPLE"),"") -> CUMPLE | AA36: =IF(N36>0,IF(N36="CUMPLE",IF(R36="CUMPLE",IF(Y36="INCLUIDA",IF(Z36="CUMPLE","CUMPLE","NO CUMPLE"),"NO CUMPLE"),"NO CUMPLE"),"NO CUMPLE"),"") -> CUMPLE | AE36: =IF(F36<>"",F36,"") -> COMPAÑIA DE SEGURIDAD NACIONAL COMSENAL LTDA | AF36: =IF(AE36<>"",(SUMIFS($X33:$X49,$M33:$M49,F36,AA33:AA49,"CUMPLE")),"") -> 1.4683448e+10 | AG36: =IF(AF36<>"",IF(G36>0,(IF(AF36>=($G36*$H33),"CUMPLE","NO CUMPLE")),""),"") -> CUMPLE
B37: 5 | C37: =IF(Proponentes!H19="X",Proponentes!$B$15,"") | D37: =C37 | E37: =IF(D37="","",$AO$7) | F37: =IF(Proponentes!D19>0,Proponentes!D19,"") | G37: =IF(Proponentes!F19>0,Proponentes!F19,"") | J37: 2 | K37: 5 | L37: UNIVERSIDAD DEL ROSARIO CTO 20110547 | M37: SEGURIDAD ATEMPI LTDA | N37: Cumple | O37: 1 | P37: 41699 | Q37: 42428 | R37: =IF(Q37<>"",IF(P37>0,IF(P37>=$P$18,IF(Q37<=$Q$18,"CUMPLE","NO CUMPLE"),"NO CUMPLE"),""),"") -> CUMPLE | S37: =IF(P37>0,ROUND(((YEAR(Q37)-YEAR($P37))*12)+(MONTH(Q37)-MONTH($P37))+((DAY(Q37)-DAY($P37)+1)/30),0),"") -> 24 | T37: 8634629232 | U37: =IF(T37>0,T37*O37,"") -> 8634629232 | V37: =IFERROR(U37/VLOOKUP(YEAR(P37),$AQ$2:$AR$11,2,FALSE),"") -> 14017.255 | W37: =IF(R37="CUMPLE",IFERROR(U37/VLOOKUP(YEAR(Q37),$AQ$3:$AR$13,2,FALSE),""),"") -> 12523.847 | X37: =IFERROR(W37*$AR$13,"") -> 1.1378241e+10 | Y37: INCLUIDA | Z37: =IF(T37>0,IF(X37>=$Z$18,"CUMPLE","NO CUMPLE"),"") -> CUMPLE | AA37: =IF(N37>0,IF(N37="CUMPLE",IF(R37="CUMPLE",IF(Y37="INCLUIDA",IF(Z37="CUMPLE","CUMPLE","NO CUMPLE"),"NO CUMPLE"),"NO CUMPLE"),"NO CUMPLE"),"") -> CUMPLE | AE37: =IF(F37<>"",F37,"") | AF37: =IF(AE37<>"",(SUMIFS($X37:$X50,$M37:$M50,F37,AA37:AA50,"CUMPLE")),"") | AG37: =IF(AF37<>"",IF(G37>0,(IF(AF37>=($G37*$H33),"CUMPLE","NO CUMPLE")),""),"")
B38: 6 | C38: =IF(Proponentes!H20="X",Proponentes!$B$15,"") -> UNION TEMPORAL S4 | D38: =C38 -> UNION TEMPORAL S4 | E38: =IF(D38="","",$AO$8) -> 26104086008 | F38: =IF(Proponentes!D20>0,Proponentes!D20,"") | G38: =IF(Proponentes!F20>0,Proponentes!F20,"") | J38: 2 | K38: 6 | L38: UNIVERSIDAD DEL ROSARIO CTO 20110504 | M38: SEGURIDAD ATEMPI LTDA | N38: Cumple | O38: 1 | P38: 42614 | Q38: 43131 | R38: =IF(Q38<>"",IF(P38>0,IF(P38>=$P$18,IF(Q38<=$Q$18,"CUMPLE","NO CUMPLE"),"NO CUMPLE"),""),"") -> CUMPLE | S38: =IF(P38>0,ROUND(((YEAR(Q38)-YEAR($P38))*12)+(MONTH(Q38)-MONTH($P38))+((DAY(Q38)-DAY($P38)+1)/30),0),"") -> 17 | T38: 8850000000 | U38: =IF(T38>0,T38*O38,"") -> 8850000000 | V38: =IFERROR(U38/VLOOKUP(YEAR(P38),$AQ$2:$AR$11,2,FALSE),"") -> 12836.226 | W38: =IF(R38="CUMPLE",IFERROR(U38/VLOOKUP(YEAR(Q38),$AQ$3:$AR$13,2,FALSE),""),"") -> 11328.116 | X38: =IFERROR(W38*$AR$13,"") -> 1.0291888e+10 | Y38: INCLUIDA | Z38: =IF(T38>0,IF(X38>=$Z$18,"CUMPLE","NO CUMPLE"),"") -> CUMPLE | AA38: =IF(N38>0,IF(N38="CUMPLE",IF(R38="CUMPLE",IF(Y38="INCLUIDA",IF(Z38="CUMPLE","CUMPLE","NO CUMPLE"),"NO CUMPLE"),"NO CUMPLE"),"NO CUMPLE"),"") -> CUMPLE | AE38: =IF(F38<>"",F38,"") | AF38: =IF(AE38<>"",(SUMIFS($X38:$X50,$M38:$M50,F38,AA38:AA50,"CUMPLE")),"") | AG38: =IF(AF38<>"",IF(G38>0,(IF(AF38>=($G38*$H33),"CUMPLE","NO CUMPLE")),""),"")
B39: 7 | C39: =IF(Proponentes!H21="X",Proponentes!$B$15,"") -> UNION TEMPORAL S4 | D39: =C39 -> UNION TEMPORAL S4 | E39: =IF(D39="","",$AO$9) -> 34957158037 | F39: =IF(Proponentes!D21>0,Proponentes!D21,"") | G39: =IF(Proponentes!F21>0,Proponentes!F21,"") | J39: 2 | K39: 7 | L39: FUNDACION UNIVERSIDAD DE BOGOTA JORGE TADEO LOZANO | M39: SEGURIDAD ATEMPI LTDA | N39: Cumple | O39: 1 | P39: 42370 | Q39: 43465 | R39: =IF(Q39<>"",IF(P39>0,IF(P39>=$P$18,IF(Q39<=$Q$18,"CUMPLE","NO CUMPLE"),"NO CUMPLE"),""),"") -> CUMPLE | S39: =IF(P39>0,ROUND(((YEAR(Q39)-YEAR($P39))*12)+(MONTH(Q39)-MONTH($P39))+((DAY(Q39)-DAY($P39)+1)/30),0),"") -> 36 | T39: 8124642216 | U39: =IF(T39>0,T39*O39,"") -> 8124642216 | V39: =IFERROR(U39/VLOOKUP(YEAR(P39),$AQ$2:$AR$11,2,FALSE),"") -> 11784.152 | W39: =IF(R39="CUMPLE",IFERROR(U39/VLOOKUP(YEAR(Q39),$AQ$3:$AR$13,2,FALSE),""),"") -> 10399.649 | X39: =IFERROR(W39*$AR$13,"") -> 9.4483511e+09 | Y39: INCLUIDA | Z39: =IF(T39>0,IF(X39>=$Z$18,"CUMPLE","NO CUMPLE"),"") -> CUMPLE | AA39: =IF(N39>0,IF(N39="CUMPLE",IF(R39="CUMPLE",IF(Y39="INCLUIDA",IF(Z39="CUMPLE","CUMPLE","NO CUMPLE"),"NO CUMPLE"),"NO CUMPLE"),"NO CUMPLE"),"") -> CUMPLE | AE39: =IF(F39<>"",F39,"") | AF39: =IF(AE39<>"",(SUMIFS($X39:$X50,$M39:$M50,F39,AA39:AA50,"CUMPLE")),"") | AG39: =IF(AF39<>"",IF(G39>0,(IF(AF39>=($G39*$H33),"CUMPLE","NO CUMPLE")),""),"")
B40: 8 | C40: =IF(Proponentes!H22="X",Proponentes!$B$15,"") -> UNION TEMPORAL S4 | E40: =IF(D40="","",$AO$10) | J40: 1 | K40: 8 | L40: SECRETARIA DE EDUCACION DEL DISTRITO - 2576 DEL 2013 | M40: SEGURIDAD ATEMPI LTDA | N40: Cumple | O40: 1 | P40: 41438 | Q40: 41824 | R40: =IF(Q40<>"",IF(P40>0,IF(P40>=$P$18,IF(Q40<=$Q$18,"CUMPLE","NO CUMPLE"),"NO CUMPLE"),""),"") -> CUMPLE | T40: 7516280607 | U40: =IF(T40>0,T40*O40,"") -> 7516280607 | W40: =IF(R40="CUMPLE",IFERROR(U40/VLOOKUP(YEAR(Q40),$AQ$3:$AR$13,2,FALSE),""),"") -> 12201.754 | X40: =IFERROR(W40*$AR$13,"") -> 1.1085611e+10 | Y40: INCLUIDA | Z40: =IF(T40>0,IF(X40>=$Z$18,"CUMPLE","NO CUMPLE"),"") -> CUMPLE | AA40: =IF(N40>0,IF(N40="CUMPLE",IF(R40="CUMPLE",IF(Y40="INCLUIDA",IF(Z40="CUMPLE","CUMPLE","NO CUMPLE"),"NO CUMPLE"),"NO CUMPLE"),"NO CUMPLE"),"") -> CUMPLE | AG40: =IF(AF40<>"",IF(G40>0,(IF(AF40>=($G40*$H33),"CUMPLE","NO CUMPLE")),""),"")
B41: 9 | C41: =IF(Proponentes!H23="X",Proponentes!$B$15,"") -> UNION TEMPORAL S4 | D41: =C41 -> UNION TEMPORAL S4 | E41: =IF(D41="","",$AO$11) -> 24629524096 | J41: 6 | K41: 9 | L41: INSTITUTO NACIONAL DE MEDICINA LEGAL Y CIENCIAS FORENSES 352-SG-2014 | M41: SEGURIDAD ATEMPI LTDA | N41: Cumple | O41: 0.4 | P41: 41974 | Q41: 42704 | R41: =IF(Q41<>"",IF(P41>0,IF(P41>=$P$18,IF(Q41<=$Q$18,"CUMPLE","NO CUMPLE"),"NO CUMPLE"),""),"") -> CUMPLE | T41: 10455540671 | U41: =IF(T41>0,T41*O41,"") -> 4.1822163e+09 | W41: =IF(R41="CUMPLE",IFERROR(U41/VLOOKUP(YEAR(Q41),$AQ$3:$AR$13,2,FALSE),""),"") -> 6065.9742 | X41: =IFERROR(W41*$AR$13,"") -> 5.5110953e+09 | Y41: INCLUIDA | Z41: =IF(T41>0,IF(X41>=$Z$18,"CUMPLE","NO CUMPLE"),"") -> CUMPLE | AA41: =IF(N41>0,IF(N41="CUMPLE",IF(R41="CUMPLE",IF(Y41="INCLUIDA",IF(Z41="CUMPLE","CUMPLE","NO CUMPLE"),"NO CUMPLE"),"NO CUMPLE"),"NO CUMPLE"),"") -> CUMPLE | AG41: =IF(AF41<>"",IF(G41>0,(IF(AF41>=($G41*$H33),"CUMPLE","NO CUMPLE")),""),"")
B42: 10 | C42: =IF(Proponentes!H24="X",Proponentes!$B$15,"") -> UNION TEMPORAL S4 | D42: =C42 -> UNION TEMPORAL S4 | E42: =IF(D42="","",$AO$12) -> 25460574021 | J42: 1 | K42: 10 | L42: UNIDAD ADMINISTRATIVA ESPECIAL DE AERONAUTICA CIVIL | M42: AUTENTICA SEGURIDAD LTDA | N42: Cumple | O42: 0.2 | P42: 42733 | Q42: 43143 | R42: =IF(Q42<>"",IF(P42>0,IF(P42>=$P$18,IF(Q42<=$Q$18,"CUMPLE","NO CUMPLE"),"NO CUMPLE"),""),"") -> CUMPLE | T42: 11033011928 | U42: =IF(T42>0,T42*O42,"") -> 2.2066024e+09 | W42: =IF(R42="CUMPLE",IFERROR(U42/VLOOKUP(YEAR(Q42),$AQ$3:$AR$13,2,FALSE),""),"") -> 2824.48 | X42: =IFERROR(W42*$AR$13,"") -> 2.5661135e+09 | Y42: INCLUIDA | Z42: =IF(T42>0,IF(X42>=$Z$18,"CUMPLE","NO CUMPLE"),"") -> CUMPLE | AA42: =IF(N42>0,IF(N42="CUMPLE",IF(R42="CUMPLE",IF(Y42="INCLUIDA",IF(Z42="CUMPLE","CUMPLE","NO CUMPLE"),"NO CUMPLE"),"NO CUMPLE"),"NO CUMPLE"),"") -> CUMPLE | AG42: =IF(AF42<>"",IF(G42>0,(IF(AF42>=($G42*$H33),"CUMPLE","NO CUMPLE")),""),"")
B43: 11 | C43: =IF(Proponentes!H25="X",Proponentes!$B$15,"") | D43: =C43 | E43: =IF(D43="","",$AO$13) | F43: =IF(Proponentes!D25>0,Proponentes!D25,"") | G43: =IF(Proponentes!F25>0,Proponentes!F25,"") | J43: 2 | K43: 11 | L43: CORPORACION AUTONOMA REGIONAL DE CUNDINAMARCA 1153 DEL 2016 | M43: COMPAÑIA DE SEGURIDAD NACIONAL COMSENAL LTDA | N43: Cumple | O43: 0.6 | P43: 42583 | Q43: 43291 | R43: =IF(Q43<>"",IF(P43>0,IF(P43>=$P$18,IF(Q43<=$Q$18,"CUMPLE","NO CUMPLE"),"NO CUMPLE"),""),"") -> CUMPLE | S43: =IF(P43>0,ROUND(((YEAR(Q43)-YEAR($P43))*12)+(MONTH(Q43)-MONTH($P43))+((DAY(Q43)-DAY($P43)+1)/30),0),"") -> 23 | T43: 21043841883 | U43: =IF(T43>0,T43*O43,"") -> 1.2626305e+10 | V43: =IFERROR(U43/VLOOKUP(YEAR(P43),$AQ$2:$AR$11,2,FALSE),"") -> 18313.458 | W43: =IF(R43="CUMPLE",IFERROR(U43/VLOOKUP(YEAR(Q43),$AQ$3:$AR$13,2,FALSE),""),"") -> 16161.836 | X43: =IFERROR(W43*$AR$13,"") -> 1.4683448e+10 | Y43: INCLUIDA | Z43: =IF(T43>0,IF(X43>=$Z$18,"CUMPLE","NO CUMPLE"),"") -> CUMPLE | AA43: =IF(N43>0,IF(N43="CUMPLE",IF(R43="CUMPLE",IF(Y43="INCLUIDA",IF(Z43="CUMPLE","CUMPLE","NO CUMPLE"),"NO CUMPLE"),"NO CUMPLE"),"NO CUMPLE"),"") -> CUMPLE | AE43: =IF(F43<>"",F43,"") | AF43: =IF(AE43<>"",(SUMIFS($X43:$X50,$M43:$M50,F43,AA43:AA50,"CUMPLE")),"") | AG43: =IF(AF43<>"",IF(G43>0,(IF(AF43>=($G43*$H33),"CUMPLE","NO CUMPLE")),""),"")
B44: 12 | C44: =IF(Proponentes!H26="X",Proponentes!$B$15,"") | D44: =C44 | E44: =IF(D44="","",$AO$13) | F44: =IF(Proponentes!D25>0,Proponentes!D25,"") | G44: =IF(Proponentes!F25>0,Proponentes!F25,"") | J44: 1 | K44: 12 | L44: CEPSA COLOMBIA 8010007689 | M44: ISVI LTDA | N44: Cumple | O44: 1 | P44: 41640 | Q44: 42916 | R44: =IF(Q44<>"",IF(P44>0,IF(P44>=$P$18,IF(Q44<=$Q$18,"CUMPLE","NO CUMPLE"),"NO CUMPLE"),""),"") -> CUMPLE | S44: =IF(P44>0,ROUND(((YEAR(Q44)-YEAR($P44))*12)+(MONTH(Q44)-MONTH($P44))+((DAY(Q44)-DAY($P44)+1)/30),0),"") -> 42 | T44: 32795166399 | U44: =IF(T44>0,T44*O44,"") -> 32795166399 | V44: =IFERROR(U44/VLOOKUP(YEAR(P44),$AQ$2:$AR$11,2,FALSE),"") -> 53238.906 | W44: =IF(R44="CUMPLE",IFERROR(U44/VLOOKUP(YEAR(Q44),$AQ$3:$AR$13,2,FALSE),""),"") -> 44454.942 | X44: =IFERROR(W44*$AR$13,"") -> 4.0388471e+10 | Y44: INCLUIDA | Z44: =IF(T44>0,IF(X44>=$Z$18,"CUMPLE","NO CUMPLE"),"") -> CUMPLE | AA44: =IF(N44>0,IF(N44="CUMPLE",IF(R44="CUMPLE",IF(Y44="INCLUIDA",IF(Z44="CUMPLE","CUMPLE","NO CUMPLE"),"NO CUMPLE"),"NO CUMPLE"),"NO CUMPLE"),"") -> CUMPLE | AE44: =IF(F44<>"",F44,"") | AF44: =IF(AE44<>"",(SUMIFS($X44:$X49,$M44:$M49,F44,AA44:AA49,"CUMPLE")),"") | AG44: =IF(AF44<>"",IF(G44>0,(IF(AF44>=($G44*$H32),"CUMPLE","NO CUMPLE")),""),"")
F45: =IF(Proponentes!D25>0,Proponentes!D25,"") | G45: =IF(Proponentes!F25>0,Proponentes!F25,"") | J45: 1 | K45: 13 | L45: REPSOL CO-A1555-2016 | M45: ISVI LTDA | N45: Cumple | O45: 1 | P45: 42642 | Q45: 43737 | R45: =IF(Q45<>"",IF(P45>0,IF(P45>=$P$18,IF(Q45<=$Q$18,"CUMPLE","NO CUMPLE"),"NO CUMPLE"),""),"") -> CUMPLE | S45: =IF(P45>0,ROUND(((YEAR(Q45)-YEAR($P45))*12)+(MONTH(Q45)-MONTH($P45))+((DAY(Q45)-DAY($P45)+1)/30),0),"") -> 36 | T45: 2570095923 | U45: =IF(T45>0,T45*O45,"") -> 2570095923 | V45: =IFERROR(U45/VLOOKUP(YEAR(P45),$AQ$2:$AR$11,2,FALSE),"") -> 3727.7211 | W45: =IF(R45="CUMPLE",IFERROR(U45/VLOOKUP(YEAR(Q45),$AQ$3:$AR$13,2,FALSE),""),"") -> 3103.5458 | X45: =IFERROR(W45*$AR$13,"") -> 2.819652e+09 | Y45: INCLUIDA | Z45: =IF(T45>0,IF(X45>=$Z$18,"CUMPLE","NO CUMPLE"),"") -> CUMPLE | AA45: =IF(N45>0,IF(N45="CUMPLE",IF(R45="CUMPLE",IF(Y45="INCLUIDA",IF(Z45="CUMPLE","CUMPLE","NO CUMPLE"),"NO CUMPLE"),"NO CUMPLE"),"NO CUMPLE"),"") -> CUMPLE | AE45: =IF(F45<>"",F45,"") | AF45: =IF(AE45<>"",(SUMIFS($X45:$X49,$M45:$M49,F45,AA45:AA49,"CUMPLE")),"") | AG45: =IF(AF45<>"",IF(G45>0,(IF(AF45>=($G45*$H32),"CUMPLE","NO CUMPLE")),""),"")
F46: =IF(Proponentes!D23>0,Proponentes!D23,"") | G46: =IF(Proponentes!F23>0,Proponentes!F23,"") | J46: 2 | K46: 14 | L46: ECOPETROL MA-0023755 | M46: ISVI LTDA | N46: Cumple | O46: 1 | P46: 41426 | R46: =IF(Q46<>"",IF(P46>0,IF(P46>=$P$18,IF(Q46<=$Q$18,"CUMPLE","NO CUMPLE"),"NO CUMPLE"),""),"") | S46: =IF(P46>0,ROUND(((YEAR(Q46)-YEAR($P46))*12)+(MONTH(Q46)-MONTH($P46))+((DAY(Q46)-DAY($P46)+1)/30),0),"") -> -1361 | T46: 18665714341 | U46: =IF(T46>0,T46*O46,"") -> 18665714341 | V46: =IFERROR(U46/VLOOKUP(YEAR(P46),$AQ$2:$AR$11,2,FALSE),"") -> 31663.638 | W46: =IF(R46="CUMPLE",IFERROR(U46/VLOOKUP(YEAR(Q46),$AQ$3:$AR$13,2,FALSE),""),"") | X46: =IFERROR(W46*$AR$13,"") | Y46: INCLUIDA | Z46: =IF(T46>0,IF(X46>=$Z$18,"CUMPLE","NO CUMPLE"),"") -> CUMPLE | AA46: =IF(N46>0,IF(N46="CUMPLE",IF(R46="CUMPLE",IF(Y46="INCLUIDA",IF(Z46="CUMPLE","CUMPLE","NO CUMPLE"),"NO CUMPLE"),"NO CUMPLE"),"NO CUMPLE"),"") -> NO CUMPLE | AE46: =IF(F46<>"",F46,"") | AF46: =IF(AE46<>"",(SUMIFS($X46:$X47,$M46:$M47,F46,AA46:AA47,"CUMPLE")),"") | AG46: =IF(AF46<>"",IF(G46>0,(IF(AF46>=($G46*$H30),"CUMPLE","NO CUMPLE")),""),"")
F47: =IF(Proponentes!D24>0,Proponentes!D24,"") | G47: =IF(Proponentes!F24>0,Proponentes!F24,"") | J47: 1 | K47: 15 | L47: DATABANK DB-CC-010-2015 | M47: ISVI LTDA | N47: Cumple | O47: 1 | P47: 42204 | Q47: 43023 | R47: =IF(Q47<>"",IF(P47>0,IF(P47>=$P$18,IF(Q47<=$Q$18,"CUMPLE","NO CUMPLE"),"NO CUMPLE"),""),"") -> CUMPLE | S47: =IF(P47>0,ROUND(((YEAR(Q47)-YEAR($P47))*12)+(MONTH(Q47)-MONTH($P47))+((DAY(Q47)-DAY($P47)+1)/30),0),"") -> 27 | T47: 2391421096 | U47: =IF(T47>0,T47*O47,"") -> 2391421096 | V47: =IFERROR(U47/VLOOKUP(YEAR(P47),$AQ$2:$AR$11,2,FALSE),"") -> 3711.3697 | W47: =IF(R47="CUMPLE",IFERROR(U47/VLOOKUP(YEAR(Q47),$AQ$3:$AR$13,2,FALSE),""),"") -> 3241.6511 | X47: =IFERROR(W47*$AR$13,"") -> 2.9451243e+09 | Y47: INCLUIDA | Z47: =IF(T47>0,IF(X47>=$Z$18,"CUMPLE","NO CUMPLE"),"") -> CUMPLE | AA47: =IF(N47>0,IF(N47="CUMPLE",IF(R47="CUMPLE",IF(Y47="INCLUIDA",IF(Z47="CUMPLE","CUMPLE","NO CUMPLE"),"NO CUMPLE"),"NO CUMPLE"),"NO CUMPLE"),"") -> CUMPLE | AE47: =IF(F47<>"",F47,"") | AF47: =IF(AE47<>"",(SUMIFS($X47:$X48,$M47:$M48,F47,AA47:AA48,"CUMPLE")),"") | AG47: =IF(AF47<>"",IF(G47>0,(IF(AF47>=($G47*$H31),"CUMPLE","NO CUMPLE")),""),"")
F48: =IF(Proponentes!D25>0,Proponentes!D25,"") | G48: =IF(Proponentes!F25>0,Proponentes!F25,"") | J48: 1 | K48: 16 | L48: PACIFIC E&P COLOMBIA | M48: ISVI LTDA | N48: Cumple | O48: 1 | P48: 41248 | Q48: 42338 | R48: =IF(Q48<>"",IF(P48>0,IF(P48>=$P$18,IF(Q48<=$Q$18,"CUMPLE","NO CUMPLE"),"NO CUMPLE"),""),"") -> CUMPLE | S48: =IF(P48>0,ROUND(((YEAR(Q48)-YEAR($P48))*12)+(MONTH(Q48)-MONTH($P48))+((DAY(Q48)-DAY($P48)+1)/30),0),"") -> 36 | T48: 39919863632 | U48: =IF(T48>0,T48*O48,"") -> 39919863632 | V48: =IFERROR(U48/VLOOKUP(YEAR(P48),$AQ$2:$AR$11,2,FALSE),"") -> 70442.674 | W48: =IF(R48="CUMPLE",IFERROR(U48/VLOOKUP(YEAR(Q48),$AQ$3:$AR$13,2,FALSE),""),"") -> 61953.695 | X48: =IFERROR(W48*$AR$13,"") -> 5.6286543e+10 | Y48: INCLUIDA | Z48: =IF(T48>0,IF(X48>=$Z$18,"CUMPLE","NO CUMPLE"),"") -> CUMPLE | AA48: =IF(N48>0,IF(N48="CUMPLE",IF(R48="CUMPLE",IF(Y48="INCLUIDA",IF(Z48="CUMPLE","CUMPLE","NO CUMPLE"),"NO CUMPLE"),"NO CUMPLE"),"NO CUMPLE"),"") -> CUMPLE | AE48: =IF(F48<>"",F48,"") | AF48: =IF(AE48<>"",(SUMIFS($X48:$X49,$M48:$M49,F48,AA48:AA49,"CUMPLE")),"") | AG48: =IF(AF48<>"",IF(G48>0,(IF(AF48>=($G48*$H32),"CUMPLE","NO CUMPLE")),""),"")
J49: 1 | K49: 17 | L49: FRONTERA ENERGY COLOMBIA,CORP | M49: ISVI LTDA | N49: Cumple | O49: 1 | P49: 43160 | Q49: 43453 | R49: =IF(Q49<>"",IF(P49>0,IF(P49>=$P$18,IF(Q49<=$Q$18,"CUMPLE","NO CUMPLE"),"NO CUMPLE"),""),"") -> CUMPLE | S49: =IF(P49>0,ROUND(((YEAR(Q49)-YEAR($P49))*12)+(MONTH(Q49)-MONTH($P49))+((DAY(Q49)-DAY($P49)+1)/30),0),"") -> 10 | T49: 14596683108 | U49: =IF(T49>0,T49*O49,"") -> 14596683108 | V49: =IFERROR(U49/VLOOKUP(YEAR(P49),$AQ$2:$AR$11,2,FALSE),"") -> 18683.946 | W49: =IF(R49="CUMPLE",IFERROR(U49/VLOOKUP(YEAR(Q49),$AQ$3:$AR$13,2,FALSE),""),"") -> 18683.946 | X49: =IFERROR(W49*$AR$13,"") -> 1.697485e+10 | Y49: INCLUIDA | Z49: =IF(T49>0,IF(X49>=$Z$18,"CUMPLE","NO CUMPLE"),"") -> CUMPLE | AA49: =IF(N49>0,IF(N49="CUMPLE",IF(R49="CUMPLE",IF(Y49="INCLUIDA",IF(Z49="CUMPLE","CUMPLE","NO CUMPLE"),"NO CUMPLE"),"NO CUMPLE"),"NO CUMPLE"),"") -> CUMPLE | AE49: =IF(F49<>"",F49,"") | AF49: =IF(AE49<>"",(SUMIFS($X49:$X50,$M49:$M50,F49,AA49:AA50,"CUMPLE")),"") | AG49: =IF(AF49<>"",IF(G49>0,(IF(AF49>=($G49*$H33),"CUMPLE","NO CUMPLE")),""),"")
A50: 2 | D50: TOTAL | E50: =SUM(E33:E49) -> 153848065863 | G50: =IF((SUM(G33:G49))>1,"ERROR > 100%",SUM(G33:G49)) -> 1 | H50: =SUM(H33:H49) -> 153848065863 | I50: =SUM(I33:I49) -> 169338.1 | R50: =COUNTIF(R33:R49,"NO CUMPLE") -> 0 | S50: =SUM(S33:S49) -> -982 | U50: =SUM(U33:U49) -> 1.9866752e+11 | V50: =SUM(V33:V49) -> 294813.48 | W50: =SUM(W33:W49) -> 250950 | X50: =SUM(X33:X49) -> 2.279946e+11 | AD50: =COUNTIF(AD33:AD49,"NO CUMPLE") -> 0
A51: =A69 -> 3 | B51: 1 | C51: =IF(Proponentes!H28="X",Proponentes!$B$28,"") | D51: =C51 | E51: =IF(D51="","",$AO$3) | F51: =IF(Proponentes!D28>0,Proponentes!D28,"") -> SEGURIDAD NUEVA ERA LTDA | G51: =IF(Proponentes!F28>0,Proponentes!F28,"") -> 1 | H51: =SUM(E51:E68) -> 62046457915 | I51: =IF($F51>0,(G69*H51)/$AR$13,"") -> 68293.541 | J51: 2 | K51: 1 | L51: SECRETARIA DISTRIITAL DE INTEGRACIÓN SOCIAL. CTO 5688 DEL 2017 | M51: SEGURIDAD NUEVA ERA LTDA | N51: Cumple | O51: 0.34 | P51: 42827 | Q51: 43982 | R51: =IF(Q51<>"",IF(P51>0,IF(P51>=$P$18,IF(Q51<=$Q$18,"CUMPLE","NO CUMPLE"),"NO CUMPLE"),""),"") -> CUMPLE | S51: =IF(P51>0,ROUND(((YEAR(Q51)-YEAR($P51))*12)+(MONTH(Q51)-MONTH($P51))+((DAY(Q51)-DAY($P51)+1)/30),0),"") -> 38 | T51: 41294825513 | U51: =IF(T51>0,T51*O51,"") -> 1.4040241e+10 | V51: =IFERROR(U51/VLOOKUP(YEAR(P51),$AQ$2:$AR$11,2,FALSE),"") -> 19032.015 | W51: =IF(R51="CUMPLE",IFERROR(U51/VLOOKUP(YEAR(Q51),$AQ$3:$AR$13,2,FALSE),""),"") -> 15994.751 | X51: =IFERROR(W51*$AR$13,"") -> 1.4531647e+10 | Y51: INCLUIDA | Z51: =IF(T51>0,IF(X51>=$Z$18,"CUMPLE","NO CUMPLE"),"") -> CUMPLE | AA51: =IF(N51>0,IF(N51="CUMPLE",IF(R51="CUMPLE",IF(Y51="INCLUIDA",IF(Z51="CUMPLE","CUMPLE","NO CUMPLE"),"NO CUMPLE"),"NO CUMPLE"),"NO CUMPLE"),"") -> CUMPLE | AC51: =IF(F51>0,SUMIFS(W51:W68,AA51:AA68,"CUMPLE"),"") -> 76959.337 | AD51: =IF($F51>0,IF(AC51<I51,"NO CUMPLE","CUMPLE"),"") -> CUMPLE | AE51: =IF(F51<>"",F51,"") -> SEGURIDAD NUEVA ERA LTDA | AF51: =IF(AE51<>"",(SUMIFS($X51:$X68,$M51:$M68,F51,AA51:AA68,"CUMPLE")),"") -> 6.9919558e+10 | AG51: =IF(AF51<>"",IF(G51>0,(IF(AF51>=($G51*$H51),"CUMPLE","NO CUMPLE")),""),"") -> CUMPLE | AI51: =IF(AC51>I51,IF((COUNTIF(AG51:AG55,"NO CUMPLE"))<1,"HABILITADO","RECHAZADO"),"HABILITADO") -> HABILITADO | AJ51: EL COMITÉ TÉCNICO EVALUADOR SEÑALA QUE PROCEDERÁ A DESCONTAR AQUELLOS GRUPOS A LOS CUALES EL PROPONENTE NO PUEDA ACREDITAR LA TOTALIDAD DE LA EXPERIENCIA REQUERIDA, ATENDIENDO LO ESTABLECIDO EN EL NUMERAL 4.5.1.1. REGLAS PARA LA VALORACIÓN DE LA EXPERIENCIA EN ESPECIAL LA NOTA 7 QUE SEÑALA; “NOTA 7: EN EL EVENTO EN QUE EL PROPONENTE PRESENTE OFERTA (YA SEA COMO INTEGRANTE DE UN PROPONENTE PLURAL O INDIVIDUAL) PARA LOS DIFERENTES GRUPOS, Y ÉSTE NO ACREDITE LA EXPERIENCIA SOLICITADA PARA LA TOTALIDAD DE LOS GRUPOS A LOS QUE OFERTÓ (INDEPENDIENTEMENTE DE SU FORMA DE PARTICIPACIÓN EN EL PROCESO), SE DESCONTARÁ EL GRUPO O LOS GRUPOS DE MENOR PRESUPUESTO, HASTA VERIFICAR QUE CUMPLA CON LA EXPERIENCIA SOLICITADA PARA EL GRUPO O GRUPOS A LOS QUE SU EXPERIENCIA LE PERMITAN. PARA LOS GRUPOS A LOS QUE SU EXPERIENCIA NO ALCANCE PROCEDERÁ A LA NO HABILITACIÓN DE SU PROPUESTA”. PARA EL CASO EN PARTICULAR SE PROCEDIÓ A DESCONTAR EL SIGUIENTE GRUPO No. 12
B52: 2 | C52: =IF(Proponentes!H29="X",Proponentes!$B$28,"") -> SEGURIDAD NUEVA ERA LTDA | D52: =C52 -> SEGURIDAD NUEVA ERA LTDA | E52: =IF(D52="","",$AO$4) -> 17613055238 | J52: 3 | K52: 2 | L52: Servicio Nacional de Aprendizaje - Regional Atlantico CTO 1006 - 2014 | M52: SEGURIDAD NUEVA ERA LTDA | N52: Cumple | O52: 0.35 | P52: 42003 | Q52: 42947 | R52: =IF(Q52<>"",IF(P52>0,IF(P52>=$P$18,IF(Q52<=$Q$18,"CUMPLE","NO CUMPLE"),"NO CUMPLE"),""),"") -> CUMPLE | S52: =IF(P52>0,ROUND(((YEAR(Q52)-YEAR($P52))*12)+(MONTH(Q52)-MONTH($P52))+((DAY(Q52)-DAY($P52)+1)/30),0),"") -> 31 | T52: 34700532369 | U52: =IF(T52>0,T52*O52,"") -> 1.2145186e+10 | V52: =IFERROR(U52/VLOOKUP(YEAR(P52),$AQ$2:$AR$11,2,FALSE),"") -> 19716.212 | W52: =IF(R52="CUMPLE",IFERROR(U52/VLOOKUP(YEAR(Q52),$AQ$3:$AR$13,2,FALSE),""),"") -> 16463.205 | X52: =IFERROR(W52*$AR$13,"") -> 1.495725e+10 | Y52: INCLUIDA | Z52: =IF(T52>0,IF(X52>=$Z$18,"CUMPLE","NO CUMPLE"),"") -> CUMPLE | AA52: =IF(N52>0,IF(N52="CUMPLE",IF(R52="CUMPLE",IF(Y52="INCLUIDA",IF(Z52="CUMPLE","CUMPLE","NO CUMPLE"),"NO CUMPLE"),"NO CUMPLE"),"NO CUMPLE"),"") -> CUMPLE | AE52: =IF(F52<>"",F52,"") | AG52: =IF(AF52<>"",IF(G52>0,(IF(AF52>=($G52*$H51),"CUMPLE","NO CUMPLE")),""),"")
B53: 3 | C53: =IF(Proponentes!H30="X",Proponentes!$B$28,"") | D53: =C53 | E53: =IF(D53="","",$AO$5) | F53: =IF(Proponentes!D30>0,Proponentes!D30,"") | G53: =IF(Proponentes!F30>0,Proponentes!F30,"") | J53: 3 | K53: 3 | L53: Emgesa CTO 5800006670 | M53: SEGURIDAD NUEVA ERA LTDA | N53: Cumple | O53: 0.5 | P53: 40603 | Q53: 41729 | R53: =IF(Q53<>"",IF(P53>0,IF(P53>=$P$18,IF(Q53<=$Q$18,"CUMPLE","NO CUMPLE"),"NO CUMPLE"),""),"") -> NO CUMPLE | S53: =IF(P53>0,ROUND(((YEAR(Q53)-YEAR($P53))*12)+(MONTH(Q53)-MONTH($P53))+((DAY(Q53)-DAY($P53)+1)/30),0),"") -> 37 | T53: 11093323015 | U53: =IF(T53>0,T53*O53,"") -> 5.5466615e+09 | V53: =IFERROR(U53/VLOOKUP(YEAR(P53),$AQ$2:$AR$11,2,FALSE),"") -> 10355.977 | W53: =IF(R53="CUMPLE",IFERROR(U53/VLOOKUP(YEAR(Q53),$AQ$3:$AR$13,2,FALSE),""),"") | X53: =IFERROR(W53*$AR$13,"") | Y53: INCLUIDA | Z53: =IF(T53>0,IF(X53>=$Z$18,"CUMPLE","NO CUMPLE"),"") -> CUMPLE | AA53: =IF(N53>0,IF(N53="CUMPLE",IF(R53="CUMPLE",IF(Y53="INCLUIDA",IF(Z53="CUMPLE","CUMPLE","NO CUMPLE"),"NO CUMPLE"),"NO CUMPLE"),"NO CUMPLE"),"") -> NO CUMPLE | AE53: =IF(F53<>"",F53,"") | AF53: =IF(AE53<>"",(SUMIFS($X51:$X61,$M51:$M61,F53,AA51:AA61,"CUMPLE")),"") | AG53: =IF(AF53<>"",IF(G53>0,(IF(AF53>=($G53*$H51),"CUMPLE","NO CUMPLE")),""),"")
B54: 4 | C54: =IF(Proponentes!H31="X",Proponentes!$B$28,"") | D54: =C54 | E54: =IF(D54="","",$AO$6) | F54: =IF(Proponentes!D31>0,Proponentes!D31,"") | G54: =IF(Proponentes!F31>0,Proponentes!F31,"") | J54: 2 | K54: 4 | L54: Codensa S.A CTO 5800006686 | M54: SEGURIDAD NUEVA ERA LTDA | N54: Cumple | O54: 0.5 | P54: 40575 | Q54: 41729 | R54: =IF(Q54<>"",IF(P54>0,IF(P54>=$P$18,IF(Q54<=$Q$18,"CUMPLE","NO CUMPLE"),"NO CUMPLE"),""),"") -> NO CUMPLE | S54: =IF(P54>0,ROUND(((YEAR(Q54)-YEAR($P54))*12)+(MONTH(Q54)-MONTH($P54))+((DAY(Q54)-DAY($P54)+1)/30),0),"") -> 38 | T54: 10373070400 | U54: =IF(T54>0,T54*O54,"") -> 5186535200 | V54: =IFERROR(U54/VLOOKUP(YEAR(P54),$AQ$2:$AR$11,2,FALSE),"") -> 9683.5982 | W54: =IF(R54="CUMPLE",IFERROR(U54/VLOOKUP(YEAR(Q54),$AQ$3:$AR$13,2,FALSE),""),"") | X54: =IFERROR(W54*$AR$13,"") | Y54: INCLUIDA | Z54: =IF(T54>0,IF(X54>=$Z$18,"CUMPLE","NO CUMPLE"),"") -> CUMPLE | AA54: =IF(N54>0,IF(N54="CUMPLE",IF(R54="CUMPLE",IF(Y54="INCLUIDA",IF(Z54="CUMPLE","CUMPLE","NO CUMPLE"),"NO CUMPLE"),"NO CUMPLE"),"NO CUMPLE"),"") -> NO CUMPLE | AE54: =IF(F54<>"",F54,"") | AF54: =IF(AE54<>"",(SUMIFS($X51:$X61,$M51:$M61,F54,AA51:AA61,"CUMPLE")),"") | AG54: =IF(AF54<>"",IF(G54>0,(IF(AF54>=($G54*$H51),"CUMPLE","NO CUMPLE")),""),"")
B55: 5 | C55: =IF(Proponentes!H32="X",Proponentes!$B$28,"") | D55: =C55 | E55: =IF(D55="","",$AO$7) | F55: =IF(Proponentes!D32>0,Proponentes!D32,"") | G55: =IF(Proponentes!F32>0,Proponentes!F32,"") | J55: 6 | K55: 5 | L55: AGENCIA PARA REINCORPORACIÓN Y LA NORMALIZACIÓN CONTRATO ARN No. 1786 DE 2018 | M55: SEGURIDAD NUEVA ERA LTDA | N55: Cumple | O55: 0.45 | P55: 43435 | Q55: 44165 | R55: =IF(Q55<>"",IF(P55>0,IF(P55>=$P$18,IF(Q55<=$Q$18,"CUMPLE","NO CUMPLE"),"NO CUMPLE"),""),"") -> CUMPLE | S55: =IF(P55>0,ROUND(((YEAR(Q55)-YEAR($P55))*12)+(MONTH(Q55)-MONTH($P55))+((DAY(Q55)-DAY($P55)+1)/30),0),"") -> 24 | T55: 13514202375 | U55: =IF(T55>0,T55*O55,"") -> 6.0813911e+09 | V55: =IFERROR(U55/VLOOKUP(YEAR(P55),$AQ$2:$AR$11,2,FALSE),"") -> 7784.2603 | W55: =IF(R55="CUMPLE",IFERROR(U55/VLOOKUP(YEAR(Q55),$AQ$3:$AR$13,2,FALSE),""),"") -> 6927.968 | X55: =IFERROR(W55*$AR$13,"") -> 6.294239e+09 | Y55: INCLUIDA | Z55: =IF(T55>0,IF(X55>=$Z$18,"CUMPLE","NO CUMPLE"),"") -> CUMPLE | AA55: =IF(N55>0,IF(N55="CUMPLE",IF(R55="CUMPLE",IF(Y55="INCLUIDA",IF(Z55="CUMPLE","CUMPLE","NO CUMPLE"),"NO CUMPLE"),"NO CUMPLE"),"NO CUMPLE"),"") -> CUMPLE | AE55: =IF(F55<>"",F55,"") | AF55: =IF(AE55<>"",(SUMIFS($X55:$X69,$M55:$M69,F55,AA55:AA69,"CUMPLE")),"") | AG55: =IF(AF55<>"",IF(G55>0,(IF(AF55>=($G55*$H51),"CUMPLE","NO CUMPLE")),""),"")
B56: 6 | C56: =IF(Proponentes!H33="X",Proponentes!$B$28,"") | D56: =C56 | E56: =IF(D56="","",$AO$8) | F56: =IF(Proponentes!D33>0,Proponentes!D33,"") | G56: =IF(Proponentes!F33>0,Proponentes!F33,"") | J56: 2 | K56: 6 | L56: FISCALIA GENERAL DE LA NACION -NORTE DE SANTANDER CTO 075-2016 | M56: SEGURIDAD NUEVA ERA LTDA | N56: Cumple | O56: 0.5 | P56: 42705 | Q56: 43434 | R56: =IF(Q56<>"",IF(P56>0,IF(P56>=$P$18,IF(Q56<=$Q$18,"CUMPLE","NO CUMPLE"),"NO CUMPLE"),""),"") -> CUMPLE | S56: =IF(P56>0,ROUND(((YEAR(Q56)-YEAR($P56))*12)+(MONTH(Q56)-MONTH($P56))+((DAY(Q56)-DAY($P56)+1)/30),0),"") -> 24 | T56: 7689072780 | U56: =IF(T56>0,T56*O56,"") -> 3844536390 | V56: =IFERROR(U56/VLOOKUP(YEAR(P56),$AQ$2:$AR$11,2,FALSE),"") -> 5576.1963 | W56: =IF(R56="CUMPLE",IFERROR(U56/VLOOKUP(YEAR(Q56),$AQ$3:$AR$13,2,FALSE),""),"") -> 4921.057 | X56: =IFERROR(W56*$AR$13,"") -> 4.4709082e+09 | Y56: INCLUIDA | Z56: =IF(T56>0,IF(X56>=$Z$18,"CUMPLE","NO CUMPLE"),"") -> CUMPLE | AA56: =IF(N56>0,IF(N56="CUMPLE",IF(R56="CUMPLE",IF(Y56="INCLUIDA",IF(Z56="CUMPLE","CUMPLE","NO CUMPLE"),"NO CUMPLE"),"NO CUMPLE"),"NO CUMPLE"),"") -> CUMPLE | AE56: =IF(F56<>"",F56,"") | AF56: =IF(AE56<>"",(SUMIFS($X56:$X69,$M56:$M69,F56,AA56:AA69,"CUMPLE")),"") | AG56: =IF(AF56<>"",IF(G56>0,(IF(AF56>=($G56*$H51),"CUMPLE","NO CUMPLE")),""),"")
B57: 7 | C57: =IF(Proponentes!H34="X",Proponentes!$B$28,"") | D57: =C57 | E57: =IF(D57="","",$AO$9) | F57: =IF(Proponentes!D34>0,Proponentes!D34,"") | G57: =IF(Proponentes!F34>0,Proponentes!F34,"") | J57: 5 | K57: 7 | L57: ALCALDIA DE SANTIAGO DE CALI - 4135010261253 DEL 2017 | M57: SEGURIDAD NUEVA ERA LTDA | N57: Cumple | O57: 0.15 | P57: 43004 | Q57: 43982 | R57: =IF(Q57<>"",IF(P57>0,IF(P57>=$P$18,IF(Q57<=$Q$18,"CUMPLE","NO CUMPLE"),"NO CUMPLE"),""),"") -> CUMPLE | S57: =IF(P57>0,ROUND(((YEAR(Q57)-YEAR($P57))*12)+(MONTH(Q57)-MONTH($P57))+((DAY(Q57)-DAY($P57)+1)/30),0),"") -> 32 | T57: 25097106106 | U57: =IF(T57>0,T57*O57,"") -> 3.7645659e+09 | V57: =IFERROR(U57/VLOOKUP(YEAR(P57),$AQ$2:$AR$11,2,FALSE),"") -> 5102.9947 | W57: =IF(R57="CUMPLE",IFERROR(U57/VLOOKUP(YEAR(Q57),$AQ$3:$AR$13,2,FALSE),""),"") -> 4288.6228 | X57: =IFERROR(W57*$AR$13,"") -> 3.8963253e+09 | Y57: INCLUIDA | Z57: =IF(T57>0,IF(X57>=$Z$18,"CUMPLE","NO CUMPLE"),"") -> CUMPLE | AA57: =IF(N57>0,IF(N57="CUMPLE",IF(R57="CUMPLE",IF(Y57="INCLUIDA",IF(Z57="CUMPLE","CUMPLE","NO CUMPLE"),"NO CUMPLE"),"NO CUMPLE"),"NO CUMPLE"),"") -> CUMPLE | AE57: =IF(F57<>"",F57,"") | AF57: =IF(AE57<>"",(SUMIFS($X57:$X69,$M57:$M69,F57,AA57:AA69,"CUMPLE")),"") | AG57: =IF(AF57<>"",IF(G57>0,(IF(AF57>=($G57*$H51),"CUMPLE","NO CUMPLE")),""),"")
B58: 8 | C58: =IF(Proponentes!H35="X",Proponentes!$B$28,"") -> SEGURIDAD NUEVA ERA LTDA | D58: =C58 -> SEGURIDAD NUEVA ERA LTDA | E58: =IF(D58="","",$AO$10) -> 19803878581 | J58: 4 | K58: 8 | L58: RAMA JUDICIAL -PASTO CTO 110-2018 | M58: SEGURIDAD NUEVA ERA LTDA | N58: Cumple | O58: 1 | P58: 43405 | Q58: 43769 | R58: =IF(Q58<>"",IF(P58>0,IF(P58>=$P$18,IF(Q58<=$Q$18,"CUMPLE","NO CUMPLE"),"NO CUMPLE"),""),"") -> CUMPLE | T58: 3199064711 | U58: =IF(T58>0,T58*O58,"") -> 3199064711 | W58: =IF(R58="CUMPLE",IFERROR(U58/VLOOKUP(YEAR(Q58),$AQ$3:$AR$13,2,FALSE),""),"") -> 3863.0635 | X58: =IFERROR(W58*$AR$13,"") -> 3.5096936e+09 | Y58: INCLUIDA | Z58: =IF(T58>0,IF(X58>=$Z$18,"CUMPLE","NO CUMPLE"),"") -> CUMPLE | AA58: =IF(N58>0,IF(N58="CUMPLE",IF(R58="CUMPLE",IF(Y58="INCLUIDA",IF(Z58="CUMPLE","CUMPLE","NO CUMPLE"),"NO CUMPLE"),"NO CUMPLE"),"NO CUMPLE"),"") -> CUMPLE | AG58: =IF(AF58<>"",IF(G58>0,(IF(AF58>=($G58*$H51),"CUMPLE","NO CUMPLE")),""),"")
B59: 9 | C59: =IF(Proponentes!H36="X",Proponentes!$B$28,"") -> SEGURIDAD NUEVA ERA LTDA | D59: =C59 -> SEGURIDAD NUEVA ERA LTDA | E59: =IF(D59="","",$AO$11) -> 24629524096 | J59: 5 | K59: 9 | L59: GOBERNACION DE CUNDINAMARCA CTO 195-2016 | M59: SEGURIDAD NUEVA ERA LTDA | N59: Cumple | O59: 0.33 | P59: 42734 | Q59: 43041 | R59: =IF(Q59<>"",IF(P59>0,IF(P59>=$P$18,IF(Q59<=$Q$18,"CUMPLE","NO CUMPLE"),"NO CUMPLE"),""),"") -> CUMPLE | T59: 9914415921 | U59: =IF(T59>0,T59*O59,"") -> 3.2717573e+09 | W59: =IF(R59="CUMPLE",IFERROR(U59/VLOOKUP(YEAR(Q59),$AQ$3:$AR$13,2,FALSE),""),"") -> 4434.9761 | X59: =IFERROR(W59*$AR$13,"") -> 4.0292911e+09 | Y59: INCLUIDA | Z59: =IF(T59>0,IF(X59>=$Z$18,"CUMPLE","NO CUMPLE"),"") -> CUMPLE | AA59: =IF(N59>0,IF(N59="CUMPLE",IF(R59="CUMPLE",IF(Y59="INCLUIDA",IF(Z59="CUMPLE","CUMPLE","NO CUMPLE"),"NO CUMPLE"),"NO CUMPLE"),"NO CUMPLE"),"") -> CUMPLE | AG59: =IF(AF59<>"",IF(G59>0,(IF(AF59>=($G59*$H51),"CUMPLE","NO CUMPLE")),""),"")
B60: 10 | C60: =IF(Proponentes!H37="X",Proponentes!$B$28,"") | D60: =C60 | E60: =IF(D60="","",$AO$12) | J60: 9 | K60: 10 | L60: RAMA JUDICIAL -BOGOTA LIC01PS01-15 | M60: SEGURIDAD NUEVA ERA LTDA | N60: Cumple | O60: 0.5 | P60: 42309 | Q60: 42674 | R60: =IF(Q60<>"",IF(P60>0,IF(P60>=$P$18,IF(Q60<=$Q$18,"CUMPLE","NO CUMPLE"),"NO CUMPLE"),""),"") -> CUMPLE | T60: 5566578214 | U60: =IF(T60>0,T60*O60,"") -> 2783289107 | W60: =IF(R60="CUMPLE",IFERROR(U60/VLOOKUP(YEAR(Q60),$AQ$3:$AR$13,2,FALSE),""),"") -> 4036.9409 | X60: =IFERROR(W60*$AR$13,"") -> 3.6676658e+09 | Y60: INCLUIDA | Z60: =IF(T60>0,IF(X60>=$Z$18,"CUMPLE","NO CUMPLE"),"") -> CUMPLE | AA60: =IF(N60>0,IF(N60="CUMPLE",IF(R60="CUMPLE",IF(Y60="INCLUIDA",IF(Z60="CUMPLE","CUMPLE","NO CUMPLE"),"NO CUMPLE"),"NO CUMPLE"),"NO CUMPLE"),"") -> CUMPLE | AG60: =IF(AF60<>"",IF(G60>0,(IF(AF60>=($G60*$H51),"CUMPLE","NO CUMPLE")),""),"")
B61: 11 | C61: =IF(Proponentes!H38="X",Proponentes!$B$28,"") | D61: =C61 | E61: =IF(D61="","",$AO$13) | F61: =IF(Proponentes!D38>0,Proponentes!D38,"") | G61: =IF(Proponentes!F38>0,Proponentes!F38,"") | J61: 5 | K61: 11 | L61: ALCALDIA DE DOS QUEBRADAS CTO 503 - 2019 | M61: SEGURIDAD NUEVA ERA LTDA | N61: Cumple | O61: 1 | P61: 43546 | Q61: 43845 | R61: =IF(Q61<>"",IF(P61>0,IF(P61>=$P$18,IF(Q61<=$Q$18,"CUMPLE","NO CUMPLE"),"NO CUMPLE"),""),"") -> CUMPLE | S61: =IF(P61>0,ROUND(((YEAR(Q61)-YEAR($P61))*12)+(MONTH(Q61)-MONTH($P61))+((DAY(Q61)-DAY($P61)+1)/30),0),"") -> 10 | T61: 2142916040 | U61: =IF(T61>0,T61*O61,"") -> 2142916040 | V61: =IFERROR(U61/VLOOKUP(YEAR(P61),$AQ$2:$AR$11,2,FALSE),"") -> 2587.7003 | W61: =IF(R61="CUMPLE",IFERROR(U61/VLOOKUP(YEAR(Q61),$AQ$3:$AR$13,2,FALSE),""),"") -> 2441.2266 | X61: =IFERROR(W61*$AR$13,"") -> 2.2179178e+09 | Y61: INCLUIDA | Z61: =IF(T61>0,IF(X61>=$Z$18,"CUMPLE","NO CUMPLE"),"") -> CUMPLE | AA61: =IF(N61>0,IF(N61="CUMPLE",IF(R61="CUMPLE",IF(Y61="INCLUIDA",IF(Z61="CUMPLE","CUMPLE","NO CUMPLE"),"NO CUMPLE"),"NO CUMPLE"),"NO CUMPLE"),"") -> CUMPLE | AE61: =IF(F61<>"",F61,"") | AF61: =IF(AE61<>"",(SUMIFS($X61:$X69,$M61:$M69,F61,AA61:AA69,"CUMPLE")),"") | AG61: =IF(AF61<>"",IF(G61>0,(IF(AF61>=($G61*$H51),"CUMPLE","NO CUMPLE")),""),"")
B62: 12 | C62: =IF(Proponentes!H39="X",Proponentes!$B$28,"") -> SEGURIDAD NUEVA ERA LTDA | E62: =IF(D62="","",$AO$14) | F62: =IF(Proponentes!D38>0,Proponentes!D38,"") | G62: =IF(Proponentes!F38>0,Proponentes!F38,"") | J62: 1 | K62: 12 | L62: HOSPITAL MILITAR CENTRAL CTO 254-2016 | M62: SEGURIDAD NUEVA ERA LTDA | N62: Cumple | O62: 1 | P62: 42718 | Q62: 43449 | R62: =IF(Q62<>"",IF(P62>0,IF(P62>=$P$18,IF(Q62<=$Q$18,"CUMPLE","NO CUMPLE"),"NO CUMPLE"),""),"") -> CUMPLE | S62: =IF(P62>0,ROUND(((YEAR(Q62)-YEAR($P62))*12)+(MONTH(Q62)-MONTH($P62))+((DAY(Q62)-DAY($P62)+1)/30),0),"") -> 24 | T62: 2131581735 | U62: =IF(T62>0,T62*O62,"") -> 2131581735 | V62: =IFERROR(U62/VLOOKUP(YEAR(P62),$AQ$2:$AR$11,2,FALSE),"") -> 3091.6909 | W62: =IF(R62="CUMPLE",IFERROR(U62/VLOOKUP(YEAR(Q62),$AQ$3:$AR$13,2,FALSE),""),"") -> 2728.4526 | X62: =IFERROR(W62*$AR$13,"") -> 2.4788701e+09 | Y62: INCLUIDA | Z62: =IF(T62>0,IF(X62>=$Z$18,"CUMPLE","NO CUMPLE"),"") -> CUMPLE | AA62: =IF(N62>0,IF(N62="CUMPLE",IF(R62="CUMPLE",IF(Y62="INCLUIDA",IF(Z62="CUMPLE","CUMPLE","NO CUMPLE"),"NO CUMPLE"),"NO CUMPLE"),"NO CUMPLE"),"") -> CUMPLE | AE62: =IF(F62<>"",F62,"") | AF62: =IF(AE62<>"",(SUMIFS($X62:$X68,$M62:$M68,F62,AA62:AA68,"CUMPLE")),"") | AG62: =IF(AF62<>"",IF(G62>0,(IF(AF62>=($G62*$H50),"CUMPLE","NO CUMPLE")),""),"")
E63: =IF(D63="","",$AO$14) | F63: =IF(Proponentes!D34>0,Proponentes!D34,"") | G63: =IF(Proponentes!F34>0,Proponentes!F34,"") | J63: 2 | K63: 13 | L63: HOSPITAL MILITAR CENTRAL CTO 154-2014 | M63: SEGURIDAD NUEVA ERA LTDA | N63: Cumple | O63: 1 | P63: 41974 | Q63: 42714 | R63: =IF(Q63<>"",IF(P63>0,IF(P63>=$P$18,IF(Q63<=$Q$18,"CUMPLE","NO CUMPLE"),"NO CUMPLE"),""),"") -> CUMPLE | S63: =IF(P63>0,ROUND(((YEAR(Q63)-YEAR($P63))*12)+(MONTH(Q63)-MONTH($P63))+((DAY(Q63)-DAY($P63)+1)/30),0),"") -> 24 | T63: 2043238318 | U63: =IF(T63>0,T63*O63,"") -> 2043238318 | V63: =IFERROR(U63/VLOOKUP(YEAR(P63),$AQ$2:$AR$11,2,FALSE),"") -> 3316.9453 | W63: =IF(R63="CUMPLE",IFERROR(U63/VLOOKUP(YEAR(Q63),$AQ$3:$AR$13,2,FALSE),""),"") -> 2963.5557 | X63: =IFERROR(W63*$AR$13,"") -> 2.6924674e+09 | Y63: INCLUIDA | Z63: =IF(T63>0,IF(X63>=$Z$18,"CUMPLE","NO CUMPLE"),"") -> CUMPLE | AA63: =IF(N63>0,IF(N63="CUMPLE",IF(R63="CUMPLE",IF(Y63="INCLUIDA",IF(Z63="CUMPLE","CUMPLE","NO CUMPLE"),"NO CUMPLE"),"NO CUMPLE"),"NO CUMPLE"),"") -> CUMPLE | AE63: =IF(F63<>"",F63,"") | AF63: =IF(AE63<>"",(SUMIFS($X63:$X64,$M63:$M64,F63,AA63:AA64,"CUMPLE")),"") | AG63: =IF(AF63<>"",IF(G63>0,(IF(AF63>=($G63*$H46),"CUMPLE","NO CUMPLE")),""),"")
E64: =IF(D64="","",$AO$14) | F64: =IF(Proponentes!D35>0,Proponentes!D35,"") | G64: =IF(Proponentes!F35>0,Proponentes!F35,"") | J64: 2 | K64: 14 | L64: FONDO FINANCIERO DISTRITAL DE SALUD CTO 194-2013 | M64: SEGURIDAD NUEVA ERA LTDA | N64: Cumple | O64: 1 | P64: 41389 | Q64: 41663 | R64: =IF(Q64<>"",IF(P64>0,IF(P64>=$P$18,IF(Q64<=$Q$18,"CUMPLE","NO CUMPLE"),"NO CUMPLE"),""),"") -> CUMPLE | S64: =IF(P64>0,ROUND(((YEAR(Q64)-YEAR($P64))*12)+(MONTH(Q64)-MONTH($P64))+((DAY(Q64)-DAY($P64)+1)/30),0),"") -> 9 | T64: 1796614596 | U64: =IF(T64>0,T64*O64,"") -> 1796614596 | V64: =IFERROR(U64/VLOOKUP(YEAR(P64),$AQ$2:$AR$11,2,FALSE),"") -> 3047.6923 | W64: =IF(R64="CUMPLE",IFERROR(U64/VLOOKUP(YEAR(Q64),$AQ$3:$AR$13,2,FALSE),""),"") -> 2916.5821 | X64: =IFERROR(W64*$AR$13,"") -> 2.6497907e+09 | Y64: INCLUIDA | Z64: =IF(T64>0,IF(X64>=$Z$18,"CUMPLE","NO CUMPLE"),"") -> CUMPLE | AA64: =IF(N64>0,IF(N64="CUMPLE",IF(R64="CUMPLE",IF(Y64="INCLUIDA",IF(Z64="CUMPLE","CUMPLE","NO CUMPLE"),"NO CUMPLE"),"NO CUMPLE"),"NO CUMPLE"),"") -> CUMPLE | AE64: =IF(F64<>"",F64,"") | AF64: =IF(AE64<>"",(SUMIFS($X64:$X65,$M64:$M65,F64,AA64:AA65,"CUMPLE")),"") | AG64: =IF(AF64<>"",IF(G64>0,(IF(AF64>=($G64*$H47),"CUMPLE","NO CUMPLE")),""),"")
E65: =IF(D65="","",$AO$14) | F65: =IF(Proponentes!D36>0,Proponentes!D36,"") | G65: =IF(Proponentes!F36>0,Proponentes!F36,"") | J65: 2 | K65: 15 | L65: PATRIMONIO AUTONOMO DE REMANENTES DEL ISS EN LIQUIDACION CTO - 173-2015 | M65: SEGURIDAD NUEVA ERA LTDA | N65: Cumple | O65: 1 | P65: 42217 | Q65: 42521 | R65: =IF(Q65<>"",IF(P65>0,IF(P65>=$P$18,IF(Q65<=$Q$18,"CUMPLE","NO CUMPLE"),"NO CUMPLE"),""),"") -> CUMPLE | S65: =IF(P65>0,ROUND(((YEAR(Q65)-YEAR($P65))*12)+(MONTH(Q65)-MONTH($P65))+((DAY(Q65)-DAY($P65)+1)/30),0),"") -> 10 | T65: 1652405055 | U65: =IF(T65>0,T65*O65,"") -> 1652405055 | V65: =IFERROR(U65/VLOOKUP(YEAR(P65),$AQ$2:$AR$11,2,FALSE),"") -> 2564.4526 | W65: =IF(R65="CUMPLE",IFERROR(U65/VLOOKUP(YEAR(Q65),$AQ$3:$AR$13,2,FALSE),""),"") -> 2396.683 | X65: =IFERROR(W65*$AR$13,"") -> 2.1774488e+09 | Y65: INCLUIDA | Z65: =IF(T65>0,IF(X65>=$Z$18,"CUMPLE","NO CUMPLE"),"") -> CUMPLE | AA65: =IF(N65>0,IF(N65="CUMPLE",IF(R65="CUMPLE",IF(Y65="INCLUIDA",IF(Z65="CUMPLE","CUMPLE","NO CUMPLE"),"NO CUMPLE"),"NO CUMPLE"),"NO CUMPLE"),"") -> CUMPLE | AE65: =IF(F65<>"",F65,"") | AF65: =IF(AE65<>"",(SUMIFS($X65:$X66,$M65:$M66,F65,AA65:AA66,"CUMPLE")),"") | AG65: =IF(AF65<>"",IF(G65>0,(IF(AF65>=($G65*$H48),"CUMPLE","NO CUMPLE")),""),"")
E66: =IF(D66="","",$AO$14) | F66: =IF(Proponentes!D37>0,Proponentes!D37,"") | G66: =IF(Proponentes!F37>0,Proponentes!F37,"") | J66: 4 | K66: 16 | L66: IDEAM CTO 24157888 | M66: SEGURIDAD NUEVA ERA LTDA | N66: Cumple | O66: 1 | P66: 42293 | Q66: 42655 | R66: =IF(Q66<>"",IF(P66>0,IF(P66>=$P$18,IF(Q66<=$Q$18,"CUMPLE","NO CUMPLE"),"NO CUMPLE"),""),"") -> CUMPLE | S66: =IF(P66>0,ROUND(((YEAR(Q66)-YEAR($P66))*12)+(MONTH(Q66)-MONTH($P66))+((DAY(Q66)-DAY($P66)+1)/30),0),"") -> 12 | T66: 1780346573 | U66: =IF(T66>0,T66*O66,"") -> 1780346573 | V66: =IFERROR(U66/VLOOKUP(YEAR(P66),$AQ$2:$AR$11,2,FALSE),"") -> 2763.0117 | W66: =IF(R66="CUMPLE",IFERROR(U66/VLOOKUP(YEAR(Q66),$AQ$3:$AR$13,2,FALSE),""),"") -> 2582.252 | X66: =IFERROR(W66*$AR$13,"") -> 2.3460431e+09 | Y66: INCLUIDA | Z66: =IF(T66>0,IF(X66>=$Z$18,"CUMPLE","NO CUMPLE"),"") -> CUMPLE | AA66: =IF(N66>0,IF(N66="CUMPLE",IF(R66="CUMPLE",IF(Y66="INCLUIDA",IF(Z66="CUMPLE","CUMPLE","NO CUMPLE"),"NO CUMPLE"),"NO CUMPLE"),"NO CUMPLE"),"") -> CUMPLE | AE66: =IF(F66<>"",F66,"") | AF66: =IF(AE66<>"",(SUMIFS($X66:$X67,$M66:$M67,F66,AA66:AA67,"CUMPLE")),"") | AG66: =IF(AF66<>"",IF(G66>0,(IF(AF66>=($G66*$H49),"CUMPLE","NO CUMPLE")),""),"")
E67: =IF(D67="","",$AO$14) | F67: =IF(Proponentes!D38>0,Proponentes!D38,"") | G67: =IF(Proponentes!F38>0,Proponentes!F38,"") | K67: 17 | R67: =IF(Q67<>"",IF(P67>0,IF(P67>=$P$18,IF(Q67<=$Q$18,"CUMPLE","NO CUMPLE"),"NO CUMPLE"),""),"") | S67: =IF(P67>0,ROUND(((YEAR(Q67)-YEAR($P67))*12)+(MONTH(Q67)-MONTH($P67))+((DAY(Q67)-DAY($P67)+1)/30),0),"") | U67: =IF(T67>0,T67*O67,"") | V67: =IFERROR(U67/VLOOKUP(YEAR(P67),$AQ$2:$AR$11,2,FALSE),"") | W67: =IF(R67="CUMPLE",IFERROR(U67/VLOOKUP(YEAR(Q67),$AQ$3:$AR$13,2,FALSE),""),"") | X67: =IFERROR(W67*$AR$13,"") | Z67: =IF(T67>0,IF(X67>=$Z$18,"CUMPLE","NO CUMPLE"),"") | AA67: =IF(N67>0,IF(N67="CUMPLE",IF(R67="CUMPLE",IF(Y67="INCLUIDA",IF(Z67="CUMPLE","CUMPLE","NO CUMPLE"),"NO CUMPLE"),"NO CUMPLE"),"NO CUMPLE"),"") | AE67: =IF(F67<>"",F67,"") | AF67: =IF(AE67<>"",(SUMIFS($X67:$X68,$M67:$M68,F67,AA67:AA68,"CUMPLE")),"") | AG67: =IF(AF67<>"",IF(G67>0,(IF(AF67>=($G67*$H50),"CUMPLE","NO CUMPLE")),""),"")
E68: =IF(D68="","",$AO$14) | F68: =IF(Proponentes!D39>0,Proponentes!D39,"") | G68: =IF(Proponentes!F39>0,Proponentes!F39,"") | R68: =IF(Q68<>"",IF(P68>0,IF(P68>=$P$18,IF(Q68<=$Q$18,"CUMPLE","NO CUMPLE"),"NO CUMPLE"),""),"") | S68: =IF(P68>0,ROUND(((YEAR(Q68)-YEAR($P68))*12)+(MONTH(Q68)-MONTH($P68))+((DAY(Q68)-DAY($P68)+1)/30),0),"") | U68: =IF(T68>0,T68*O68,"") | V68: =IFERROR(U68/VLOOKUP(YEAR(P68),$AQ$2:$AR$11,2,FALSE),"") | W68: =IF(R68="CUMPLE",IFERROR(U68/VLOOKUP(YEAR(Q68),$AQ$3:$AR$13,2,FALSE),""),"") | X68: =IFERROR(W68*$AR$13,"") | Z68: =IF(T68>0,IF(X68>=$Z$18,"CUMPLE","NO CUMPLE"),"") | AA68: =IF(N68>0,IF(N68="CUMPLE",IF(R68="CUMPLE",IF(Y68="INCLUIDA",IF(Z68="CUMPLE","CUMPLE","NO CUMPLE"),"NO CUMPLE"),"NO CUMPLE"),"NO CUMPLE"),"") | AE68: =IF(F68<>"",F68,"") | AF68: =IF(AE68<>"",(SUMIFS($X68:$X69,$M68:$M69,F68,AA68:AA69,"CUMPLE")),"") | AG68: =IF(AF68<>"",IF(G68>0,(IF(AF68>=($G68*$H51),"CUMPLE","NO CUMPLE")),""),"")
A69: 3 | D69: TOTAL | E69: =SUM(E51:E68) -> 62046457915 | G69: =IF((SUM(G51:G68))>1,"ERROR > 100%",SUM(G51:G68)) -> 1 | H69: =SUM(H51:H68) -> 62046457915 | I69: =SUM(I51:I68) -> 68293.541 | R69: =COUNTIF(R51:R68,"NO CUMPLE") -> 2 | S69: =SUM(S51:S68) -> 313 | U69: =SUM(U51:U68) -> 7.141033e+10 | V69: =SUM(V51:V68) -> 94622.746 | W69: =SUM(W51:W68) -> 76959.337 | X69: =SUM(X51:X68) -> 6.9919558e+10 | AD69: =COUNTIF(AD51:AD68,"NO CUMPLE") -> 0
A70: =A92 -> 4 | B70: 1 | C70: =IF(Proponentes!H41="X",Proponentes!$B$41,"") | D70: =C70 | E70: =IF(D70="","",$AO$3) | F70: =IF(Proponentes!D41>0,Proponentes!D41,"") -> SEGURIDAD NAPOLES LTDA | G70: =IF(Proponentes!F41>0,Proponentes!F41,"") -> 1 | H70: =SUM(E70:E81) -> 182645065352 | I70: =IF($F70>0,(G92*H70)/$AR$13,"") -> 201034.49 | J70: 2-13 | K70: 1 | L70: ALCALDIA DE SANTIAGO DE CALI - 41220261231 DEL 2016 | M70: SEGURIDAD NAPOLES LTDA | N70: Cumple | O70: 0.5 | P70: 42439 | Q70: 42767 | R70: =IF(Q70<>"",IF(P70>0,IF(P70>=$P$18,IF(Q70<=$Q$18,"CUMPLE","NO CUMPLE"),"NO CUMPLE"),""),"") -> CUMPLE | S70: =IF(P70>0,ROUND(((YEAR(Q70)-YEAR($P70))*12)+(MONTH(Q70)-MONTH($P70))+((DAY(Q70)-DAY($P70)+1)/30),0),"") -> 11 | T70: 12069145221 | U70: =IF(T70>0,T70*O70,"") -> 6.0345726e+09 | V70: =IFERROR(U70/VLOOKUP(YEAR(P70),$AQ$2:$AR$11,2,FALSE),"") -> 8752.6707 | W70: =IF(R70="CUMPLE",IFERROR(U70/VLOOKUP(YEAR(Q70),$AQ$3:$AR$13,2,FALSE),""),"") -> 8180.0645 | X70: =IFERROR(W70*$AR$13,"") -> 7.4318012e+09 | Y70: INCLUIDA | Z70: =IF(T70>0,IF(X70>=$Z$18,"CUMPLE","NO CUMPLE"),"") -> CUMPLE | AA70: =IF(N70>0,IF(N70="CUMPLE",IF(R70="CUMPLE",IF(Y70="INCLUIDA",IF(Z70="CUMPLE","CUMPLE","NO CUMPLE"),"NO CUMPLE"),"NO CUMPLE"),"NO CUMPLE"),"") -> CUMPLE | AC70: =IF(F70>0,SUMIFS(W70:W91,AA70:AA91,"CUMPLE"),"") -> 204717.76 | AD70: =IF($F70>0,IF(AC70<I70,"NO CUMPLE","CUMPLE"),"") -> CUMPLE | AE70: =IF(F70<>"",F70,"") -> SEGURIDAD NAPOLES LTDA | AF70: =IF(AE70<>"",(SUMIFS($X70:$X91,$M70:$M91,F70,AA70:AA91,"CUMPLE")),"") -> 1.859914e+11 | AG70: =IF(AF70<>"",IF(G70>0,(IF(AF70>=($G70*$H70),"CUMPLE","NO CUMPLE")),""),"") -> CUMPLE | AI70: =IF(AC70>I70,IF((COUNTIF(AG70:AG80,"NO CUMPLE"))<1,"HABILITADO","RECHAZADO"),"") -> HABILITADO
B71: 2 | C71: =IF(Proponentes!H42="X",Proponentes!$B$41,"") | D71: =C71 | E71: =IF(D71="","",$AO$4) | F71: =IF(Proponentes!D42>0,Proponentes!D42,"") | G71: =IF(Proponentes!F42>0,Proponentes!F42,"") | J71: 14 | K71: 2 | L71: SECRETARIA DE EDUCACION DEL DISTRITO - SED-LP-DSA-012-2013 | M71: SEGURIDAD NAPOLES LTDA | N71: Cumple | O71: 1 | P71: 41438 | Q71: 41823 | R71: =IF(Q71<>"",IF(P71>0,IF(P71>=$P$18,IF(Q71<=$Q$18,"CUMPLE","NO CUMPLE"),"NO CUMPLE"),""),"") -> CUMPLE | S71: =IF(P71>0,ROUND(((YEAR(Q71)-YEAR($P71))*12)+(MONTH(Q71)-MONTH($P71))+((DAY(Q71)-DAY($P71)+1)/30),0),"") -> 13 | T71: 7190236644 | U71: =IF(T71>0,T71*O71,"") -> 7190236644 | V71: =IFERROR(U71/VLOOKUP(YEAR(P71),$AQ$2:$AR$11,2,FALSE),"") -> 12197.178 | W71: =IF(R71="CUMPLE",IFERROR(U71/VLOOKUP(YEAR(Q71),$AQ$3:$AR$13,2,FALSE),""),"") -> 11672.462 | X71: =IFERROR(W71*$AR$13,"") -> 1.0604735e+10 | Y71: INCLUIDA | Z71: =IF(T71>0,IF(X71>=$Z$18,"CUMPLE","NO CUMPLE"),"") -> CUMPLE | AA71: =IF(N71>0,IF(N71="CUMPLE",IF(R71="CUMPLE",IF(Y71="INCLUIDA",IF(Z71="CUMPLE","CUMPLE","NO CUMPLE"),"NO CUMPLE"),"NO CUMPLE"),"NO CUMPLE"),"") -> CUMPLE | AE71: =IF(F71<>"",F71,"") | AF71: =IF(AE71<>"",(SUMIFS($X70:$X80,$M70:$M80,F71,AA70:AA80,"CUMPLE")),"") | AG71: =IF(AF71<>"",IF(G71>0,(IF(AF71>=($G71*$H70),"CUMPLE","NO CUMPLE")),""),"")
B72: 3 | C72: =IF(Proponentes!H43="X",Proponentes!$B$41,"") | D72: =C72 | E72: =IF(D72="","",$AO$5) | F72: =IF(Proponentes!D43>0,Proponentes!D43,"") | G72: =IF(Proponentes!F43>0,Proponentes!F43,"") | J72: 15 | K72: 3 | L72: SECRETARIA DE EDUCACION DEL DISTRITO -2080 27 JUNIO DEL 2014 | M72: SEGURIDAD NAPOLES LTDA | N72: Cumple | O72: 0.5 | P72: 41822 | Q72: 42159 | R72: =IF(Q72<>"",IF(P72>0,IF(P72>=$P$18,IF(Q72<=$Q$18,"CUMPLE","NO CUMPLE"),"NO CUMPLE"),""),"") -> CUMPLE | S72: =IF(P72>0,ROUND(((YEAR(Q72)-YEAR($P72))*12)+(MONTH(Q72)-MONTH($P72))+((DAY(Q72)-DAY($P72)+1)/30),0),"") -> 11 | T72: 7158032098 | U72: =IF(T72>0,T72*O72,"") -> 3579016049 | V72: =IFERROR(U72/VLOOKUP(YEAR(P72),$AQ$2:$AR$11,2,FALSE),"") -> 5810.091 | W72: =IF(R72="CUMPLE",IFERROR(U72/VLOOKUP(YEAR(Q72),$AQ$3:$AR$13,2,FALSE),""),"") -> 5554.4596 | X72: =IFERROR(W72*$AR$13,"") -> 5.046371e+09 | Y72: INCLUIDA | Z72: =IF(T72>0,IF(X72>=$Z$18,"CUMPLE","NO CUMPLE"),"") -> CUMPLE | AA72: =IF(N72>0,IF(N72="CUMPLE",IF(R72="CUMPLE",IF(Y72="INCLUIDA",IF(Z72="CUMPLE","CUMPLE","NO CUMPLE"),"NO CUMPLE"),"NO CUMPLE"),"NO CUMPLE"),"") -> CUMPLE | AE72: =IF(F72<>"",F72,"") | AF72: =IF(AE72<>"",(SUMIFS($X70:$X80,$M70:$M80,F72,AA70:AA80,"CUMPLE")),"") | AG72: =IF(AF72<>"",IF(G72>0,(IF(AF72>=($G72*$H70),"CUMPLE","NO CUMPLE")),""),"")
B73: 4 | C73: =IF(Proponentes!H44="X",Proponentes!$B$41,"") -> SEGURIDAD NAPOLES | D73: =C73 -> SEGURIDAD NAPOLES | E73: =IF(D73="","",$AO$6) -> 32291205642 | F73: =IF(Proponentes!D44>0,Proponentes!D44,"") | G73: =IF(Proponentes!F44>0,Proponentes!F44,"") | J73: 16 | K73: 4 | L73: SECRETARIA DE EDUCACION DEL DISTRITO - 2202 DEL 29 DE MAYO DEL 2015 | M73: SEGURIDAD NAPOLES LTDA | N73: Cumple | O73: 1 | P73: 42156 | Q73: 42466 | R73: =IF(Q73<>"",IF(P73>0,IF(P73>=$P$18,IF(Q73<=$Q$18,"CUMPLE","NO CUMPLE"),"NO CUMPLE"),""),"") -> CUMPLE | S73: =IF(P73>0,ROUND(((YEAR(Q73)-YEAR($P73))*12)+(MONTH(Q73)-MONTH($P73))+((DAY(Q73)-DAY($P73)+1)/30),0),"") -> 10 | T73: 11775439865 | U73: =IF(T73>0,T73*O73,"") -> 11775439865 | V73: =IFERROR(U73/VLOOKUP(YEAR(P73),$AQ$2:$AR$11,2,FALSE),"") -> 18274.912 | W73: =IF(R73="CUMPLE",IFERROR(U73/VLOOKUP(YEAR(Q73),$AQ$3:$AR$13,2,FALSE),""),"") -> 17079.345 | X73: =IFERROR(W73*$AR$13,"") -> 1.5517029e+10 | Y73: INCLUIDA | Z73: =IF(T73>0,IF(X73>=$Z$18,"CUMPLE","NO CUMPLE"),"") -> CUMPLE | AA73: =IF(N73>0,IF(N73="CUMPLE",IF(R73="CUMPLE",IF(Y73="INCLUIDA",IF(Z73="CUMPLE","CUMPLE","NO CUMPLE"),"NO CUMPLE"),"NO CUMPLE"),"NO CUMPLE"),"") -> CUMPLE | AE73: =IF(F73<>"",F73,"") | AF73: =IF(AE73<>"",(SUMIFS($X70:$X80,$M70:$M80,F73,AA70:AA80,"CUMPLE")),"") | AG73: =IF(AF73<>"",IF(G73>0,(IF(AF73>=($G73*$H70),"CUMPLE","NO CUMPLE")),""),"")
B74: 5 | C74: =IF(Proponentes!H45="X",Proponentes!$B$41,"") -> SEGURIDAD NAPOLES | D74: =C74 -> SEGURIDAD NAPOLES | E74: =IF(D74="","",$AO$7) -> 31011375408 | F74: =IF(Proponentes!D45>0,Proponentes!D45,"") | G74: =IF(Proponentes!F45>0,Proponentes!F45,"") | J74: 17 | K74: 5 | L74: SECRETARIA DE EDUCACION DEL DISTRITO - 2203 DEL 29 DE MAYO DEL 2015 | M74: SEGURIDAD NAPOLES LTDA | N74: Cumple | O74: 1 | P74: 42156 | Q74: 42460 | R74: =IF(Q74<>"",IF(P74>0,IF(P74>=$P$18,IF(Q74<=$Q$18,"CUMPLE","NO CUMPLE"),"NO CUMPLE"),""),"") -> CUMPLE | S74: =IF(P74>0,ROUND(((YEAR(Q74)-YEAR($P74))*12)+(MONTH(Q74)-MONTH($P74))+((DAY(Q74)-DAY($P74)+1)/30),0),"") -> 10 | T74: 7517421810 | U74: =IF(T74>0,T74*O74,"") -> 7517421810 | V74: =IFERROR(U74/VLOOKUP(YEAR(P74),$AQ$2:$AR$11,2,FALSE),"") -> 11666.675 | W74: =IF(R74="CUMPLE",IFERROR(U74/VLOOKUP(YEAR(Q74),$AQ$3:$AR$13,2,FALSE),""),"") -> 10903.426 | X74: =IFERROR(W74*$AR$13,"") -> 9.9060463e+09 | Y74: INCLUIDA | Z74: =IF(T74>0,IF(X74>=$Z$18,"CUMPLE","NO CUMPLE"),"") -> CUMPLE | AA74: =IF(N74>0,IF(N74="CUMPLE",IF(R74="CUMPLE",IF(Y74="INCLUIDA",IF(Z74="CUMPLE","CUMPLE","NO CUMPLE"),"NO CUMPLE"),"NO CUMPLE"),"NO CUMPLE"),"") -> CUMPLE | AE74: =IF(F74<>"",F74,"") | AF74: =IF(AE74<>"",(SUMIFS($X74:$X92,$M74:$M92,F74,AA74:AA92,"CUMPLE")),"") | AG74: =IF(AF74<>"",IF(G74>0,(IF(AF74>=($G74*$H70),"CUMPLE","NO CUMPLE")),""),"")
B75: 6 | C75: =IF(Proponentes!H46="X",Proponentes!$B$41,"") -> SEGURIDAD NAPOLES | D75: =C75 -> SEGURIDAD NAPOLES | E75: =IF(D75="","",$AO$8) -> 26104086008 | F75: =IF(Proponentes!D46>0,Proponentes!D46,"") | G75: =IF(Proponentes!F46>0,Proponentes!F46,"") | J75: 18 - 26 | K75: 6 | L75: SECRETARIA DE EDUCACION - 1587 DEL 6 DE ABRIL DEL 2017 | M75: SEGURIDAD NAPOLES LTDA | N75: Cumple | O75: 0.63 | P75: 42832 | Q75: 43198 | R75: =IF(Q75<>"",IF(P75>0,IF(P75>=$P$18,IF(Q75<=$Q$18,"CUMPLE","NO CUMPLE"),"NO CUMPLE"),""),"") -> CUMPLE | S75: =IF(P75>0,ROUND(((YEAR(Q75)-YEAR($P75))*12)+(MONTH(Q75)-MONTH($P75))+((DAY(Q75)-DAY($P75)+1)/30),0),"") -> 12 | T75: 15344047176 | U75: =IF(T75>0,T75*O75,"") -> 9.6667497e+09 | V75: =IFERROR(U75/VLOOKUP(YEAR(P75),$AQ$2:$AR$11,2,FALSE),"") -> 13103.602 | W75: =IF(R75="CUMPLE",IFERROR(U75/VLOOKUP(YEAR(Q75),$AQ$3:$AR$13,2,FALSE),""),"") -> 12373.566 | X75: =IFERROR(W75*$AR$13,"") -> 1.1241707e+10 | Y75: INCLUIDA | Z75: =IF(T75>0,IF(X75>=$Z$18,"CUMPLE","NO CUMPLE"),"") -> CUMPLE | AA75: =IF(N75>0,IF(N75="CUMPLE",IF(R75="CUMPLE",IF(Y75="INCLUIDA",IF(Z75="CUMPLE","CUMPLE","NO CUMPLE"),"NO CUMPLE"),"NO CUMPLE"),"NO CUMPLE"),"") -> CUMPLE | AE75: =IF(F75<>"",F75,"") | AF75: =IF(AE75<>"",(SUMIFS($X75:$X92,$M75:$M92,F75,AA75:AA92,"CUMPLE")),"") | AG75: =IF(AF75<>"",IF(G75>0,(IF(AF75>=($G75*$H70),"CUMPLE","NO CUMPLE")),""),"")
B76: 7 | C76: =IF(Proponentes!H47="X",Proponentes!$B$41,"") -> SEGURIDAD NAPOLES | D76: =C76 -> SEGURIDAD NAPOLES | E76: =IF(D76="","",$AO$9) -> 34957158037 | F76: =IF(Proponentes!D47>0,Proponentes!D47,"") | G76: =IF(Proponentes!F47>0,Proponentes!F47,"") | J76: 27-37 | K76: 7 | L76: SECRETARIA DE EDUCACION DEL DISTRITO - 004 DEL 6 DE ABRIL DEL 2018 | M76: SEGURIDAD NAPOLES LTDA | N76: Cumple | O76: 0.5 | P76: 43108 | Q76: 43577 | R76: =IF(Q76<>"",IF(P76>0,IF(P76>=$P$18,IF(Q76<=$Q$18,"CUMPLE","NO CUMPLE"),"NO CUMPLE"),""),"") -> CUMPLE | S76: =IF(P76>0,ROUND(((YEAR(Q76)-YEAR($P76))*12)+(MONTH(Q76)-MONTH($P76))+((DAY(Q76)-DAY($P76)+1)/30),0),"") -> 16 | T76: 9274314088 | U76: =IF(T76>0,T76*O76,"") -> 4637157044 | V76: =IFERROR(U76/VLOOKUP(YEAR(P76),$AQ$2:$AR$11,2,FALSE),"") -> 5935.6218 | W76: =IF(R76="CUMPLE",IFERROR(U76/VLOOKUP(YEAR(Q76),$AQ$3:$AR$13,2,FALSE),""),"") -> 5599.6467 | X76: =IFERROR(W76*$AR$13,"") -> 5.0874246e+09 | Y76: INCLUIDA | Z76: =IF(T76>0,IF(X76>=$Z$18,"CUMPLE","NO CUMPLE"),"") -> CUMPLE | AA76: =IF(N76>0,IF(N76="CUMPLE",IF(R76="CUMPLE",IF(Y76="INCLUIDA",IF(Z76="CUMPLE","CUMPLE","NO CUMPLE"),"NO CUMPLE"),"NO CUMPLE"),"NO CUMPLE"),"") -> CUMPLE | AE76: =IF(F76<>"",F76,"") | AF76: =IF(AE76<>"",(SUMIFS($X76:$X92,$M76:$M92,F76,AA76:AA92,"CUMPLE")),"") | AG76: =IF(AF76<>"",IF(G76>0,(IF(AF76>=($G76*$H70),"CUMPLE","NO CUMPLE")),""),"")
B77: 8 | C77: =IF(Proponentes!H48="X",Proponentes!$B$41,"") | D77: =C77 | E77: =IF(D77="","",$AO$10) | J77: 38 | K77: 8 | L77: GASEOSAS COLOMBIANAS - N/A | M77: SEGURIDAD NAPOLES LTDA | N77: Cumple | O77: 1 | P77: 42005 | Q77: 42633 | R77: =IF(Q77<>"",IF(P77>0,IF(P77>=$P$18,IF(Q77<=$Q$18,"CUMPLE","NO CUMPLE"),"NO CUMPLE"),""),"") -> CUMPLE | T77: 17839548097 | U77: =IF(T77>0,T77*O77,"") -> 17839548097 | W77: =IF(R77="CUMPLE",IFERROR(U77/VLOOKUP(YEAR(Q77),$AQ$3:$AR$13,2,FALSE),""),"") -> 25874.855 | X77: =IFERROR(W77*$AR$13,"") -> 2.3507978e+10 | Y77: INCLUIDA | Z77: =IF(T77>0,IF(X77>=$Z$18,"CUMPLE","NO CUMPLE"),"") -> CUMPLE | AA77: =IF(N77>0,IF(N77="CUMPLE",IF(R77="CUMPLE",IF(Y77="INCLUIDA",IF(Z77="CUMPLE","CUMPLE","NO CUMPLE"),"NO CUMPLE"),"NO CUMPLE"),"NO CUMPLE"),"") -> CUMPLE | AG77: =IF(AF77<>"",IF(G77>0,(IF(AF77>=($G77*$H70),"CUMPLE","NO CUMPLE")),""),"")
B78: 9 | C78: =IF(Proponentes!H49="X",Proponentes!$B$41,"") | D78: =C78 | E78: =IF(D78="","",$AO$11) | J78: 39 | K78: 9 | L78: GASEOSAS COLOMBIANAS - N/A | M78: SEGURIDAD NAPOLES LTDA | N78: Cumple | O78: 1 | P78: 40909 | Q78: 42004 | R78: =IF(Q78<>"",IF(P78>0,IF(P78>=$P$18,IF(Q78<=$Q$18,"CUMPLE","NO CUMPLE"),"NO CUMPLE"),""),"") -> CUMPLE | T78: 11802210708 | U78: =IF(T78>0,T78*O78,"") -> 11802210708 | W78: =IF(R78="CUMPLE",IFERROR(U78/VLOOKUP(YEAR(Q78),$AQ$3:$AR$13,2,FALSE),""),"") -> 19159.433 | X78: =IFERROR(W78*$AR$13,"") -> 1.7406843e+10 | Y78: INCLUIDA | Z78: =IF(T78>0,IF(X78>=$Z$18,"CUMPLE","NO CUMPLE"),"") -> CUMPLE | AA78: =IF(N78>0,IF(N78="CUMPLE",IF(R78="CUMPLE",IF(Y78="INCLUIDA",IF(Z78="CUMPLE","CUMPLE","NO CUMPLE"),"NO CUMPLE"),"NO CUMPLE"),"NO CUMPLE"),"") -> CUMPLE | AG78: =IF(AF78<>"",IF(G78>0,(IF(AF78>=($G78*$H70),"CUMPLE","NO CUMPLE")),""),"")
B79: 10 | C79: =IF(Proponentes!H50="X",Proponentes!$B$41,"") -> SEGURIDAD NAPOLES | D79: =C79 -> SEGURIDAD NAPOLES | E79: =IF(D79="","",$AO$12) -> 25460574021 | J79: 40 - 42 | K79: 10 | L79: CORPORACION DE ABASTOS CORABASTOS - 2016022 | M79: SEGURIDAD NAPOLES LTDA | N79: Cumple | O79: 0.5 | P79: 42442 | Q79: 42766 | R79: =IF(Q79<>"",IF(P79>0,IF(P79>=$P$18,IF(Q79<=$Q$18,"CUMPLE","NO CUMPLE"),"NO CUMPLE"),""),"") -> CUMPLE | T79: 7535214787 | U79: =IF(T79>0,T79*O79,"") -> 3.7676074e+09 | W79: =IF(R79="CUMPLE",IFERROR(U79/VLOOKUP(YEAR(Q79),$AQ$3:$AR$13,2,FALSE),""),"") -> 5107.1175 | X79: =IFERROR(W79*$AR$13,"") -> 4.639949e+09 | Y79: INCLUIDA | Z79: =IF(T79>0,IF(X79>=$Z$18,"CUMPLE","NO CUMPLE"),"") -> CUMPLE | AA79: =IF(N79>0,IF(N79="CUMPLE",IF(R79="CUMPLE",IF(Y79="INCLUIDA",IF(Z79="CUMPLE","CUMPLE","NO CUMPLE"),"NO CUMPLE"),"NO CUMPLE"),"NO CUMPLE"),"") -> CUMPLE | AG79: =IF(AF79<>"",IF(G79>0,(IF(AF79>=($G79*$H70),"CUMPLE","NO CUMPLE")),""),"")
B80: 11 | C80: =IF(Proponentes!H51="X",Proponentes!$B$41,"") -> SEGURIDAD NAPOLES | D80: =C80 -> SEGURIDAD NAPOLES | E80: =IF(D80="","",$AO$13) -> 32820666236 | F80: =IF(Proponentes!D51>0,Proponentes!D51,"") | G80: =IF(Proponentes!F51>0,Proponentes!F51,"") | J80: 43 - 45 | K80: 11 | L80: CORPORACION DE ABASTOS CORABASTOS - 2017007 | M80: SEGURIDAD NAPOLES LTDA | N80: Cumple | O80: 0.55 | P80: 42767 | Q80: 43220 | R80: =IF(Q80<>"",IF(P80>0,IF(P80>=$P$18,IF(Q80<=$Q$18,"CUMPLE","NO CUMPLE"),"NO CUMPLE"),""),"") -> CUMPLE | S80: =IF(P80>0,ROUND(((YEAR(Q80)-YEAR($P80))*12)+(MONTH(Q80)-MONTH($P80))+((DAY(Q80)-DAY($P80)+1)/30),0),"") -> 15 | T80: 11295359467 | U80: =IF(T80>0,T80*O80,"") -> 6.2124477e+09 | V80: =IFERROR(U80/VLOOKUP(YEAR(P80),$AQ$2:$AR$11,2,FALSE),"") -> 8421.1801 | W80: =IF(R80="CUMPLE",IFERROR(U80/VLOOKUP(YEAR(Q80),$AQ$3:$AR$13,2,FALSE),""),"") -> 7952.0145 | X80: =IFERROR(W80*$AR$13,"") -> 7.2246119e+09 | Y80: INCLUIDA | Z80: =IF(T80>0,IF(X80>=$Z$18,"CUMPLE","NO CUMPLE"),"") -> CUMPLE | AA80: =IF(N80>0,IF(N80="CUMPLE",IF(R80="CUMPLE",IF(Y80="INCLUIDA",IF(Z80="CUMPLE","CUMPLE","NO CUMPLE"),"NO CUMPLE"),"NO CUMPLE"),"NO CUMPLE"),"") -> CUMPLE | AE80: =IF(F80<>"",F80,"") | AF80: =IF(AE80<>"",(SUMIFS($X80:$X92,$M80:$M92,F80,AA80:AA92,"CUMPLE")),"") | AG80: =IF(AF80<>"",IF(G80>0,(IF(AF80>=($G80*$H70),"CUMPLE","NO CUMPLE")),""),"")
B81: 12 | C81: =IF(Proponentes!H52="X",Proponentes!$B$41,"") | D81: =C81 | E81: =IF(D81="","",$AO$14) | F81: =IF(Proponentes!D52>0,Proponentes!D52,"") | G81: =IF(Proponentes!F52>0,Proponentes!F52,"") | J81: 46 - 47 | K81: 12 | L81: CORPORACION DE ABASTOS CORABASTOS - 2018016 | M81: SEGURIDAD NAPOLES LTDA | N81: Cumple | O81: 0.4 | P81: 43221 | Q81: 43585 | R81: =IF(Q81<>"",IF(P81>0,IF(P81>=$P$18,IF(Q81<=$Q$18,"CUMPLE","NO CUMPLE"),"NO CUMPLE"),""),"") -> CUMPLE | S81: =IF(P81>0,ROUND(((YEAR(Q81)-YEAR($P81))*12)+(MONTH(Q81)-MONTH($P81))+((DAY(Q81)-DAY($P81)+1)/30),0),"") -> 12 | T81: 11433527577 | U81: =IF(T81>0,T81*O81,"") -> 4.573411e+09 | V81: =IFERROR(U81/VLOOKUP(YEAR(P81),$AQ$2:$AR$11,2,FALSE),"") -> 5854.0261 | W81: =IF(R81="CUMPLE",IFERROR(U81/VLOOKUP(YEAR(Q81),$AQ$3:$AR$13,2,FALSE),""),"") -> 5522.6696 | X81: =IFERROR(W81*$AR$13,"") -> 5.0174889e+09 | Y81: INCLUIDA | Z81: =IF(T81>0,IF(X81>=$Z$18,"CUMPLE","NO CUMPLE"),"") -> CUMPLE | AA81: =IF(N81>0,IF(N81="CUMPLE",IF(R81="CUMPLE",IF(Y81="INCLUIDA",IF(Z81="CUMPLE","CUMPLE","NO CUMPLE"),"NO CUMPLE"),"NO CUMPLE"),"NO CUMPLE"),"") -> CUMPLE | AE81: =IF(F81<>"",F81,"") | AF81: =IF(AE81<>"",(SUMIFS($X81:$X92,$M81:$M92,F81,AA81:AA92,"CUMPLE")),"") | AG81: =IF(AF81<>"",IF(G81>0,(IF(AF81>=($G81*$H70),"CUMPLE","NO CUMPLE")),""),"")
G82: =IF(Proponentes!F47>0,Proponentes!F47,"") | J82: 50 | K82: 13 | L82: MUNICIPIO DE PALMIRA MP 1872012 | M82: SEGURIDAD NAPOLES LTDA | N82: Cumple | O82: 1 | P82: 41012 | Q82: 41249 | R82: =IF(Q82<>"",IF(P82>0,IF(P82>=$P$18,IF(Q82<=$Q$18,"CUMPLE","NO CUMPLE"),"NO CUMPLE"),""),"") -> CUMPLE | S82: =IF(P82>0,ROUND(((YEAR(Q82)-YEAR($P82))*12)+(MONTH(Q82)-MONTH($P82))+((DAY(Q82)-DAY($P82)+1)/30),0),"") -> 8 | T82: 2630001668 | U82: =IF(T82>0,T82*O82,"") -> 2630001668 | V82: =IFERROR(U82/VLOOKUP(YEAR(P82),$AQ$2:$AR$11,2,FALSE),"") -> 4640.9064 | W82: =IF(R82="CUMPLE",IFERROR(U82/VLOOKUP(YEAR(Q82),$AQ$3:$AR$13,2,FALSE),""),"") -> 4640.9064 | X82: =IFERROR(W82*$AR$13,"") -> 4.2163841e+09 | Y82: INCLUIDA | Z82: =IF(T82>0,IF(X82>=$Z$18,"CUMPLE","NO CUMPLE"),"") -> CUMPLE | AA82: =IF(N82>0,IF(N82="CUMPLE",IF(R82="CUMPLE",IF(Y82="INCLUIDA",IF(Z82="CUMPLE","CUMPLE","NO CUMPLE"),"NO CUMPLE"),"NO CUMPLE"),"NO CUMPLE"),"") -> CUMPLE | AE82: =IF(F82<>"",F82,"") | AF82: =IF(AE82<>"",(SUMIFS($X82:$X87,$M82:$M87,F82,AA82:AA87,"CUMPLE")),"") | AG82: =IF(AF82<>"",IF(G82>0,(IF(AF82>=($G82*$H65),"CUMPLE","NO CUMPLE")),""),"")
G83: =IF(Proponentes!F47>0,Proponentes!F47,"") | J83: 53 -54 | K83: 14 | L83: MUNICIPIO DE PALMIRA MP462013 | M83: SEGURIDAD NAPOLES LTDA | N83: Cumple | O83: 1 | P83: 41306 | Q83: 41729 | R83: =IF(Q83<>"",IF(P83>0,IF(P83>=$P$18,IF(Q83<=$Q$18,"CUMPLE","NO CUMPLE"),"NO CUMPLE"),""),"") -> CUMPLE | S83: =IF(P83>0,ROUND(((YEAR(Q83)-YEAR($P83))*12)+(MONTH(Q83)-MONTH($P83))+((DAY(Q83)-DAY($P83)+1)/30),0),"") -> 14 | T83: 6294639672 | U83: =IF(T83>0,T83*O83,"") -> 6294639672 | V83: =IFERROR(U83/VLOOKUP(YEAR(P83),$AQ$2:$AR$11,2,FALSE),"") -> 10677.93 | W83: =IF(R83="CUMPLE",IFERROR(U83/VLOOKUP(YEAR(Q83),$AQ$3:$AR$13,2,FALSE),""),"") -> 10218.571 | X83: =IFERROR(W83*$AR$13,"") -> 9.2838373e+09 | Y83: INCLUIDA | Z83: =IF(T83>0,IF(X83>=$Z$18,"CUMPLE","NO CUMPLE"),"") -> CUMPLE | AA83: =IF(N83>0,IF(N83="CUMPLE",IF(R83="CUMPLE",IF(Y83="INCLUIDA",IF(Z83="CUMPLE","CUMPLE","NO CUMPLE"),"NO CUMPLE"),"NO CUMPLE"),"NO CUMPLE"),"") -> CUMPLE | AE83: =IF(F83<>"",F83,"") | AF83: =IF(AE83<>"",(SUMIFS($X83:$X87,$M83:$M87,F83,AA83:AA87,"CUMPLE")),"") | AG83: =IF(AF83<>"",IF(G83>0,(IF(AF83>=($G83*$H65),"CUMPLE","NO CUMPLE")),""),"")
G84: =IF(Proponentes!F48>0,Proponentes!F48,"") | J84: 55 - 57 | K84: 15 | L84: MUNICIPIO DE PALMIRA MP 2752014 | M84: SEGURIDAD NAPOLES LTDA | N84: Cumple | O84: 1 | P84: 41730 | Q84: 42093 | R84: =IF(Q84<>"",IF(P84>0,IF(P84>=$P$18,IF(Q84<=$Q$18,"CUMPLE","NO CUMPLE"),"NO CUMPLE"),""),"") -> CUMPLE | S84: =IF(P84>0,ROUND(((YEAR(Q84)-YEAR($P84))*12)+(MONTH(Q84)-MONTH($P84))+((DAY(Q84)-DAY($P84)+1)/30),0),"") -> 12 | T84: 6551359540 | U84: =IF(T84>0,T84*O84,"") -> 6551359540 | V84: =IFERROR(U84/VLOOKUP(YEAR(P84),$AQ$2:$AR$11,2,FALSE),"") -> 10635.324 | W84: =IF(R84="CUMPLE",IFERROR(U84/VLOOKUP(YEAR(Q84),$AQ$3:$AR$13,2,FALSE),""),"") -> 10167.393 | X84: =IFERROR(W84*$AR$13,"") -> 9.2373407e+09 | Y84: INCLUIDA | Z84: =IF(T84>0,IF(X84>=$Z$18,"CUMPLE","NO CUMPLE"),"") -> CUMPLE | AA84: =IF(N84>0,IF(N84="CUMPLE",IF(R84="CUMPLE",IF(Y84="INCLUIDA",IF(Z84="CUMPLE","CUMPLE","NO CUMPLE"),"NO CUMPLE"),"NO CUMPLE"),"NO CUMPLE"),"") -> CUMPLE | AE84: =IF(F84<>"",F84,"") | AF84: =IF(AE84<>"",(SUMIFS($X84:$X88,$M84:$M88,F84,AA84:AA88,"CUMPLE")),"") | AG84: =IF(AF84<>"",IF(G84>0,(IF(AF84>=($G84*$H66),"CUMPLE","NO CUMPLE")),""),"")
G85: =IF(Proponentes!F47>0,Proponentes!F47,"") | J85: 58 | K85: 16 | L85: AERONAUTICA UAE 12000246OK 2012 | M85: SEGURIDAD NAPOLES LTDA | N85: Cumple | O85: 0.35 | P85: 41259 | Q85: 41993 | R85: =IF(Q85<>"",IF(P85>0,IF(P85>=$P$18,IF(Q85<=$Q$18,"CUMPLE","NO CUMPLE"),"NO CUMPLE"),""),"") -> CUMPLE | S85: =IF(P85>0,ROUND(((YEAR(Q85)-YEAR($P85))*12)+(MONTH(Q85)-MONTH($P85))+((DAY(Q85)-DAY($P85)+1)/30),0),"") -> 24 | T85: 18909253266 | U85: =IF(T85>0,T85*O85,"") -> 6.6182386e+09 | V85: =IFERROR(U85/VLOOKUP(YEAR(P85),$AQ$2:$AR$11,2,FALSE),"") -> 11678.558 | W85: =IF(R85="CUMPLE",IFERROR(U85/VLOOKUP(YEAR(Q85),$AQ$3:$AR$13,2,FALSE),""),"") -> 10743.894 | X85: =IFERROR(W85*$AR$13,"") -> 9.761107e+09 | Y85: INCLUIDA | Z85: =IF(T85>0,IF(X85>=$Z$18,"CUMPLE","NO CUMPLE"),"") -> CUMPLE | AA85: =IF(N85>0,IF(N85="CUMPLE",IF(R85="CUMPLE",IF(Y85="INCLUIDA",IF(Z85="CUMPLE","CUMPLE","NO CUMPLE"),"NO CUMPLE"),"NO CUMPLE"),"NO CUMPLE"),"") -> CUMPLE | AE85: =IF(F85<>"",F85,"") | AF85: =IF(AE85<>"",(SUMIFS($X85:$X87,$M85:$M87,F85,AA85:AA87,"CUMPLE")),"") | AG85: =IF(AF85<>"",IF(G85>0,(IF(AF85>=($G85*$H65),"CUMPLE","NO CUMPLE")),""),"")
G86: =IF(Proponentes!F49>0,Proponentes!F49,"") | J86: 60 | K86: 17 | L86: MUNICIPIO DE SOACHA 1117 2016 | M86: SEGURIDAD NAPOLES LTDA | N86: Cumple | O86: 1 | P86: 42706 | Q86: 42995 | R86: =IF(Q86<>"",IF(P86>0,IF(P86>=$P$18,IF(Q86<=$Q$18,"CUMPLE","NO CUMPLE"),"NO CUMPLE"),""),"") -> CUMPLE | S86: =IF(P86>0,ROUND(((YEAR(Q86)-YEAR($P86))*12)+(MONTH(Q86)-MONTH($P86))+((DAY(Q86)-DAY($P86)+1)/30),0),"") -> 10 | T86: 5740293200 | U86: =IF(T86>0,T86*O86,"") -> 5740293200 | V86: =IFERROR(U86/VLOOKUP(YEAR(P86),$AQ$2:$AR$11,2,FALSE),"") -> 8325.8417 | W86: =IF(R86="CUMPLE",IFERROR(U86/VLOOKUP(YEAR(Q86),$AQ$3:$AR$13,2,FALSE),""),"") -> 7781.1589 | X86: =IFERROR(W86*$AR$13,"") -> 7.0693852e+09 | Y86: INCLUIDA | Z86: =IF(T86>0,IF(X86>=$Z$18,"CUMPLE","NO CUMPLE"),"") -> CUMPLE | AA86: =IF(N86>0,IF(N86="CUMPLE",IF(R86="CUMPLE",IF(Y86="INCLUIDA",IF(Z86="CUMPLE","CUMPLE","NO CUMPLE"),"NO CUMPLE"),"NO CUMPLE"),"NO CUMPLE"),"") -> CUMPLE | AE86: =IF(F86<>"",F86,"") | AF86: =IF(AE86<>"",(SUMIFS($X86:$X89,$M86:$M90,F86,AA86:AA89,"CUMPLE")),"") | AG86: =IF(AF86<>"",IF(G86>0,(IF(AF86>=($G86*$H67),"CUMPLE","NO CUMPLE")),""),"")
G87: =IF(Proponentes!F49>0,Proponentes!F49,"") | J87: 62 - 64 | K87: 18 | L87: SECRETARIA DE EDUCACION DEL CHOCO - 473134 2014 | M87: SEGURIDAD NAPOLES LTDA | N87: Cumple | O87: 1 | P87: 41732 | Q87: 42142 | R87: =IF(Q87<>"",IF(P87>0,IF(P87>=$P$18,IF(Q87<=$Q$18,"CUMPLE","NO CUMPLE"),"NO CUMPLE"),""),"") -> CUMPLE | S87: =IF(P87>0,ROUND(((YEAR(Q87)-YEAR($P87))*12)+(MONTH(Q87)-MONTH($P87))+((DAY(Q87)-DAY($P87)+1)/30),0),"") -> 14 | T87: 3249514710 | U87: =IF(T87>0,T87*O87,"") -> 3249514710 | V87: =IFERROR(U87/VLOOKUP(YEAR(P87),$AQ$2:$AR$11,2,FALSE),"") -> 5275.1862 | W87: =IF(R87="CUMPLE",IFERROR(U87/VLOOKUP(YEAR(Q87),$AQ$3:$AR$13,2,FALSE),""),"") -> 5043.0895 | X87: =IFERROR(W87*$AR$13,"") -> 4.5817779e+09 | Y87: INCLUIDA | Z87: =IF(T87>0,IF(X87>=$Z$18,"CUMPLE","NO CUMPLE"),"") -> CUMPLE | AA87: =IF(N87>0,IF(N87="CUMPLE",IF(R87="CUMPLE",IF(Y87="INCLUIDA",IF(Z87="CUMPLE","CUMPLE","NO CUMPLE"),"NO CUMPLE"),"NO CUMPLE"),"NO CUMPLE"),"") -> CUMPLE | AE87: =IF(F87<>"",F87,"") | AF87: =IF(AE87<>"",(SUMIFS($X87:$X89,$M87:$M90,F87,AA87:AA89,"CUMPLE")),"") | AG87: =IF(AF87<>"",IF(G87>0,(IF(AF87>=($G87*$H67),"CUMPLE","NO CUMPLE")),""),"")
G88: =IF(Proponentes!F51>0,Proponentes!F51,"") | J88: 65 - 80 | K88: 19 | L88: SECRETARIA DE EDUCACION DEL CHOCO - 473051 2013 | M88: SEGURIDAD NAPOLES LTDA | N88: Cumple | O88: 1 | P88: 41465 | Q88: 41729 | R88: =IF(Q88<>"",IF(P88>0,IF(P88>=$P$18,IF(Q88<=$Q$18,"CUMPLE","NO CUMPLE"),"NO CUMPLE"),""),"") -> CUMPLE | S88: =IF(P88>0,ROUND(((YEAR(Q88)-YEAR($P88))*12)+(MONTH(Q88)-MONTH($P88))+((DAY(Q88)-DAY($P88)+1)/30),0),"") -> 9 | T88: 2086626249 | U88: =IF(T88>0,T88*O88,"") -> 2086626249 | V88: =IFERROR(U88/VLOOKUP(YEAR(P88),$AQ$2:$AR$11,2,FALSE),"") -> 3539.6544 | W88: =IF(R88="CUMPLE",IFERROR(U88/VLOOKUP(YEAR(Q88),$AQ$3:$AR$13,2,FALSE),""),"") -> 3387.3803 | X88: =IFERROR(W88*$AR$13,"") -> 3.0775231e+09 | Y88: INCLUIDA | Z88: =IF(T88>0,IF(X88>=$Z$18,"CUMPLE","NO CUMPLE"),"") -> CUMPLE | AA88: =IF(N88>0,IF(N88="CUMPLE",IF(R88="CUMPLE",IF(Y88="INCLUIDA",IF(Z88="CUMPLE","CUMPLE","NO CUMPLE"),"NO CUMPLE"),"NO CUMPLE"),"NO CUMPLE"),"") -> CUMPLE | AE88: =IF(F88<>"",F88,"") | AF88: =IF(AE88<>"",(SUMIFS($X88:$X91,$M88:$M91,F88,AA88:AA91,"CUMPLE")),"") | AG88: =IF(AF88<>"",IF(G88>0,(IF(AF88>=($G88*$H69),"CUMPLE","NO CUMPLE")),""),"")
G89: =IF(Proponentes!F51>0,Proponentes!F51,"") | J89: 81 - 83 | K89: 20 | L89: FONDO PARA LA REPARACION DE LAS VICTIMAS DE LA UNIDAD PARA LA ATENCION Y REPARACION INTEGRAL DE LAS VICTIMAS SRV - 125 DEL 2017 | M89: SEGURIDAD NAPOLES LTDA | N89: Cumple | O89: 1 | P89: 42852 | Q89: 43178 | R89: =IF(Q89<>"",IF(P89>0,IF(P89>=$P$18,IF(Q89<=$Q$18,"CUMPLE","NO CUMPLE"),"NO CUMPLE"),""),"") -> CUMPLE | S89: =IF(P89>0,ROUND(((YEAR(Q89)-YEAR($P89))*12)+(MONTH(Q89)-MONTH($P89))+((DAY(Q89)-DAY($P89)+1)/30),0),"") -> 11 | T89: 4137421365 | U89: =IF(T89>0,T89*O89,"") -> 4137421365 | V89: =IFERROR(U89/VLOOKUP(YEAR(P89),$AQ$2:$AR$11,2,FALSE),"") -> 5608.4127 | W89: =IF(R89="CUMPLE",IFERROR(U89/VLOOKUP(YEAR(Q89),$AQ$3:$AR$13,2,FALSE),""),"") -> 5295.9536 | X89: =IFERROR(W89*$AR$13,"") -> 4.8115115e+09 | Y89: INCLUIDA | Z89: =IF(T89>0,IF(X89>=$Z$18,"CUMPLE","NO CUMPLE"),"") -> CUMPLE | AA89: =IF(N89>0,IF(N89="CUMPLE",IF(R89="CUMPLE",IF(Y89="INCLUIDA",IF(Z89="CUMPLE","CUMPLE","NO CUMPLE"),"NO CUMPLE"),"NO CUMPLE"),"NO CUMPLE"),"") -> CUMPLE | AE89: =IF(F89<>"",F89,"") | AF89: =IF(AE89<>"",(SUMIFS($X89:$X91,$M90:$M91,F89,AA89:AA91,"CUMPLE")),"") | AG89: =IF(AF89<>"",IF(G89>0,(IF(AF89>=($G89*$H69),"CUMPLE","NO CUMPLE")),""),"")
G90: =IF(Proponentes!F52>0,Proponentes!F52,"") | J90: 84 | K90: 21 | L90: CORPACERO S/N | M90: SEGURIDAD NAPOLES LTDA | N90: Cumple | O90: 1 | P90: 42370 | Q90: 43100 | R90: =IF(Q90<>"",IF(P90>0,IF(P90>=$P$18,IF(Q90<=$Q$18,"CUMPLE","NO CUMPLE"),"NO CUMPLE"),""),"") -> CUMPLE | S90: =IF(P90>0,ROUND(((YEAR(Q90)-YEAR($P90))*12)+(MONTH(Q90)-MONTH($P90))+((DAY(Q90)-DAY($P90)+1)/30),0),"") -> 24 | T90: 6091576190 | U90: =IF(T90>0,T90*O90,"") -> 6091576190 | V90: =IFERROR(U90/VLOOKUP(YEAR(P90),$AQ$2:$AR$11,2,FALSE),"") -> 8835.3499 | W90: =IF(R90="CUMPLE",IFERROR(U90/VLOOKUP(YEAR(Q90),$AQ$3:$AR$13,2,FALSE),""),"") -> 8257.3347 | X90: =IFERROR(W90*$AR$13,"") -> 7.5020033e+09 | Y90: INCLUIDA | Z90: =IF(T90>0,IF(X90>=$Z$18,"CUMPLE","NO CUMPLE"),"") -> CUMPLE | AA90: =IF(N90>0,IF(N90="CUMPLE",IF(R90="CUMPLE",IF(Y90="INCLUIDA",IF(Z90="CUMPLE","CUMPLE","NO CUMPLE"),"NO CUMPLE"),"NO CUMPLE"),"NO CUMPLE"),"") -> CUMPLE | AE90: =IF(F90<>"",F90,"") | AF90: =IF(AE90<>"",(SUMIFS($X90:$X92,$M90:$M92,F90,AA90:AA92,"CUMPLE")),"") | AG90: =IF(AF90<>"",IF(G90>0,(IF(AF90>=($G90*$H70),"CUMPLE","NO CUMPLE")),""),"")
C91: =IF(Proponentes!H53="X",Proponentes!$B$41,"") | G91: =IF(Proponentes!F53>0,Proponentes!F53,"") | J91: 85 | K91: 22 | L91: UNIVERSIDAD INDUSTRIAL DE SANTANDER UIS - 050 DEL 2014 | M91: SEGURIDAD NAPOLES LTDA | N91: Cumple | O91: 1 | P91: 41989 | Q91: 42360 | R91: =IF(Q91<>"",IF(P91>0,IF(P91>=$P$18,IF(Q91<=$Q$18,"CUMPLE","NO CUMPLE"),"NO CUMPLE"),""),"") -> CUMPLE | S91: =IF(P91>0,ROUND(((YEAR(Q91)-YEAR($P91))*12)+(MONTH(Q91)-MONTH($P91))+((DAY(Q91)-DAY($P91)+1)/30),0),"") -> 12 | T91: 2708212394 | U91: =IF(T91>0,T91*O91,"") -> 2708212394 | V91: =IFERROR(U91/VLOOKUP(YEAR(P91),$AQ$2:$AR$11,2,FALSE),"") -> 4396.4487 | W91: =IF(R91="CUMPLE",IFERROR(U91/VLOOKUP(YEAR(Q91),$AQ$3:$AR$13,2,FALSE),""),"") -> 4203.0145 | X91: =IFERROR(W91*$AR$13,"") -> 3.818548e+09 | Y91: INCLUIDA | Z91: =IF(T91>0,IF(X91>=$Z$18,"CUMPLE","NO CUMPLE"),"") -> CUMPLE | AA91: =IF(N91>0,IF(N91="CUMPLE",IF(R91="CUMPLE",IF(Y91="INCLUIDA",IF(Z91="CUMPLE","CUMPLE","NO CUMPLE"),"NO CUMPLE"),"NO CUMPLE"),"NO CUMPLE"),"") -> CUMPLE | AE91: =IF(F91<>"",F91,"") | AF91: =IF(AE91<>"",(SUMIFS($X91:$X93,$M91:$M93,F91,AA91:AA93,"CUMPLE")),"") | AG91: =IF(AF91<>"",IF(G91>0,(IF(AF91>=($G91*$H71),"CUMPLE","NO CUMPLE")),""),"")
A92: 4 | D92: TOTAL | E92: =SUM(E70:E81) -> 182645065352 | G92: =IF((SUM(G70:G81))>1,"ERROR > 100%",SUM(G70:G81)) -> 1 | H92: =SUM(H70:H81) -> 182645065352 | I92: =SUM(I70:I81) -> 201034.49 | R92: =COUNTIF(R70:R81,"NO CUMPLE") -> 0 | S92: =SUM(S70:S81) -> 110 | U92: =SUM(U70:U81) -> 9.4595819e+10 | V92: =SUM(V70:V81) -> 90015.957 | W92: =SUM(W70:W81) -> 134979.06 | X92: =SUM(X70:X81) -> 1.2263199e+11 | AD92: =COUNTIF(AD70:AD81,"NO CUMPLE") -> 0
A93: =A114 -> 5 | B93: 1 | C93: =IF(Proponentes!H54="X",Proponentes!$B$54,"") -> UNIÓN TEMPORAL COM-SED | D93: =C93 -> UNIÓN TEMPORAL COM-SED | E93: =IF(D93="","",$AO$3) -> 20036397801 | F93: =IF(Proponentes!D54>0,Proponentes!D54,"") -> CELAR LIMITADA | G93: =IF(Proponentes!F54>0,Proponentes!F54,"") -> 0.35 | H93: =SUM(E93:E104) -> 48494529644 | I93: =IF($F93>0,(G114*H93)/$AR$13,"") -> 53377.151 | J93: 1 | K93: 1 | L93: SECRETARIA DE EDUCACION DEL DISTRITO. CTO. 2629 DE 2012 | M93: CELAR LIMITADA | N93: Cumple | O93: 1 | P93: 41101 | Q93: 41438 | R93: =IF(Q93<>"",IF(P93>0,IF(P93>=$P$18,IF(Q93<=$Q$18,"CUMPLE","NO CUMPLE"),"NO CUMPLE"),""),"") -> CUMPLE | S93: =IF(P93>0,ROUND(((YEAR(Q93)-YEAR($P93))*12)+(MONTH(Q93)-MONTH($P93))+((DAY(Q93)-DAY($P93)+1)/30),0),"") -> 11 | T93: 1859469484 | U93: =IF(T93>0,T93*O93,"") -> 1859469484 | V93: =IFERROR(U93/VLOOKUP(YEAR(P93),$AQ$2:$AR$11,2,FALSE),"") -> 3281.2237 | W93: =IF(R93="CUMPLE",IFERROR(U93/VLOOKUP(YEAR(Q93),$AQ$3:$AR$13,2,FALSE),""),"") -> 3154.3163 | X93: =IFERROR(W93*$AR$13,"") -> 2.8657784e+09 | Y93: INCLUIDA | Z93: =IF(T93>0,IF(X93>=$Z$18,"CUMPLE","NO CUMPLE"),"") -> CUMPLE | AA93: =IF(N93>0,IF(N93="CUMPLE",IF(R93="CUMPLE",IF(Y93="INCLUIDA",IF(Z93="CUMPLE","CUMPLE","NO CUMPLE"),"NO CUMPLE"),"NO CUMPLE"),"NO CUMPLE"),"") -> CUMPLE | AC93: =IF(F93>0,SUMIFS(W93:W113,AA93:AA113,"CUMPLE"),"") -> 140072.87 | AD93: =IF($F93>0,IF(AC93<I93,"NO CUMPLE","CUMPLE"),"") -> CUMPLE | AE93: =IF(F93<>"",F93,"") -> CELAR LIMITADA | AF93: =IF(AE93<>"",(SUMIFS($X93:$X113,$M93:$M113,F93,AA93:AA113,"CUMPLE")),"") -> 2.1281971e+10 | AG93: =IF(AF93<>"",IF(G93>0,(IF(AF93>=($G93*$H93),"CUMPLE","NO CUMPLE")),""),"") -> CUMPLE | AI93: =IF(AC93>I93,IF((COUNTIF(AG93:AG103,"NO CUMPLE"))<1,"HABILITADO","RECHAZADO"),"") -> HABILITADO
B94: 2 | C94: =IF(Proponentes!H55="X",Proponentes!$B$54,"") | D94: =C94 | E94: =IF(D94="","",$AO$4) | F94: =IF(Proponentes!D55>0,Proponentes!D55,"") -> SEGURIDAD MONSERRATE LTDA | G94: =IF(Proponentes!F55>0,Proponentes!F55,"") -> 0.25 | J94: 2 | K94: 2 | L94: TELMEX COLOMBIA SA-CTO CM 2018 0097 | M94: CELAR LIMITADA | N94: Cumple | O94: 1 | P94: 41640 | Q94: 43100 | R94: =IF(Q94<>"",IF(P94>0,IF(P94>=$P$18,IF(Q94<=$Q$18,"CUMPLE","NO CUMPLE"),"NO CUMPLE"),""),"") -> CUMPLE | S94: =IF(P94>0,ROUND(((YEAR(Q94)-YEAR($P94))*12)+(MONTH(Q94)-MONTH($P94))+((DAY(Q94)-DAY($P94)+1)/30),0),"") -> 48 | T94: 4168501725 | U94: =IF(T94>0,T94*O94,"") -> 4168501725 | V94: =IFERROR(U94/VLOOKUP(YEAR(P94),$AQ$2:$AR$11,2,FALSE),"") -> 6767.0483 | W94: =IF(R94="CUMPLE",IFERROR(U94/VLOOKUP(YEAR(Q94),$AQ$3:$AR$13,2,FALSE),""),"") -> 5650.5431 | X94: =IFERROR(W94*$AR$13,"") -> 5.1336653e+09 | Y94: INCLUIDA | Z94: =IF(T94>0,IF(X94>=$Z$18,"CUMPLE","NO CUMPLE"),"") -> CUMPLE | AA94: =IF(N94>0,IF(N94="CUMPLE",IF(R94="CUMPLE",IF(Y94="INCLUIDA",IF(Z94="CUMPLE","CUMPLE","NO CUMPLE"),"NO CUMPLE"),"NO CUMPLE"),"NO CUMPLE"),"") -> CUMPLE | AE94: =IF(F94<>"",F94,"") -> SEGURIDAD MONSERRATE LTDA | AF94: =IF(AE94<>"",(SUMIFS($X93:$X113,$M93:$M113,F94,AA93:AA113,"CUMPLE")),"") -> 1.3682673e+10 | AG94: =IF(AF94<>"",IF(G94>0,(IF(AF94>=($G94*$H93),"CUMPLE","NO CUMPLE")),""),"") -> CUMPLE
B95: 3 | C95: =IF(Proponentes!H56="X",Proponentes!$B$54,"") | D95: =C95 | E95: =IF(D95="","",$AO$5) | F95: =IF(Proponentes!D56>0,Proponentes!D56,"") -> SEGURIDAD ONCOR LTDA | G95: =IF(Proponentes!F56>0,Proponentes!F56,"") -> 0.4 | J95: 14-15 | K95: 3 | L95: SALUD TOTAL EPS | M95: CELAR LIMITADA | N95: Cumple | O95: 1 | P95: 41122 | Q95: 42216 | R95: =IF(Q95<>"",IF(P95>0,IF(P95>=$P$18,IF(Q95<=$Q$18,"CUMPLE","NO CUMPLE"),"NO CUMPLE"),""),"") -> CUMPLE | S95: =IF(P95>0,ROUND(((YEAR(Q95)-YEAR($P95))*12)+(MONTH(Q95)-MONTH($P95))+((DAY(Q95)-DAY($P95)+1)/30),0),"") -> 36 | T95: 2183275836 | U95: =IF(T95>0,T95*O95,"") -> 2183275836 | V95: =IFERROR(U95/VLOOKUP(YEAR(P95),$AQ$2:$AR$11,2,FALSE),"") -> 3852.6131 | W95: =IF(R95="CUMPLE",IFERROR(U95/VLOOKUP(YEAR(Q95),$AQ$3:$AR$13,2,FALSE),""),"") -> 3388.3384 | X95: =IFERROR(W95*$AR$13,"") -> 3.0783935e+09 | Y95: INCLUIDA | Z95: =IF(T95>0,IF(X95>=$Z$18,"CUMPLE","NO CUMPLE"),"") -> CUMPLE | AA95: =IF(N95>0,IF(N95="CUMPLE",IF(R95="CUMPLE",IF(Y95="INCLUIDA",IF(Z95="CUMPLE","CUMPLE","NO CUMPLE"),"NO CUMPLE"),"NO CUMPLE"),"NO CUMPLE"),"") -> CUMPLE | AE95: =IF(F95<>"",F95,"") -> SEGURIDAD ONCOR LTDA | AF95: =IF(AE95<>"",(SUMIFS($X93:$X113,$M93:$M113,F95,AA93:AA113,"CUMPLE")),"") -> 9.2295198e+10 | AG95: =IF(AF95<>"",IF(G95>0,(IF(AF95>=($G95*$H93),"CUMPLE","NO CUMPLE")),""),"") -> CUMPLE
B96: 4 | C96: =IF(Proponentes!H57="X",Proponentes!$B$54,"") | D96: =C96 | E96: =IF(D96="","",$AO$6) | F96: =IF(Proponentes!D57>0,Proponentes!D57,"") | G96: =IF(Proponentes!F57>0,Proponentes!F57,"") | J96: 50 | K96: 4 | L96: BUEN CAFE LIOFILIZADO DE COLOMBIA-CN-2018-0081 | M96: CELAR LIMITADA | N96: Cumple | O96: 1 | P96: 43132 | Q96: 43496 | R96: =IF(Q96<>"",IF(P96>0,IF(P96>=$P$18,IF(Q96<=$Q$18,"CUMPLE","NO CUMPLE"),"NO CUMPLE"),""),"") -> CUMPLE | S96: =IF(P96>0,ROUND(((YEAR(Q96)-YEAR($P96))*12)+(MONTH(Q96)-MONTH($P96))+((DAY(Q96)-DAY($P96)+1)/30),0),"") -> 12 | T96: 1011119868 | U96: =IF(T96>0,T96*O96,"") -> 1011119868 | V96: =IFERROR(U96/VLOOKUP(YEAR(P96),$AQ$2:$AR$11,2,FALSE),"") -> 1294.2467 | W96: =IF(R96="CUMPLE",IFERROR(U96/VLOOKUP(YEAR(Q96),$AQ$3:$AR$13,2,FALSE),""),"") -> 1220.9882 | X96: =IFERROR(W96*$AR$13,"") -> 1.1092995e+09 | Y96: INCLUIDA | Z96: =IF(T96>0,IF(X96>=$Z$18,"CUMPLE","NO CUMPLE"),"") -> NO CUMPLE | AA96: =IF(N96>0,IF(N96="CUMPLE",IF(R96="CUMPLE",IF(Y96="INCLUIDA",IF(Z96="CUMPLE","CUMPLE","NO CUMPLE"),"NO CUMPLE"),"NO CUMPLE"),"NO CUMPLE"),"") -> NO CUMPLE | AE96: =IF(F96<>"",F96,"") | AF96: =IF(AE96<>"",(SUMIFS($X93:$X103,$M93:$M103,F96,AA93:AA103,"CUMPLE")),"") | AG96: =IF(AF96<>"",IF(G96>0,(IF(AF96>=($G96*$H93),"CUMPLE","NO CUMPLE")),""),"")
B97: 5 | C97: =IF(Proponentes!H58="X",Proponentes!$B$54,"") | D97: =C97 | E97: =IF(D97="","",$AO$7) | F97: =IF(Proponentes!D58>0,Proponentes!D58,"") | G97: =IF(Proponentes!F58>0,Proponentes!F58,"") | J97: 51 | K97: 5 | L97: CENTRAL HIDROELECTRICA DE CALDAS CHEP ESP-CT 2014-000168 | M97: CELAR LIMITADA | N97: Cumple | O97: 1 | P97: 41956 | Q97: 42643 | R97: =IF(Q97<>"",IF(P97>0,IF(P97>=$P$18,IF(Q97<=$Q$18,"CUMPLE","NO CUMPLE"),"NO CUMPLE"),""),"") -> CUMPLE | S97: =IF(P97>0,ROUND(((YEAR(Q97)-YEAR($P97))*12)+(MONTH(Q97)-MONTH($P97))+((DAY(Q97)-DAY($P97)+1)/30),0),"") -> 23 | T97: 5407648548 | U97: =IF(T97>0,T97*O97,"") -> 5407648548 | V97: =IFERROR(U97/VLOOKUP(YEAR(P97),$AQ$2:$AR$11,2,FALSE),"") -> 8778.6502 | W97: =IF(R97="CUMPLE",IFERROR(U97/VLOOKUP(YEAR(Q97),$AQ$3:$AR$13,2,FALSE),""),"") -> 7843.3669 | X97: =IFERROR(W97*$AR$13,"") -> 7.1259028e+09 | Y97: INCLUIDA | Z97: =IF(T97>0,IF(X97>=$Z$18,"CUMPLE","NO CUMPLE"),"") -> CUMPLE | AA97: =IF(N97>0,IF(N97="CUMPLE",IF(R97="CUMPLE",IF(Y97="INCLUIDA",IF(Z97="CUMPLE","CUMPLE","NO CUMPLE"),"NO CUMPLE"),"NO CUMPLE"),"NO CUMPLE"),"") -> CUMPLE | AE97: =IF(F97<>"",F97,"") | AF97: =IF(AE97<>"",(SUMIFS($X97:$X114,$M97:$M114,F97,AA97:AA114,"CUMPLE")),"") | AG97: =IF(AF97<>"",IF(G97>0,(IF(AF97>=($G97*$H93),"CUMPLE","NO CUMPLE")),""),"")
B98: 6 | C98: =IF(Proponentes!H59="X",Proponentes!$B$54,"") | D98: =C98 | E98: =IF(D98="","",$AO$8) | F98: =IF(Proponentes!D59>0,Proponentes!D59,"") | G98: =IF(Proponentes!F59>0,Proponentes!F59,"") | J98: 60 | K98: 6 | L98: TECNOLOGIA ALIMENTARIA SAS | M98: CELAR LIMITADA | N98: Cumple | O98: 1 | P98: 41518 | Q98: 43404 | R98: =IF(Q98<>"",IF(P98>0,IF(P98>=$P$18,IF(Q98<=$Q$18,"CUMPLE","NO CUMPLE"),"NO CUMPLE"),""),"") -> CUMPLE | S98: =IF(P98>0,ROUND(((YEAR(Q98)-YEAR($P98))*12)+(MONTH(Q98)-MONTH($P98))+((DAY(Q98)-DAY($P98)+1)/30),0),"") -> 62 | T98: 1104838260 | U98: =IF(T98>0,T98*O98,"") -> 1104838260 | V98: =IFERROR(U98/VLOOKUP(YEAR(P98),$AQ$2:$AR$11,2,FALSE),"") -> 1874.1955 | W98: =IF(R98="CUMPLE",IFERROR(U98/VLOOKUP(YEAR(Q98),$AQ$3:$AR$13,2,FALSE),""),"") -> 1414.2075 | X98: =IFERROR(W98*$AR$13,"") -> 1.2848442e+09 | Y98: INCLUIDA | Z98: =IF(T98>0,IF(X98>=$Z$18,"CUMPLE","NO CUMPLE"),"") -> NO CUMPLE | AA98: =IF(N98>0,IF(N98="CUMPLE",IF(R98="CUMPLE",IF(Y98="INCLUIDA",IF(Z98="CUMPLE","CUMPLE","NO CUMPLE"),"NO CUMPLE"),"NO CUMPLE"),"NO CUMPLE"),"") -> NO CUMPLE | AE98: =IF(F98<>"",F98,"") | AF98: =IF(AE98<>"",(SUMIFS($X98:$X114,$M98:$M114,F98,AA98:AA114,"CUMPLE")),"") | AG98: =IF(AF98<>"",IF(G98>0,(IF(AF98>=($G98*$H93),"CUMPLE","NO CUMPLE")),""),"")
B99: 7 | C99: =IF(Proponentes!H60="X",Proponentes!$B$54,"") | D99: =C99 | E99: =IF(D99="","",$AO$9) | F99: =IF(Proponentes!D60>0,Proponentes!D60,"") | G99: =IF(Proponentes!F60>0,Proponentes!F60,"") | J99: 61 | K99: 7 | L99: BUEN CAFE LIOFILIZADO DE COLOMBIA-CN-2019-0077 | M99: CELAR LIMITADA | N99: Cumple | O99: 1 | P99: 43497 | Q99: 43861 | R99: =IF(Q99<>"",IF(P99>0,IF(P99>=$P$18,IF(Q99<=$Q$18,"CUMPLE","NO CUMPLE"),"NO CUMPLE"),""),"") -> CUMPLE | S99: =IF(P99>0,ROUND(((YEAR(Q99)-YEAR($P99))*12)+(MONTH(Q99)-MONTH($P99))+((DAY(Q99)-DAY($P99)+1)/30),0),"") -> 12 | T99: 1067752884 | U99: =IF(T99>0,T99*O99,"") -> 1067752884 | V99: =IFERROR(U99/VLOOKUP(YEAR(P99),$AQ$2:$AR$11,2,FALSE),"") -> 1289.376 | W99: =IF(R99="CUMPLE",IFERROR(U99/VLOOKUP(YEAR(Q99),$AQ$3:$AR$13,2,FALSE),""),"") -> 1216.3924 | X99: =IFERROR(W99*$AR$13,"") -> 1.1051241e+09 | Y99: INCLUIDA | Z99: =IF(T99>0,IF(X99>=$Z$18,"CUMPLE","NO CUMPLE"),"") -> NO CUMPLE | AA99: =IF(N99>0,IF(N99="CUMPLE",IF(R99="CUMPLE",IF(Y99="INCLUIDA",IF(Z99="CUMPLE","CUMPLE","NO CUMPLE"),"NO CUMPLE"),"NO CUMPLE"),"NO CUMPLE"),"") -> NO CUMPLE | AE99: =IF(F99<>"",F99,"") | AF99: =IF(AE99<>"",(SUMIFS($X99:$X114,$M99:$M114,F99,AA99:AA114,"CUMPLE")),"") | AG99: =IF(AF99<>"",IF(G99>0,(IF(AF99>=($G99*$H93),"CUMPLE","NO CUMPLE")),""),"")
B100: 8 | C100: =IF(Proponentes!H61="X",Proponentes!$B$54,"") -> UNIÓN TEMPORAL COM-SED | D100: =C100 -> UNIÓN TEMPORAL COM-SED | E100: =IF(D100="","",$AO$10) -> 19803878581 | J100: 62 | K100: 8 | L100: CENTRO COMERCIAL CABLE PLAZA PH | M100: CELAR LIMITADA | N100: Cumple | O100: 1 | P100: 43009 | Q100: 43738 | R100: =IF(Q100<>"",IF(P100>0,IF(P100>=$P$18,IF(Q100<=$Q$18,"CUMPLE","NO CUMPLE"),"NO CUMPLE"),""),"") -> CUMPLE | T100: 784392000 | U100: =IF(T100>0,T100*O100,"") -> 784392000 | W100: =IF(R100="CUMPLE",IFERROR(U100/VLOOKUP(YEAR(Q100),$AQ$3:$AR$13,2,FALSE),""),"") -> 947.20063 | X100: =IFERROR(W100*$AR$13,"") -> 8.605564e+08 | Y100: INCLUIDA | Z100: =IF(T100>0,IF(X100>=$Z$18,"CUMPLE","NO CUMPLE"),"") -> NO CUMPLE | AA100: =IF(N100>0,IF(N100="CUMPLE",IF(R100="CUMPLE",IF(Y100="INCLUIDA",IF(Z100="CUMPLE","CUMPLE","NO CUMPLE"),"NO CUMPLE"),"NO CUMPLE"),"NO CUMPLE"),"") -> NO CUMPLE | AG100: =IF(AF100<>"",IF(G100>0,(IF(AF100>=($G100*$H93),"CUMPLE","NO CUMPLE")),""),"")
B101: 9 | C101: =IF(Proponentes!H62="X",Proponentes!$B$54,"") | D101: =C101 | E101: =IF(D101="","",$AO$11) | J101: 63 | K101: 9 | L101: UNIVERSIDAD DE MANIZALES | M101: CELAR LIMITADA | N101: Cumple | O101: 1 | P101: 43431 | Q101: 43795 | R101: =IF(Q101<>"",IF(P101>0,IF(P101>=$P$18,IF(Q101<=$Q$18,"CUMPLE","NO CUMPLE"),"NO CUMPLE"),""),"") -> CUMPLE | T101: 846441180 | U101: =IF(T101>0,T101*O101,"") -> 846441180 | W101: =IF(R101="CUMPLE",IFERROR(U101/VLOOKUP(YEAR(Q101),$AQ$3:$AR$13,2,FALSE),""),"") -> 1022.1288 | X101: =IFERROR(W101*$AR$13,"") -> 9.2863055e+08 | Y101: INCLUIDA | Z101: =IF(T101>0,IF(X101>=$Z$18,"CUMPLE","NO CUMPLE"),"") -> NO CUMPLE | AA101: =IF(N101>0,IF(N101="CUMPLE",IF(R101="CUMPLE",IF(Y101="INCLUIDA",IF(Z101="CUMPLE","CUMPLE","NO CUMPLE"),"NO CUMPLE"),"NO CUMPLE"),"NO CUMPLE"),"") -> NO CUMPLE | AG101: =IF(AF101<>"",IF(G101>0,(IF(AF101>=($G101*$H93),"CUMPLE","NO CUMPLE")),""),"")
...

Sheet Consolidado_Experiencia
A10: No. PROPONENTE | B10: NÚMERO DE GRUPO (S) | C10: GRUPOS A LOS QUE SE PRESENTÓ (PROPONENTE) | D10: GRUPOS EN LOS QUE SE ENCUENTRA HABILITADO | E10: PROPONENTE HABILITADO / RECHAZADO
A11: =A23 -> 1 | B11: 1 | C11: =IF(Experiencia_Proponente!C20=0,"",Experiencia_Proponente!C20) -> UNIÓN TEMPORAL L&W | D11: =IF(Experiencia_Proponente!D20=0,"",Experiencia_Proponente!D20) -> UNIÓN TEMPORAL L&W | E11: =IF(D11<>"",Experiencia_Proponente!$AI20,"") -> HABILITADO
B12: 2 | C12: =IF(Experiencia_Proponente!C21=0,"",Experiencia_Proponente!C21) | D12: =IF(Experiencia_Proponente!D21=0,"",Experiencia_Proponente!D21) | E12: =IF(D12<>"",Experiencia_Proponente!$AI$20,"")
B13: 3 | C13: =IF(Experiencia_Proponente!C22=0,"",Experiencia_Proponente!C22) | D13: =IF(Experiencia_Proponente!D22=0,"",Experiencia_Proponente!D22) | E13: =IF(D13<>"",Experiencia_Proponente!$AI$20,"")
B14: 4 | C14: =IF(Experiencia_Proponente!C23=0,"",Experiencia_Proponente!C23) | D14: =IF(Experiencia_Proponente!D23=0,"",Experiencia_Proponente!D23) | E14: =IF(D14<>"",Experiencia_Proponente!$AI$20,"")
B15: 5 | C15: =IF(Experiencia_Proponente!C24=0,"",Experiencia_Proponente!C24) | D15: =IF(Experiencia_Proponente!D24=0,"",Experiencia_Proponente!D24) | E15: =IF(D15<>"",Experiencia_Proponente!$AI$20,"")
B16: 6 | C16: =IF(Experiencia_Proponente!C25=0,"",Experiencia_Proponente!C25) | D16: =IF(Experiencia_Proponente!D25=0,"",Experiencia_Proponente!D25) | E16: =IF(D16<>"",Experiencia_Proponente!$AI$20,"")
B17: 7 | C17: =IF(Experiencia_Proponente!C26=0,"",Experiencia_Proponente!C26) | D17: =IF(Experiencia_Proponente!D26=0,"",Experiencia_Proponente!D26) | E17: =IF(D17<>"",Experiencia_Proponente!$AI$20,"")
B18: 8 | C18: =IF(Experiencia_Proponente!C27=0,"",Experiencia_Proponente!C27) -> UNIÓN TEMPORAL L&W | D18: =IF(Experiencia_Proponente!D27=0,"",Experiencia_Proponente!D27) -> UNIÓN TEMPORAL L&W | E18: =IF(D18<>"",Experiencia_Proponente!$AI$20,"RECHAZADO") -> HABILITADO
B19: 9 | C19: =IF(Experiencia_Proponente!C28=0,"",Experiencia_Proponente!C28) | D19: =IF(Experiencia_Proponente!D28=0,"",Experiencia_Proponente!D28) | E19: =IF(D19<>"",Experiencia_Proponente!$AI$20,"")
B20: 10 | C20: =IF(Experiencia_Proponente!C29=0,"",Experiencia_Proponente!C29) | D20: =IF(Experiencia_Proponente!D29=0,"",Experiencia_Proponente!D29) | E20: =IF(D20<>"",Experiencia_Proponente!$AI$20,"")
B21: 11 | C21: =IF(Experiencia_Proponente!C30=0,"",Experiencia_Proponente!C30) | D21: =IF(Experiencia_Proponente!D30=0,"",Experiencia_Proponente!D30) | E21: =IF(D21<>"",Experiencia_Proponente!$AI$20,"")
B22: 12 | C22: =IF(Experiencia_Proponente!C31=0,"",Experiencia_Proponente!C31) -> UNIÓN TEMPORAL L&W | D22: =IF(Experiencia_Proponente!D31=0,"",Experiencia_Proponente!D31) -> UNIÓN TEMPORAL L&W | E22: =IF(D22<>"",Experiencia_Proponente!$AI$20,"RECHAZADO") -> HABILITADO
A23: 1 | C23: A
A24: =A36 -> 2 | B24: 1 | C24: =IF(Experiencia_Proponente!C33=0,"",Experiencia_Proponente!C33) -> UNION TEMPORAL S4 | D24: =IF(Experiencia_Proponente!D33=0,"",Experiencia_Proponente!D33) -> UNION TEMPORAL S4 | E24: =IF(D24<>"",Experiencia_Proponente!$AI$33,"") -> HABILITADO
B25: 2 | C25: =IF(Experiencia_Proponente!C34=0,"",Experiencia_Proponente!C34) | D25: =IF(Experiencia_Proponente!D34=0,"",Experiencia_Proponente!D34) | E25: =IF(D25<>"",Experiencia_Proponente!$AI$33,"")
B26: 3 | C26: =IF(Experiencia_Proponente!C35=0,"",Experiencia_Proponente!C35) -> UNION TEMPORAL S4 | D26: =IF(Experiencia_Proponente!D35=0,"",Experiencia_Proponente!D35) -> UNION TEMPORAL S4 | E26: =IF(D26<>"",Experiencia_Proponente!$AI$33,"") -> HABILITADO
B27: 4 | C27: =IF(Experiencia_Proponente!C36=0,"",Experiencia_Proponente!C36) | D27: =IF(Experiencia_Proponente!D36=0,"",Experiencia_Proponente!D36) | E27: =IF(D27<>"",Experiencia_Proponente!$AI$33,"")
B28: 5 | C28: =IF(Experiencia_Proponente!C37=0,"",Experiencia_Proponente!C37) | D28: =IF(Experiencia_Proponente!D37=0,"",Experiencia_Proponente!D37) | E28: =IF(D28<>"",Experiencia_Proponente!$AI$33,"")
B29: 6 | C29: =IF(Experiencia_Proponente!C38=0,"",Experiencia_Proponente!C38) -> UNION TEMPORAL S4 | D29: =IF(Experiencia_Proponente!D38=0,"",Experiencia_Proponente!D38) -> UNION TEMPORAL S4 | E29: =IF(D29<>"",Experiencia_Proponente!$AI$33,"") -> HABILITADO
B30: 7 | C30: =IF(Experiencia_Proponente!C39=0,"",Experiencia_Proponente!C39) -> UNION TEMPORAL S4 | D30: =IF(Experiencia_Proponente!D39=0,"",Experiencia_Proponente!D39) -> UNION TEMPORAL S4 | E30: =IF(D30<>"",Experiencia_Proponente!$AI$33,"") -> HABILITADO
B31: 8 | C31: =IF(Experiencia_Proponente!C40=0,"",Experiencia_Proponente!C40) -> UNION TEMPORAL S4 | D31: =IF(Experiencia_Proponente!D40=0,"",Experiencia_Proponente!D40) | E31: =IF(D31<>"",Experiencia_Proponente!$AI$33,"RECHAZADO") -> RECHAZADO
B32: 9 | C32: =IF(Experiencia_Proponente!C41=0,"",Experiencia_Proponente!C41) -> UNION TEMPORAL S4 | D32: =IF(Experiencia_Proponente!D41=0,"",Experiencia_Proponente!D41) -> UNION TEMPORAL S4 | E32: =IF(D32<>"",Experiencia_Proponente!$AI$33,"") -> HABILITADO
B33: 10 | C33: =IF(Experiencia_Proponente!C42=0,"",Experiencia_Proponente!C42) -> UNION TEMPORAL S4 | D33: =IF(Experiencia_Proponente!D42=0,"",Experiencia_Proponente!D42) -> UNION TEMPORAL S4 | E33: =IF(D33<>"",Experiencia_Proponente!$AI$33,"") -> HABILITADO
B34: 11 | C34: =IF(Experiencia_Proponente!C43=0,"",Experiencia_Proponente!C43) | D34: =IF(Experiencia_Proponente!D43=0,"",Experiencia_Proponente!D43) | E34: =IF(D34<>"",Experiencia_Proponente!$AI$33,"")
B35: 12 | C35: =IF(Experiencia_Proponente!C49=0,"",Experiencia_Proponente!C49) | D35: =IF(Experiencia_Proponente!D49=0,"",Experiencia_Proponente!D49) | E35: =IF(D35<>"",Experiencia_Proponente!$AI$33,"")
A36: 2 | C36: A
A37: =A49 -> 3 | B37: 1 | C37: =IF(Experiencia_Proponente!C51=0,"",Experiencia_Proponente!C51) | D37: =IF(Experiencia_Proponente!D51=0,"",Experiencia_Proponente!D51) | E37: =IF(D37<>"",Experiencia_Proponente!$AI51,"")
B38: 2 | C38: =IF(Experiencia_Proponente!C52=0,"",Experiencia_Proponente!C52) -> SEGURIDAD NUEVA ERA LTDA | D38: =IF(Experiencia_Proponente!D52=0,"",Experiencia_Proponente!D52) -> SEGURIDAD NUEVA ERA LTDA | E38: =IF(D38<>"",Experiencia_Proponente!$AI$51,"") -> HABILITADO
B39: 3 | C39: =IF(Experiencia_Proponente!C53=0,"",Experiencia_Proponente!C53) | D39: =IF(Experiencia_Proponente!D53=0,"",Experiencia_Proponente!D53) | E39: =IF(D39<>"",Experiencia_Proponente!$AI$51,"")
B40: 4 | C40: =IF(Experiencia_Proponente!C54=0,"",Experiencia_Proponente!C54) | D40: =IF(Experiencia_Proponente!D54=0,"",Experiencia_Proponente!D54) | E40: =IF(D40<>"",Experiencia_Proponente!$AI$51,"")
B41: 5 | C41: =IF(Experiencia_Proponente!C55=0,"",Experiencia_Proponente!C55) | D41: =IF(Experiencia_Proponente!D55=0,"",Experiencia_Proponente!D55) | E41: =IF(D41<>"",Experiencia_Proponente!$AI$51,"")
B42: 6 | C42: =IF(Experiencia_Proponente!C56=0,"",Experiencia_Proponente!C56) | D42: =IF(Experiencia_Proponente!D56=0,"",Experiencia_Proponente!D56) | E42: =IF(D42<>"",Experiencia_Proponente!$AI$51,"")
B43: 7 | C43: =IF(Experiencia_Proponente!C57=0,"",Experiencia_Proponente!C57) | D43: =IF(Experiencia_Proponente!D57=0,"",Experiencia_Proponente!D57) | E43: =IF(D43<>"",Experiencia_Proponente!$AI$51,"")
B44: 8 | C44: =IF(Experiencia_Proponente!C58=0,"",Experiencia_Proponente!C58) -> SEGURIDAD NUEVA ERA LTDA | D44: =IF(Experiencia_Proponente!D58=0,"",Experiencia_Proponente!D58) -> SEGURIDAD NUEVA ERA LTDA | E44: =IF(D44<>"",Experiencia_Proponente!$AI$51,"") -> HABILITADO
B45: 9 | C45: =IF(Experiencia_Proponente!C59=0,"",Experiencia_Proponente!C59) -> SEGURIDAD NUEVA ERA LTDA | D45: =IF(Experiencia_Proponente!D59=0,"",Experiencia_Proponente!D59) -> SEGURIDAD NUEVA ERA LTDA | E45: =IF(D45<>"",Experiencia_Proponente!$AI$51,"") -> HABILITADO
B46: 10 | C46: =IF(Experiencia_Proponente!C60=0,"",Experiencia_Proponente!C60) | D46: =IF(Experiencia_Proponente!D60=0,"",Experiencia_Proponente!D60) | E46: =IF(D46<>"",Experiencia_Proponente!$AI$51,"")
B47: 11 | C47: =IF(Experiencia_Proponente!C61=0,"",Experiencia_Proponente!C61) | D47: =IF(Experiencia_Proponente!D61=0,"",Experiencia_Proponente!D61) | E47: =IF(D47<>"",Experiencia_Proponente!$AI$51,"")
B48: 12 | C48: =IF(Experiencia_Proponente!C62=0,"",Experiencia_Proponente!C62) -> SEGURIDAD NUEVA ERA LTDA | D48: =IF(Experiencia_Proponente!D62=0,"",Experiencia_Proponente!D62) | E48: =IF(D48<>"",Experiencia_Proponente!$AI$51,"RECHAZADO") -> RECHAZADO
A49: 3 | C49: A
A50: =A62 -> 4 | B50: 1 | C50: =IF(Experiencia_Proponente!C70=0,"",Experiencia_Proponente!C70) | D50: =IF(Experiencia_Proponente!D70=0,"",Experiencia_Proponente!D70)
B51: 2 | C51: =IF(Experiencia_Proponente!C71=0,"",Experiencia_Proponente!C71) | D51: =IF(Experiencia_Proponente!D71=0,"",Experiencia_Proponente!D71) | E51: =IF(D51<>"",Experiencia_Proponente!$AI$70,"")
B52: 3 | C52: =IF(Experiencia_Proponente!C72=0,"",Experiencia_Proponente!C72) | D52: =IF(Experiencia_Proponente!D72=0,"",Experiencia_Proponente!D72) | E52: =IF(D52<>"",Experiencia_Proponente!$AI$70,"")
B53: 4 | C53: =IF(Experiencia_Proponente!C73=0,"",Experiencia_Proponente!C73) -> SEGURIDAD NAPOLES | D53: =IF(Experiencia_Proponente!D73=0,"",Experiencia_Proponente!D73) -> SEGURIDAD NAPOLES | E53: =IF(D53<>"",Experiencia_Proponente!$AI$70,"") -> HABILITADO
B54: 5 | C54: =IF(Experiencia_Proponente!C74=0,"",Experiencia_Proponente!C74) -> SEGURIDAD NAPOLES | D54: =IF(Experiencia_Proponente!D74=0,"",Experiencia_Proponente!D74) -> SEGURIDAD NAPOLES | E54: =IF(D54<>"",Experiencia_Proponente!$AI$70,"") -> HABILITADO
B55: 6 | C55: =IF(Experiencia_Proponente!C75=0,"",Experiencia_Proponente!C75) -> SEGURIDAD NAPOLES | D55: =IF(Experiencia_Proponente!D75=0,"",Experiencia_Proponente!D75) -> SEGURIDAD NAPOLES | E55: =IF(D55<>"",Experiencia_Proponente!$AI$70,"") -> HABILITADO
B56: 7 | C56: =IF(Experiencia_Proponente!C76=0,"",Experiencia_Proponente!C76) -> SEGURIDAD NAPOLES | D56: =IF(Experiencia_Proponente!D76=0,"",Experiencia_Proponente!D76) -> SEGURIDAD NAPOLES | E56: =IF(D56<>"",Experiencia_Proponente!$AI$70,"") -> HABILITADO
B57: 8 | C57: =IF(Experiencia_Proponente!C77=0,"",Experiencia_Proponente!C77) | D57: =IF(Experiencia_Proponente!D77=0,"",Experiencia_Proponente!D77) | E57: =IF(D57<>"",Experiencia_Proponente!$AI$70,"")
B58: 9 | C58: =IF(Experiencia_Proponente!C78=0,"",Experiencia_Proponente!C78) | D58: =IF(Experiencia_Proponente!D78=0,"",Experiencia_Proponente!D78)
B59: 10 | C59: =IF(Experiencia_Proponente!C79=0,"",Experiencia_Proponente!C79) -> SEGURIDAD NAPOLES | D59: =IF(Experiencia_Proponente!D79=0,"",Experiencia_Proponente!D79) -> SEGURIDAD NAPOLES | E59: =IF(D59<>"",Experiencia_Proponente!$AI$70,"") -> HABILITADO
B60: 11 | C60: =IF(Experiencia_Proponente!C80=0,"",Experiencia_Proponente!C80) -> SEGURIDAD NAPOLES | D60: =IF(Experiencia_Proponente!D80=0,"",Experiencia_Proponente!D80) -> SEGURIDAD NAPOLES | E60: =IF(D60<>"",Experiencia_Proponente!$AI$70,"") -> HABILITADO
B61: 12 | C61: =IF(Experiencia_Proponente!C81=0,"",Experiencia_Proponente!C81) | D61: =IF(Experiencia_Proponente!D81=0,"",Experiencia_Proponente!D81) | E61: =IF(D61<>"",Experiencia_Proponente!$AI$70,"")
A62: 4 | C62: A
A63: =A75 -> 5 | B63: 1 | C63: =IF(Experiencia_Proponente!C93=0,"",Experiencia_Proponente!C93) -> UNIÓN TEMPORAL COM-SED | D63: =IF(Experiencia_Proponente!D93=0,"",Experiencia_Proponente!D93) -> UNIÓN TEMPORAL COM-SED | E63: =IF(D63<>"",Experiencia_Proponente!$AI$93,"") -> HABILITADO
B64: 2 | C64: =IF(Experiencia_Proponente!C94=0,"",Experiencia_Proponente!C94) | D64: =IF(Experiencia_Proponente!D94=0,"",Experiencia_Proponente!D94) | E64: =IF(D64<>"",Experiencia_Proponente!$AI$93,"")
B65: 3 | C65: =IF(Experiencia_Proponente!C95=0,"",Experiencia_Proponente!C95) | D65: =IF(Experiencia_Proponente!D95=0,"",Experiencia_Proponente!D95) | E65: =IF(D65<>"",Experiencia_Proponente!$AI$93,"")
B66: 4 | C66: =IF(Experiencia_Proponente!C96=0,"",Experiencia_Proponente!C96) | D66: =IF(Experiencia_Proponente!D96=0,"",Experiencia_Proponente!D96) | E66: =IF(D66<>"",Experiencia_Proponente!$AI$93,"")
B67: 5 | C67: =IF(Experiencia_Proponente!C97=0,"",Experiencia_Proponente!C97) | D67: =IF(Experiencia_Proponente!D97=0,"",Experiencia_Proponente!D97) | E67: =IF(D67<>"",Experiencia_Proponente!$AI$93,"")
B68: 6 | C68: =IF(Experiencia_Proponente!C98=0,"",Experiencia_Proponente!C98) | D68: =IF(Experiencia_Proponente!D98=0,"",Experiencia_Proponente!D98) | E68: =IF(D68<>"",Experiencia_Proponente!$AI$93,"")
B69: 7 | C69: =IF(Experiencia_Proponente!C99=0,"",Experiencia_Proponente!C99) | D69: =IF(Experiencia_Proponente!D99=0,"",Experiencia_Proponente!D99) | E69: =IF(D69<>"",Experiencia_Proponente!$AI$93,"")
B70: 8 | C70: =IF(Experiencia_Proponente!C100=0,"",Experiencia_Proponente!C100) -> UNIÓN TEMPORAL COM-SED | D70: =IF(Experiencia_Proponente!D100=0,"",Experiencia_Proponente!D100) -> UNIÓN TEMPORAL COM-SED | E70: =IF(D70<>"",Experiencia_Proponente!$AI$93,"") -> HABILITADO
B71: 9 | C71: =IF(Experiencia_Proponente!C101=0,"",Experiencia_Proponente!C101) | D71: =IF(Experiencia_Proponente!D101=0,"",Experiencia_Proponente!D101) | E71: =IF(D71<>"",Experiencia_Proponente!$AI$93,"")
B72: 10 | C72: =IF(Experiencia_Proponente!C102=0,"",Experiencia_Proponente!C102) | D72: =IF(Experiencia_Proponente!D102=0,"",Experiencia_Proponente!D102) | E72: =IF(D72<>"",Experiencia_Proponente!$AI$93,"")
B73: 11 | C73: =IF(Experiencia_Proponente!C103=0,"",Experiencia_Proponente!C103) | D73: =IF(Experiencia_Proponente!D103=0,"",Experiencia_Proponente!D103) | E73: =IF(D73<>"",Experiencia_Proponente!$AI$93,"")
B74: 12 | C74: =IF(Experiencia_Proponente!C104=0,"",Experiencia_Proponente!C104) -> UNIÓN TEMPORAL COM-SED | D74: =IF(Experiencia_Proponente!D104=0,"",Experiencia_Proponente!D104) -> UNIÓN TEMPORAL COM-SED | E74: =IF(D74<>"",Experiencia_Proponente!$AI$93,"") -> HABILITADO
A75: 5 | C75: A
A76: =A88 -> 6 | B76: 1 | C76: =IF(Experiencia_Proponente!C115=0,"",Experiencia_Proponente!C115) -> UNIÓN TEMPORAL INDICOL 2021 | D76: =IF(Experiencia_Proponente!D115=0,"",Experiencia_Proponente!D115) -> UNIÓN TEMPORAL INDICOL 2021 | E76: =IF(D76<>"",Experiencia_Proponente!$AI$20,"") -> HABILITADO
B77: 2 | C77: =IF(Experiencia_Proponente!C116=0,"",Experiencia_Proponente!C116) -> UNIÓN TEMPORAL INDICOL 2021 | D77: =IF(Experiencia_Proponente!D116=0,"",Experiencia_Proponente!D116) -> UNIÓN TEMPORAL INDICOL 2021 | E77: =IF(D77<>"",Experiencia_Proponente!$AI$20,"RECHAZADO") -> HABILITADO
B78: 3 | C78: =IF(Experiencia_Proponente!C117=0,"",Experiencia_Proponente!C117) -> UNIÓN TEMPORAL INDICOL 2021 | D78: =IF(Experiencia_Proponente!D117=0,"",Experiencia_Proponente!D117) -> UNIÓN TEMPORAL INDICOL 2021 | E78: =IF(D78<>"",Experiencia_Proponente!$AI$20,"") -> HABILITADO
B79: 4 | C79: =IF(Experiencia_Proponente!C118=0,"",Experiencia_Proponente!C118) | D79: =IF(Experiencia_Proponente!D118=0,"",Experiencia_Proponente!D118) | E79: =IF(D79<>"",Experiencia_Proponente!$AI$20,"")
B80: 5 | C80: =IF(Experiencia_Proponente!C119=0,"",Experiencia_Proponente!C119) | D80: =IF(Experiencia_Proponente!D119=0,"",Experiencia_Proponente!D119) | E80: =IF(D80<>"",Experiencia_Proponente!$AI$20,"")
B81: 6 | C81: =IF(Experiencia_Proponente!C120=0,"",Experiencia_Proponente!C120) | D81: =IF(Experiencia_Proponente!D120=0,"",Experiencia_Proponente!D120) | E81: =IF(D81<>"",Experiencia_Proponente!$AI$20,"")
B82: 7 | C82: =IF(Experiencia_Proponente!C121=0,"",Experiencia_Proponente!C121) | D82: =IF(Experiencia_Proponente!D121=0,"",Experiencia_Proponente!D121) | E82: =IF(D82<>"",Experiencia_Proponente!$AI$20,"")
B83: 8 | C83: =IF(Experiencia_Proponente!C122=0,"",Experiencia_Proponente!C122) | D83: =IF(Experiencia_Proponente!D122=0,"",Experiencia_Proponente!D122) | E83: =IF(D83<>"",Experiencia_Proponente!$AI$20,"")
B84: 9 | C84: =IF(Experiencia_Proponente!C123=0,"",Experiencia_Proponente!C123) -> UNIÓN TEMPORAL INDICOL 2021 | D84: =IF(Experiencia_Proponente!D123=0,"",Experiencia_Proponente!D123) -> UNIÓN TEMPORAL INDICOL 2021 | E84: =IF(D84<>"",Experiencia_Proponente!$AI$20,"") -> HABILITADO
B85: 10 | C85: =IF(Experiencia_Proponente!C124=0,"",Experiencia_Proponente!C124) | D85: =IF(Experiencia_Proponente!D124=0,"",Experiencia_Proponente!D124) | E85: =IF(D85<>"",Experiencia_Proponente!$AI$20,"")
B86: 11 | C86: =IF(Experiencia_Proponente!C125=0,"",Experiencia_Proponente!C125) | D86: =IF(Experiencia_Proponente!D125=0,"",Experiencia_Proponente!D125) | E86: =IF(D86<>"",Experiencia_Proponente!$AI$20,"")
B87: 12 | C87: =IF(Experiencia_Proponente!C126=0,"",Experiencia_Proponente!C126) | D87: =IF(Experiencia_Proponente!D126=0,"",Experiencia_Proponente!D126) | E87: =IF(D87<>"",Experiencia_Proponente!$AI$20,"")
A88: 6 | C88: A
A89: =A101 -> 7 | B89: 1 | C89: =IF(Experiencia_Proponente!C132=0,"",Experiencia_Proponente!C132) -> SU OPORTUNO SERVICIO LTDA | D89: =IF(Experiencia_Proponente!D132=0,"",Experiencia_Proponente!D132) | E89: =IF(D89<>"",Experiencia_Proponente!$AI132,"RECHAZADO") -> RECHAZADO
B90: 2 | C90: =IF(Experiencia_Proponente!C133=0,"",Experiencia_Proponente!C133) -> SU OPORTUNO SERVICIO LTDA | D90: =IF(Experiencia_Proponente!D133=0,"",Experiencia_Proponente!D133) | E90: =IF(D90<>"",Experiencia_Proponente!$AI$132,"RECHAZADO") -> RECHAZADO
B91: 3 | C91: =IF(Experiencia_Proponente!C134=0,"",Experiencia_Proponente!C134) -> SU OPORTUNO SERVICIO LTDA | D91: =IF(Experiencia_Proponente!D134=0,"",Experiencia_Proponente!D134) | E91: =IF(D91<>"",Experiencia_Proponente!$AI$132,"RECHAZADO") -> RECHAZADO
B92: 4 | C92: =IF(Experiencia_Proponente!C135=0,"",Experiencia_Proponente!C135) -> SU OPORTUNO SERVICIO LTDA | D92: =IF(Experiencia_Proponente!D135=0,"",Experiencia_Proponente!D135) -> SU OPORTUNO SERVICIO LTDA | E92: =IF(D92<>"",Experiencia_Proponente!$AI$132,"") -> HABILITADO
B93: 5 | C93: =IF(Experiencia_Proponente!C136=0,"",Experiencia_Proponente!C136) -> SU OPORTUNO SERVICIO LTDA | D93: =IF(Experiencia_Proponente!D136=0,"",Experiencia_Proponente!D136) -> SU OPORTUNO SERVICIO LTDA | E93: =IF(D93<>"",Experiencia_Proponente!$AI$132,"") -> HABILITADO
B94: 6 | C94: =IF(Experiencia_Proponente!C137=0,"",Experiencia_Proponente!C137) -> SU OPORTUNO SERVICIO LTDA | D94: =IF(Experiencia_Proponente!D137=0,"",Experiencia_Proponente!D137) -> SU OPORTUNO SERVICIO LTDA | E94: =IF(D94<>"",Experiencia_Proponente!$AI$132,"") -> HABILITADO
B95: 7 | C95: =IF(Experiencia_Proponente!C138=0,"",Experiencia_Proponente!C138) -> SU OPORTUNO SERVICIO LTDA | D95: =IF(Experiencia_Proponente!D138=0,"",Experiencia_Proponente!D138) -> SU OPORTUNO SERVICIO LTDA | E95: =IF(D95<>"",Experiencia_Proponente!$AI$132,"") -> HABILITADO
B96: 8 | C96: =IF(Experiencia_Proponente!C139=0,"",Experiencia_Proponente!C139) -> SU OPORTUNO SERVICIO LTDA | D96: =IF(Experiencia_Proponente!D139=0,"",Experiencia_Proponente!D139) | E96: =IF(D96<>"",Experiencia_Proponente!$AI$132,"RECHAZADO") -> RECHAZADO
B97: 9 | C97: =IF(Experiencia_Proponente!C140=0,"",Experiencia_Proponente!C140) -> SU OPORTUNO SERVICIO LTDA | D97: =IF(Experiencia_Proponente!D140=0,"",Experiencia_Proponente!D140) -> SU OPORTUNO SERVICIO LTDA | E97: =IF(D97<>"",Experiencia_Proponente!$AI$132,"") -> HABILITADO
B98: 10 | C98: =IF(Experiencia_Proponente!C141=0,"",Experiencia_Proponente!C141) -> SU OPORTUNO SERVICIO LTDA | D98: =IF(Experiencia_Proponente!D141=0,"",Experiencia_Proponente!D141) -> SU OPORTUNO SERVICIO LTDA | E98: =IF(D98<>"",Experiencia_Proponente!$AI$132,"") -> HABILITADO
B99: 11 | C99: =IF(Experiencia_Proponente!C142=0,"",Experiencia_Proponente!C142) -> SU OPORTUNO SERVICIO LTDA | D99: =IF(Experiencia_Proponente!D142=0,"",Experiencia_Proponente!D142) -> SU OPORTUNO SERVICIO LTDA | E99: =IF(D99<>"",Experiencia_Proponente!$AI$132,"") -> HABILITADO
B100: 12 | C100: =IF(Experiencia_Proponente!C143=0,"",Experiencia_Proponente!C143) -> SU OPORTUNO SERVICIO LTDA | D100: =IF(Experiencia_Proponente!D143=0,"",Experiencia_Proponente!D143) | E100: =IF(D100<>"",Experiencia_Proponente!$AI$132,"RECHAZADO") -> RECHAZADO
A101: 7 | C101: A
A102: =A114 -> 8 | B102: 1 | C102: =IF(Experiencia_Proponente!C148=0,"",Experiencia_Proponente!C148) -> VIGILANCIA SANTAFEREÑA Y CIA LTDA | D102: =IF(Experiencia_Proponente!D148=0,"",Experiencia_Proponente!D148) -> VIGILANCIA SANTAFEREÑA Y CIA LTDA | E102: =IF(D102<>"",Experiencia_Proponente!$AI148,"") -> HABILITADO
B103: 2 | C103: =IF(Experiencia_Proponente!C149=0,"",Experiencia_Proponente!C149) | D103: =IF(Experiencia_Proponente!D149=0,"",Experiencia_Proponente!D149) | E103: =IF(D103<>"",Experiencia_Proponente!$AI$148,"")
B104: 3 | C104: =IF(Experiencia_Proponente!C150=0,"",Experiencia_Proponente!C150) | D104: =IF(Experiencia_Proponente!D150=0,"",Experiencia_Proponente!D150) | E104: =IF(D104<>"",Experiencia_Proponente!$AI$148,"")
B105: 4 | C105: =IF(Experiencia_Proponente!C151=0,"",Experiencia_Proponente!C151) | D105: =IF(Experiencia_Proponente!D151=0,"",Experiencia_Proponente!D151) | E105: =IF(D105<>"",Experiencia_Proponente!$AI$148,"")
B106: 5 | C106: =IF(Experiencia_Proponente!C152=0,"",Experiencia_Proponente!C152) | D106: =IF(Experiencia_Proponente!D152=0,"",Experiencia_Proponente!D152) | E106: =IF(D106<>"",Experiencia_Proponente!$AI$148,"")
B107: 6 | C107: =IF(Experiencia_Proponente!C153=0,"",Experiencia_Proponente!C153) -> VIGILANCIA SANTAFEREÑA Y CIA LTDA | D107: =IF(Experiencia_Proponente!D153=0,"",Experiencia_Proponente!D153) -> VIGILANCIA SANTAFEREÑA Y CIA LTDA | E107: =IF(D107<>"",Experiencia_Proponente!$AI$148,"") -> HABILITADO
B108: 7 | C108: =IF(Experiencia_Proponente!C154=0,"",Experiencia_Proponente!C154) -> VIGILANCIA SANTAFEREÑA Y CIA LTDA | D108: =IF(Experiencia_Proponente!D154=0,"",Experiencia_Proponente!D154) -> VIGILANCIA SANTAFEREÑA Y CIA LTDA | E108: =IF(D108<>"",Experiencia_Proponente!$AI$148,"") -> HABILITADO
B109: 8 | C109: =IF(Experiencia_Proponente!C155=0,"",Experiencia_Proponente!C155) | D109: =IF(Experiencia_Proponente!D155=0,"",Experiencia_Proponente!D155) | E109: =IF(D109<>"",Experiencia_Proponente!$AI$148,"")
...

Sheet Documentos_Técnicos
AG8: NO CUMPLE | BL8: NO CUMPLE | BP8: NO | DK8: NO | DO8: NO | DS8: NO | DW8: NO
E9: LICENCIA DE FUNCIONAMIENTO | AJ9: LICENCIA VIGENTE DE MEDIO CANINO | BN9: CERTIFICACIÓN CANINA | CL9: CERTIFICACIÓN DE NO SANCIONES DE LA SUPERINTENDENCIA DE VIGILANCIA Y SEGURIDAD PRIVADA | DI9: SISTEMA DE TELECOMUNICACIONES | EB9: VINCULACIÓN A LA RED DE APOYO | EU9: POLIZA DE RESPONSABILIDAD CIVIL EXTRACONTRACTUAL | FN9: RESOLUCIÓN USO DE UNIFORMES | GC9: RESOLUCIÓN HORAS EXTRAS | HC9: + | HD9: RESOLUCIÓN VIGENTE EXPEDIDA POR MINTIC | IA9: CONTRATO DE SERVICIOS DE TELEFONÍA CELULAR O TELEFONÍA MÓVIL | IT9: ANEXO CARTA DE COMPROMISO COORDINADOR DE CONTRATO
A10: No. PROPONENTE | B10: NUMERO DE GRUPO (S) | C10: IDENTIFICACIÓN PROPONENTE | E10: EMPRESA QUE APORTA LA LICENCIA (SOCIO 1 SI ES UT) | F10: FOLIOS DE LA PROPUESTA | G10: FECHA DE VENCIMIENTO | H10: AUTORIZACIÓN PARA FUNCIONAR EN BOGOTA (SI/NO) | I10: SOLICITUD DE RENOVACION (SI/NO) | J10: FECHA SOLICITUD RENOVACIÓN | K10: OBSERVACIONES (SOCIO 1 SI ES UT) | L10: EMPRESA QUE APORTA LA LICENCIA (SOCIO 2 SI ES UT) | M10: FOLIOS DE LA PROPUESTA | N10: FECHA DE VENCIMIENTO | O10: AUTORIZACION PARA FUNCIONAR EN BOGOTA (SI/NO) | P10: SOLICITUD DE RENOVACION (SI/NO) | Q10: FECHA SOLICITUD RENOVACION | R10: OBSERVACIONES (SOCIO 2 SI ES UT) | S10: EMPRESA QUE APORTA LA LICENCIA (SOCIO 3 SI ES UT) | T10: FOLIOS DE LA PROPUESTA | U10: FECHA DE VENCIMIENTO | V10: AUTORIZACION PARA FUNCIONAR EN BOGOTA (SI/NO) | W10: SOLICITUD DE RENOVACION (SI/NO) | X10: FECHA SOLICITUD RENOVACION | Y10: OBSERVACIONES (SOCIO 3 SI ES UT) | Z10: EMPRESA QUE APORTA LA LICENCIA (SOCIO 4 SI ES UT) | AA10: FOLIOS DE LA PROPUESTA | AB10: FECHA DE VENCIMIENTO | AC10: AUTORIZACION PARA FUNCIONAR EN BOGOTA (SI/NO) | AD10: SOLICITUD DE RENOVACION (SI/NO) | AE10: FECHA SOLICITUD RENOVACION | AF10: OBSERVACIONES (SOCIO 4 SI ES UT) | AG10: CUMPLE / NO CUMPLE | AH10: OBSERVACIÓN GENERAL | AJ10: EMPRESA QUE APORTA LA LICENCIA (SOCIO 1 SI ES UT) | AK10: LICENCIA VIGENTE DE MEDIO CANINO (SI/NO) | AL10: FOLIOS | AM10: FECHA DE VENCIMIENTO | AN10: SOLICITUD DE RENOVACION (SI/NO) | AO10: FECHA SOLICITUD RENOVACION | AP10: OBSERVACIONES (SOCIO 1 SI ES UT) | AQ10: EMPRESA QUE APORTA LA LICENCIA (SOCIO 2 SI ES UT) | AR10: LICENCIA VIGENTE DE MEDIO CANINO (SI/NO) | AS10: FOLIOS | AT10: FECHA DE VENCIMIENTO | AU10: SOLICITUD DE RENOVACION (SI/NO) | AV10: FECHA SOLICITUD RENOVACION | AW10: OBSERVACIONES (SOCIO 2 SI ES UT) | AX10: EMPRESA QUE APORTA LA LICENCIA (SOCIO 3 SI ES UT) | AY10: LICENCIA VIGENTE DE MEDIO CANINO (SI/NO) | AZ10: FOLIOS | BA10: FECHA DE VENCIMIENTO | BB10: SOLICITUD DE RENOVACION (SI/NO) | BC10: FECHA SOLICITUD RENOVACION | BD10: OBSERVACIONES (SOCIO 3 SI ES UT) | BE10: EMPRESA QUE APORTA LA LICENCIA (SOCIO 4 SI ES UT) | BF10: LICENCIA VIGENTE DE MEDIO CANINO (SI/NO) | BG10: FOLIOS | BH10: FECHA DE VENCIMIENTO | BI10: SOLICITUD DE RENOVACION (SI/NO) | BJ10: FECHA SOLICITUD RENOVACION | BK10: OBSERVACIONES (SOCIO 4 SI ES UT) | BL10: CUMPLE / NO CUMPLE | BM10: OBSERVACIÓN GENERAL | BN10: EMPRESA QUE APORTA CERTIFICACIÓN DE IDONEIDAD (SOCIO 1 SI ES UT) | BO10: FOLIOS DE LA PROPUESTA | BP10: APORTA CERTIFICACIÓN DE IDONEIDAD DE LOS CANES (SI/NO) | BQ10: CANTIDAD DE CANES OFERTADOS | BR10: OBSERVACIONES (SOCIO 1 SI ES UT) | BS10: EMPRESA QUE APORTA CERTIFICACIÓN DE IDONEIDAD (SOCIO 2 SI ES UT) | BT10: FOLIOS DE LA PROPUESTA | BU10: APORTA CERTIFICACIÓN DE IDONEIDAD DE LOS CANES (SI/NO) | BV10: CANTIDAD DE CANES OFERTADOS | BW10: OBSERVACIONES (SOCIO 2 SI ES UT) | BX10: EMPRESA QUE APORTA CERTIFICACIÓN DE IDONEIDAD (SOCIO 3 SI ES UT) | BY10: FOLIOS DE LA PROPUESTA | BZ10: APORTA CERTIFICACIÓN DE IDONEIDAD DE LOS CANES (SI/NO) | CA10: CANTIDAD DE CANES OFERTADOS | CB10: OBSERVACIONES (SOCIO 3 SI ES UT) | CC10: EMPRESA QUE APORTA CERTIFICACIÓN DE IDONEIDAD (SOCIO 4 SI ES UT) | CD10: FOLIOS DE LA PROPUESTA | CE10: APORTA CERTIFICACIÓN DE IDONEIDAD DE LOS CANES (SI/NO) | CF10: CANTIDAD DE CANES OFERTADOS | CG10: OBSERVACIONES (SOCIO 4 SI ES UT) | CH10: CANES MINIMO QUE DEBE APORTAR EL PROPONENTE | CI10: CUMPLE / NO CUMPLE | CJ10: OBSERVACIÓN GENERAL | CL10: EMPRESA QUE APORTA LA CERTIFICACIÓN (SOCIO 1 SI ES UT) | CM10: FOLIOS DE LA PROPUESTA | CN10: SANCIONES (SI/NO) | CO10: EXPEDIDA 90 DÍAS HABILES ANTES DE LA FECHA DE CIERRE (DESDE 19/11/2020) (SI/NO) | CP10: OBSERVACIONES A LA EMPRESA (SOCIO 1 SI ES UT) | CQ10: EMPRESA QUE APORTA LA CERTIFICACIÓN (SOCIO 2 SI ES UT) | CR10: FOLIOS DE LA PROPUESTA | CS10: SANCIONES (SI/NO) | CT10: EXPEDIDA 90 DÍAS HABILES ANTES DE LA FECHA DE CIERRE (DESDE 19/11/2020) (SI/NO) | CU10: OBSERVACIONES A LA EMPRESA (SOCIO 2 SI ES UT) | CV10: EMPRESA QUE APORTA LA CERTIFICACIÓN (SOCIO 3 SI ES UT) | CW10: FOLIOS DE LA PROPUESTA | CX10: SANCIONES (SI/NO) | CY10: EXPEDIDA 90 DÍAS HABILES ANTES DE LA FECHA DE CIERRE (DESDE 19/11/2020) (SI/NO) | CZ10: OBSERVACIONES A LA EMPRESA (SOCIO 3 SI ES UT) | DA10: EMPRESA QUE APORTA LA CERTIFICACIÓN (SOCIO 4 SI ES UT) | DB10: FOLIOS DE LA PROPUESTA | DC10: SANCIONES (SI/NO) | DD10: EXPEDIDA 90 DÍAS HABILES ANTES DE LA FECHA DE CIERRE (DESDE 19/11/2020) (SI/NO) | DE10: OBSERVACIONES A LA EMPRESA (SOCIO 4 SI ES UT) | DF10: CUMPLE / NO CUMPLE | DG10: OBSERVACIÓN GENERAL | DI10: EMPRESA QUE APORTA LA CERTIFICACIÓN (SOCIO 1 SI ES UT) | DJ10: FOLIOS DE LA PROPUESTA | DK10: APORTA CERTIFICACIÓN POR EL REPRESENTANTE LEGAL (SI/NO) | DL10: OBSERVACIONES A LA EMPRESA (SOCIO 1 SI ES UT) | DM10: EMPRESA QUE APORTA LA CERTIFICACIÓN (SOCIO 2 SI ES UT) | DN10: FOLIOS DE LA PROPUESTA | DO10: APORTA CERTIFICACIÓN POR EL REPRESENTANTE LEGAL (SI/NO) | DP10: OBSERVACIONES A LA EMPRESA (SOCIO 2 SI ES UT) | DQ10: EMPRESA QUE APORTA LA CERTIFICACIÓN (SOCIO 3 SI ES UT) | DR10: FOLIOS DE LA PROPUESTA | DS10: APORTA CERTIFICACIÓN POR EL REPRESENTANTE LEGAL (SI/NO) | DT10: OBSERVACIONES A LA EMPRESA (SOCIO 3 SI ES UT) | DU10: EMPRESA QUE APORTA LA CERTIFICACIÓN (SOCIO 4 SI ES UT) | DV10: FOLIOS DE LA PROPUESTA | DW10: APORTA CERTIFICACIÓN POR EL REPRESENTANTE LEGAL (SI/NO) | DX10: OBSERVACIONES A LA EMPRESA (SOCIO 4 SI ES UT) | DY10: CUMPLE / NO CUMPLE | DZ10: OBSERVACIÓN GENERAL | EB10: EMPRESA 1 UT QUE APORTA LA CONSTANCIA (SOCIO 1 SI ES UT) | EC10: FOLIOS DE LA PROPUESTA | ED10: VIGENCIA | EE10: OBSERVACIONES A LA EMPRESA (SOCIO 1 SI ES UT) | EF10: EMPRESA 2 UT QUE APORTA LA CONTANCIA (SOCIO 2 SI ES UT) | EG10: FOLIOS DE LA PROPUESTA | EH10: VIGENCIA | EI10: OBSERVACIONES A LA EMPRESA (SOCIO 2 SI ES UT) | EJ10: EMPRESA 3 UT QUE APORTA LA CONTANCIA (SOCIO 3 SI ES UT) | EK10: FOLIOS DE LA PROPUESTA | EL10: VIGENCIA | EM10: OBSERVACIONES A LA EMPRESA (SOCIO 3 SI ES UT) | EN10: EMPRESA 4 UT QUE APORTA LA CONTANCIA (SOCIO 4 SI ES UT) | EO10: FOLIOS DE LA PROPUESTA | EP10: VIGENCIA | EQ10: OBSERVACIONES A LA EMPRESA (SOCIO 4 SI ES UT) | ER10: CUMPLE / NO CUMPLE | ES10: OBSERVACIÓN GENERAL | EU10: EMPRESA QUE APORTA LA PÓLIZA (SOCIO 1 SI ES UT) | EV10: FOLIOS DE LA PROPUESTA | EW10: VIGENCIA (SI/NO) | EX10: OBSERVACIONES A LA EMPRESA (SOCIO 1 SI ES UT) | EY10: EMPRESA QUE APORTA LA PÓLIZA (SOCIO 2 SI ES UT) | EZ10: FOLIOS DE LA PROPUESTA | FA10: VIGENCIA (SI/NO) | FB10: OBSERVACIONES A LA EMPRESA (SOCIO 2 SI ES UT) | FC10: EMPRESA QUE APORTA LA PÓLIZA (SOCIO 3 SI ES UT) | FD10: FOLIOS DE LA PROPUESTA | FE10: VIGENCIA (SI/NO) | FF10: OBSERVACIONES A LA EMPRESA (SOCIO 3 SI ES UT) | FG10: EMPRESA QUE APORTA LA PÓLIZA (SOCIO 4 SI ES UT) | FH10: FOLIOS DE LA PROPUESTA | FI10: VIGENCIA (SI/NO) | FJ10: OBSERVACIONES A LA EMPRESA (SOCIO 4 SI ES UT) | FK10: CUMPLE / NO CUMPLE | FL10: OBSERVACIÓN GENERAL | FN10: EMPRESA QUE APORTA LA RESOLUCIÓN (SOCIO 1 SI ES UT) | FO10: FOLIOS DE LA PROPUESTA | FP10: OBSERVACIONES A LA EMPRESA (SOCIO 1 SI ES UT) | FQ10: EMPRESA QUE APORTA LA RESOLUCIÓN (SOCIO 2 SI ES UT) | FR10: FOLIOS DE LA PROPUESTA | FS10: OBSERVACIONES A LA EMPRESA (SOCIO 2 SI ES UT) | FT10: EMPRESA QUE APORTA LA RESOLUCIÓN (SOCIO 3 SI ES UT) | FU10: FOLIOS DE LA PROPUESTA | FV10: OBSERVACIONES A LA EMPRESA (SOCIO 3 SI ES UT) | FW10: EMPRESA QUE APORTA LA RESOLUCIÓN (SOCIO 4 SI ES UT) | FX10: FOLIOS DE LA PROPUESTA | FY10: OBSERVACIONES A LA EMPRESA (SOCIO 4 SI ES UT) | FZ10: CUMPLE / NO CUMPLE | GA10: OBSERVACIÓN GENERAL | GC10: EMPRESA QUE APORTA LA RESOLUCION (SOCIO 1 SI ES UT) | GD10: FOLIOS DE LA PROPUESTA | GE10: VIGENCIA DE LA DE RESOLUCION (SI/NO) | GF10: FOLIO - RADICADO DE RENOVACIÓN ANTE LA DIRECCIÓN TERRITORIAL DEL DOMICILIO DEL PROPONENTE | GG10: FOLIO - EN CASO DE COOPERATIVAS DE TRABAJO ASOCIADO: COPIA DEL REGIMEN DE TRABAJO ASOCIADO Y REGIMEN DE COMPENSACION ART. 8 DECRETO 4950/2007 | GH10: OBSERVACIONES A LA EMPRESA (SOCIO 1 SI ES UT) | GI10: EMPRESA QUE APORTA LA RESOLUCION (SOCIO 2 SI ES UT) | GJ10: FOLIOS DE LA PROPUESTA | GK10: VIGENCIA DE LA DE RESOLUCION (SI/NO) | GL10: FOLIO - RADICADO DE RENOVACIÓN ANTE LA DIRECCIÓN TERRITORIAL DEL DOMICILIO DEL PROPONENTE | GM10: FOLIO - EN CASO DE COOPERATIVAS DE TRABAJO ASOCIADO: COPIA DEL REGIMEN DE TRABAJO ASOCIADO Y REGIMEN DE COMPENSACION ART. 8 DECRETO 4950/2007 | GN10: OBSERVACIONES A LA EMPRESA (SOCIO 2 SI ES UT) | GO10: EMPRESA QUE APORTA LA RESOLUCION (SOCIO 3 SI ES UT) | GP10: FOLIOS DE LA PROPUESTA | GQ10: VIGENCIA DE LA DE RESOLUCION (SI/NO) | GR10: FOLIO - RADICADO DE RENOVACIÓN ANTE LA DIRECCIÓN TERRITORIAL DEL DOMICILIO DEL PROPONENTE | GS10: FOLIO - EN CASO DE COOPERATIVAS DE TRABAJO ASOCIADO: COPIA DEL REGIMEN DE TRABAJO ASOCIADO Y REGIMEN DE COMPENSACION ART. 8 DECRETO 4950/2007 | GT10: OBSERVACIONES A LA EMPRESA (SOCIO 3 SI ES UT) | GU10: EMPRESA QUE APORTA LA RESOLUCION (SOCIO 4 SI ES UT) | GV10: FOLIOS DE LA PROPUESTA | GW10: VIGENCIA DE LA DE RESOLUCION (SI/NO) | GX10: FOLIO - RADICADO DE RENOVACIÓN ANTE LA DIRECCIÓN TERRITORIAL DEL DOMICILIO DEL PROPONENTE | GY10: FOLIO - EN CASO DE COOPERATIVAS DE TRABAJO ASOCIADO: COPIA DEL REGIMEN DE TRABAJO ASOCIADO Y REGIMEN DE COMPENSACION ART. 8 DECRETO 4950/2007 | GZ10: OBSERVACIONES A LA EMPRESA (SOCIO 4 SI ES UT) | HA10: CUMPLE / NO CUMPLE | HB10: OBSERVACIÓN GENERAL | HD10: EMPRESA QUE APORTA LA RESOLUCIÓN (SOCIO 1 SI ES UT) | HE10: FOLIOS DE LA PROPUESTA | HF10: ¿TIENEN RADIO FRECUENCIA MÍNIMO EN BOGOTÁ? | HG10: ¿TIENEN RADIO FRECUENCIA A NIVEL NACIONAL? (APLICA SOLO PARA GRUPOS 2 Y/O 4) | HH10: OBSERVACIONES (SOCIO 1 SI ES UT) | HI10: EMPRESA QUE APORTA LA RESOLUCIÓN (SOCIO 2 SI ES UT) | HJ10: FOLIOS DE LA PROPUESTA | HK10: ¿TIENEN RADIO FRECUENCIA MÍNIMO EN BOGOTÁ? | HL10: ¿TIENEN RADIO FRECUENCIA A NIVEL NACIONAL? (APLICA SOLO PARA GRUPOS 2 Y/O 4) | HM10: OBSERVACIONES (SOCIO 2 SI ES UT) | HN10: EMPRESA QUE APORTA LA RESOLUCIÓN (SOCIO 3 SI ES UT) | HO10: FOLIOS DE LA PROPUESTA | HP10: ¿TIENEN RADIO FRECUENCIA MÍNIMO EN BOGOTÁ? | HQ10: ¿TIENEN RADIO FRECUENCIA A NIVEL NACIONAL? (APLICA SOLO PARA GRUPOS 2 Y/O 4) | HR10: OBSERVACIONES (SOCIO 3 SI ES UT) | HS10: EMPRESA QUE APORTA LA RESOLUCIÓN (SOCIO 4 SI ES UT) | HT10: FOLIOS DE LA PROPUESTA | HU10: ¿TIENEN RADIO FRECUENCIA MÍNIMO EN BOGOTÁ? | HV10: ¿TIENEN RADIO FRECUENCIA A NIVEL NACIONAL? (APLICA SOLO PARA GRUPOS 2 Y/O 4) | HW10: OBSERVACIONES (SOCIO 4 SI ES UT) | HX10: CUMPLE / NO CUMPLE | HY10: OBSERVACIÓN GENERAL | IA10: EMPRESA QUE APORTA CONTRATO DE SERVICIOS DE TELEFONÍA CELULAR (SOCIO 1 SI ES UT) | IB10: FOLIOS DE LA PROPUESTA | IC10: ¿CUMPLE CON LA COBERTURA NACIONAL DEL SERVICIO? | ID10: OBSERVACIONES (SOCIO 1 SI ES UT) | IE10: EMPRESA QUE APORTA CONTRATO DE SERVICIOS DE TELEFONÍA CELULAR (SOCIO 2 SI ES UT) | IF10: FOLIOS DE LA PROPUESTA | IG10: ¿CUMPLE CON LA COBERTURA NACIONAL DEL SERVICIO? | IH10: OBSERVACIONES (SOCIO 2 SI ES UT) | II10: EMPRESA QUE APORTA CONTRATO DE SERVICIOS DE TELEFONÍA CELULAR (SOCIO 3 SI ES UT) | IJ10: FOLIOS DE LA PROPUESTA | IK10: ¿CUMPLE CON LA COBERTURA NACIONAL DEL SERVICIO? | IL10: OBSERVACIONES (SOCIO 3 SI ES UT) | IM10: EMPRESA QUE APORTA CONTRATO DE SERVICIOS DE TELEFONÍA CELULAR (SOCIO 4 SI ES UT) | IN10: FOLIOS DE LA PROPUESTA | IO10: ¿CUMPLE CON LA COBERTURA NACIONAL DEL SERVICIO? | IP10: OBSERVACIONES (SOCIO 4 SI ES UT) | IQ10: CUMPLE / NO CUMPLE | IR10: OBSERVACIÓN GENERAL | IT10: ANEXO FIRMADO (SI - NO) | IU10: FOLIO | IV10: CUMPLE / NO CUMPLE | IW10: OBSERVACIÓN GENERAL
A11: =A23 -> 1 | B11: 1 | C11: =IF(Proponentes!B2>0,Proponentes!B2,"") -> UNIÓN TEMPORAL L&W | E11: SEGURIDAD LASER LTDA. | F11: 1-15 | G11: 45350 | H11: SI | I11: NO | L11: WEST ARMY SECURITY LTDA | M11: 23 - 40 | N11: 47268 | O11: SI | AG11: =IF(E11="","",IF(K11=0,IF(R11=0,IF(Y11=0,IF(AF11=0,"CUMPLE","NO CUMPLE"),"NO CUMPLE"),"NO CUMPLE"),"NO CUMPLE")) -> CUMPLE | AJ11: =IF(E11>0,E11,"") -> SEGURIDAD LASER LTDA. | AQ11: WEST ARMY SECURITY LTDA | AR11: SI | AS11: 23-39 | AT11: 47268 | AU11: NO | BL11: =IF(AJ11="","",IF(AP11=0,IF(AW11=0,IF(BD11=0,IF(BK11=0,"CUMPLE","NO CUMPLE"),"NO CUMPLE"),"NO CUMPLE"),"NO CUMPLE")) -> CUMPLE | BN11: =IF(E11>0,E11,"") -> SEGURIDAD LASER LTDA. | BO11: 1-19 | BP11: SI | BQ11: 19 | BS11: =IF(L11>0,L11,"") -> WEST ARMY SECURITY LTDA | BT11: 20-38 | BU11: SI | BV11: 19 | BX11: =IF(S11>0,S11,"") | CC11: =IF(Z11>0,Z11,"") | CH11: =Proponentes!N2 -> 0 | CI11: =IF(BN11="","",IF(CJ11=0,"CUMPLE","NO CUMPLE")) -> CUMPLE | CL11: =IF(E11>0,E11,"") -> SEGURIDAD LASER LTDA. | CM11: 1 | CN11: NO | CO11: SI | CQ11: WEST ARMY SECURITY LTDA | CR11: 2 | CS11: NO | CT11: SI | DF11: =IF(CL11="","",IF(CP11=0,IF(CU11=0,IF(CZ11=0,IF(DE11=0,"CUMPLE","NO CUMPLE"),"NO CUMPLE"),"NO CUMPLE"),"NO CUMPLE")) -> CUMPLE | DI11: =IF(E11>0,E11,"") -> SEGURIDAD LASER LTDA. | DJ11: 1 | DK11: SI | DM11: WEST SECURITY ARMY LTDA | DN11: 2 | DO11: SI | DY11: =IF(DI11="","",IF(DL11=0,IF(DP11=0,IF(DT11=0,IF(DX11=0,"CUMPLE","NO CUMPLE"),"NO CUMPLE"),"NO CUMPLE"),"NO CUMPLE")) -> CUMPLE | EB11: =IF(E11>0,E11,"") -> SEGURIDAD LASER LTDA. | EC11: 1 | ED11: SI | EF11: WEST ARMY SECURITY LTDA | EG11: 2 | EH11: SI | ER11: =IF(EB11="","",IF(EE11=0,IF(EI11=0,IF(EM11=0,IF(EQ11=0,"CUMPLE","NO CUMPLE"),"NO CUMPLE"),"NO CUMPLE"),"NO CUMPLE")) -> CUMPLE | EU11: =IF(E11>0,E11,"") -> SEGURIDAD LASER LTDA. | EV11: 1-9 | EW11: SI | EY11: WEST ARMY SECURITY LTDA. | EZ11: 10-18 | FA11: SI | FK11: =IF(EU11="","",IF(EX11=0,IF(FB11=0,IF(FF11=0,IF(FJ11=0,"CUMPLE","NO CUMPLE"),"NO CUMPLE"),"NO CUMPLE"),"NO CUMPLE")) -> CUMPLE | FN11: =IF(E11>0,E11,"") -> SEGURIDAD LASER LTDA. | FO11: 1 A 3 | FQ11: WEST SECURITY ARMY LTDA. | FR11: 4 A 7 | FZ11: =IF(FN11="","",IF(FP11=0,IF(FS11=0,IF(FV11=0,IF(FY11=0,"CUMPLE","NO CUMPLE"),"NO CUMPLE"),"NO CUMPLE"),"NO CUMPLE")) -> CUMPLE | GC11: =IF(E11>0,E11,"") -> SEGURIDAD LASER LTDA. | GD11: 1-3 | GE11: SI | GI11: WEST ARMY SECURITY LTDA | GJ11: 4-8 | GK11: SI | HA11: =IF(GC11="","",IF(GH11=0,IF(GN11=0,IF(GT11=0,IF(GZ11=0,"CUMPLE","NO CUMPLE"),"NO CUMPLE"),"NO CUMPLE"),"NO CUMPLE")) -> CUMPLE | HD11: =IF(E11>0,E11,"") -> SEGURIDAD LASER LTDA. | HE11: 1 AL 9 | HF11: SI | HI11: WEST ARMY SECURITY LTDA | HJ11: 10 A 21 | HK11: SI | HX11: =IF(HD11="","",IF(HH11=0,IF(HM11=0,IF(HR11=0,IF(HW11=0,"CUMPLE","NO CUMPLE"),"NO CUMPLE"),"NO CUMPLE"),"NO CUMPLE")) -> CUMPLE | IA11: =IF(E11>0,E11,"") -> SEGURIDAD LASER LTDA. | IB11: 1 A 2 | IC11: SI | IE11: WEST ARMY SECURITY LTDA | IF11: 3 | IG11: SI | IQ11: =IF(IA11="","",IF(ID11=0,IF(IH11=0,IF(IL11=0,IF(IP11=0,"CUMPLE","NO CUMPLE"),"NO CUMPLE"),"NO CUMPLE"),"NO CUMPLE")) -> CUMPLE | IT11: SI | IU11: 1 Y 2 | IV11: =IF(IT11<>"",IF(IT11="SI",IF($IW$11=0,"CUMPLE","NO CUMPLE"),"NO CUMPLE"),"") -> CUMPLE
B12: 2 | C12: =IF(Proponentes!B3>0,Proponentes!B3,"") | AG12: =IF(E12="","",IF(K12=0,IF(R12=0,IF(Y12=0,IF(AF12=0,"CUMPLE","NO CUMPLE"),"NO CUMPLE"),"NO CUMPLE"),"NO CUMPLE")) | AJ12: =IF(E12>0,E12,"") | BL12: =IF(AJ12="","",IF(AP12=0,IF(AW12=0,IF(BD12=0,IF(BK12=0,"CUMPLE","NO CUMPLE"),"NO CUMPLE"),"NO CUMPLE"),"NO CUMPLE")) | BN12: =IF(E12>0,E12,"") | BS12: =IF(L12>0,L12,"") | BX12: =IF(S12>0,S12,"") | CC12: =IF(Z12>0,Z12,"") | CI12: =IF(BN12="","",IF(CJ12=0,"CUMPLE","NO CUMPLE")) | CL12: =IF(E12>0,E12,"") | DF12: =IF(CL12="","",IF(CP12=0,IF(CU12=0,IF(CZ12=0,IF(DE12=0,"CUMPLE","NO CUMPLE"),"NO CUMPLE"),"NO CUMPLE"),"NO CUMPLE")) | DI12: =IF(E12>0,E12,"") | DY12: =IF(DI12="","",IF(DL12=0,IF(DP12=0,IF(DT12=0,IF(DX12=0,"CUMPLE","NO CUMPLE"),"NO CUMPLE"),"NO CUMPLE"),"NO CUMPLE")) | EB12: =IF(E12>0,E12,"") | ER12: =IF(EB12="","",IF(EE12=0,IF(EI12=0,IF(EM12=0,IF(EQ12=0,"CUMPLE","NO CUMPLE"),"NO CUMPLE"),"NO CUMPLE"),"NO CUMPLE")) | EU12: =IF(E12>0,E12,"") | FK12: =IF(EU12="","",IF(EX12=0,IF(FB12=0,IF(FF12=0,IF(FJ12=0,"CUMPLE","NO CUMPLE"),"NO CUMPLE"),"NO CUMPLE"),"NO CUMPLE")) | FN12: =IF(E12>0,E12,"") | FZ12: =IF(FN12="","",IF(FP12=0,IF(FS12=0,IF(FV12=0,IF(FY12=0,"CUMPLE","NO CUMPLE"),"NO CUMPLE"),"NO CUMPLE"),"NO CUMPLE")) | GC12: =IF(E12>0,E12,"") | HA12: =IF(GC12="","",IF(GH12=0,IF(GN12=0,IF(GT12=0,IF(GZ12=0,"CUMPLE","NO CUMPLE"),"NO CUMPLE"),"NO CUMPLE"),"NO CUMPLE")) | HD12: =IF(E12>0,E12,"") | HX12: =IF(HD12="","",IF(HH12=0,IF(HM12=0,IF(HR12=0,IF(HW12=0,"CUMPLE","NO CUMPLE"),"NO CUMPLE"),"NO CUMPLE"),"NO CUMPLE")) | IA12: =IF(E12>0,E12,"") | IQ12: =IF(IA12="","",IF(ID12=0,IF(IH12=0,IF(IL12=0,IF(IP12=0,"CUMPLE","NO CUMPLE"),"NO CUMPLE"),"NO CUMPLE"),"NO CUMPLE")) | IV12: =IF(IT12<>"",IF(IT12="SI",IF($IW$11=0,"CUMPLE","NO CUMPLE"),"NO CUMPLE"),"")
B13: 3 | C13: =IF(Proponentes!B4>0,Proponentes!B4,"") | AG13: =IF(E13="","",IF(K13=0,IF(R13=0,IF(Y13=0,IF(AF13=0,"CUMPLE","NO CUMPLE"),"NO CUMPLE"),"NO CUMPLE"),"NO CUMPLE")) | AJ13: =IF(E13>0,E13,"") | BL13: =IF(AJ13="","",IF(AP13=0,IF(AW13=0,IF(BD13=0,IF(BK13=0,"CUMPLE","NO CUMPLE"),"NO CUMPLE"),"NO CUMPLE"),"NO CUMPLE")) | BN13: =IF(E13>0,E13,"") | BS13: =IF(L13>0,L13,"") | BX13: =IF(S13>0,S13,"") | CC13: =IF(Z13>0,Z13,"") | CI13: =IF(BN13="","",IF(CJ13=0,"CUMPLE","NO CUMPLE")) | CL13: =IF(E13>0,E13,"") | DF13: =IF(CL13="","",IF(CP13=0,IF(CU13=0,IF(CZ13=0,IF(DE13=0,"CUMPLE","NO CUMPLE"),"NO CUMPLE"),"NO CUMPLE"),"NO CUMPLE")) | DI13: =IF(E13>0,E13,"") | DY13: =IF(DI13="","",IF(DL13=0,IF(DP13=0,IF(DT13=0,IF(DX13=0,"CUMPLE","NO CUMPLE"),"NO CUMPLE"),"NO CUMPLE"),"NO CUMPLE")) | EB13: =IF(E13>0,E13,"") | ER13: =IF(EB13="","",IF(EE13=0,IF(EI13=0,IF(EM13=0,IF(EQ13=0,"CUMPLE","NO CUMPLE"),"NO CUMPLE"),"NO CUMPLE"),"NO CUMPLE")) | EU13: =IF(E13>0,E13,"") | FK13: =IF(EU13="","",IF(EX13=0,IF(FB13=0,IF(FF13=0,IF(FJ13=0,"CUMPLE","NO CUMPLE"),"NO CUMPLE"),"NO CUMPLE"),"NO CUMPLE")) | FN13: =IF(E13>0,E13,"") | FZ13: =IF(FN13="","",IF(FP13=0,IF(FS13=0,IF(FV13=0,IF(FY13=0,"CUMPLE","NO CUMPLE"),"NO CUMPLE"),"NO CUMPLE"),"NO CUMPLE")) | GC13: =IF(E13>0,E13,"") | HA13: =IF(GC13="","",IF(GH13=0,IF(GN13=0,IF(GT13=0,IF(GZ13=0,"CUMPLE","NO CUMPLE"),"NO CUMPLE"),"NO CUMPLE"),"NO CUMPLE")) | HD13: =IF(E13>0,E13,"") | HX13: =IF(HD13="","",IF(HH13=0,IF(HM13=0,IF(HR13=0,IF(HW13=0,"CUMPLE","NO CUMPLE"),"NO CUMPLE"),"NO CUMPLE"),"NO CUMPLE")) | IA13: =IF(E13>0,E13,"") | IQ13: =IF(IA13="","",IF(ID13=0,IF(IH13=0,IF(IL13=0,IF(IP13=0,"CUMPLE","NO CUMPLE"),"NO CUMPLE"),"NO CUMPLE"),"NO CUMPLE")) | IV13: =IF(IT13<>"",IF(IT13="SI",IF($IW$11=0,"CUMPLE","NO CUMPLE"),"NO CUMPLE"),"")
B14: 4 | C14: =IF(Proponentes!B5>0,Proponentes!B5,"") | AG14: =IF(E14="","",IF(K14=0,IF(R14=0,IF(Y14=0,IF(AF14=0,"CUMPLE","NO CUMPLE"),"NO CUMPLE"),"NO CUMPLE"),"NO CUMPLE")) | AJ14: =IF(E14>0,E14,"") | BL14: =IF(AJ14="","",IF(AP14=0,IF(AW14=0,IF(BD14=0,IF(BK14=0,"CUMPLE","NO CUMPLE"),"NO CUMPLE"),"NO CUMPLE"),"NO CUMPLE")) | BN14: =IF(E14>0,E14,"") | BS14: =IF(L14>0,L14,"") | BX14: =IF(S14>0,S14,"") | CC14: =IF(Z14>0,Z14,"") | CI14: =IF(BN14="","",IF(CJ14=0,"CUMPLE","NO CUMPLE")) | CL14: =IF(E14>0,E14,"") | DF14: =IF(CL14="","",IF(CP14=0,IF(CU14=0,IF(CZ14=0,IF(DE14=0,"CUMPLE","NO CUMPLE"),"NO CUMPLE"),"NO CUMPLE"),"NO CUMPLE")) | DI14: =IF(E14>0,E14,"") | DY14: =IF(DI14="","",IF(DL14=0,IF(DP14=0,IF(DT14=0,IF(DX14=0,"CUMPLE","NO CUMPLE"),"NO CUMPLE"),"NO CUMPLE"),"NO CUMPLE")) | EB14: =IF(E14>0,E14,"") | ER14: =IF(EB14="","",IF(EE14=0,IF(EI14=0,IF(EM14=0,IF(EQ14=0,"CUMPLE","NO CUMPLE"),"NO CUMPLE"),"NO CUMPLE"),"NO CUMPLE")) | EU14: =IF(E14>0,E14,"") | FK14: =IF(EU14="","",IF(EX14=0,IF(FB14=0,IF(FF14=0,IF(FJ14=0,"CUMPLE","NO CUMPLE"),"NO CUMPLE"),"NO CUMPLE"),"NO CUMPLE")) | FN14: =IF(E14>0,E14,"") | FZ14: =IF(FN14="","",IF(FP14=0,IF(FS14=0,IF(FV14=0,IF(FY14=0,"CUMPLE","NO CUMPLE"),"NO CUMPLE"),"NO CUMPLE"),"NO CUMPLE")) | GC14: =IF(E14>0,E14,"") | HA14: =IF(GC14="","",IF(GH14=0,IF(GN14=0,IF(GT14=0,IF(GZ14=0,"CUMPLE","NO CUMPLE"),"NO CUMPLE"),"NO CUMPLE"),"NO CUMPLE")) | HD14: =IF(E14>0,E14,"") | HX14: =IF(HD14="","",IF(HH14=0,IF(HM14=0,IF(HR14=0,IF(HW14=0,"CUMPLE","NO CUMPLE"),"NO CUMPLE"),"NO CUMPLE"),"NO CUMPLE")) | IA14: =IF(E14>0,E14,"") | IQ14: =IF(IA14="","",IF(ID14=0,IF(IH14=0,IF(IL14=0,IF(IP14=0,"CUMPLE","NO CUMPLE"),"NO CUMPLE"),"NO CUMPLE"),"NO CUMPLE")) | IV14: =IF(IT14<>"",IF(IT14="SI",IF($IW$11=0,"CUMPLE","NO CUMPLE"),"NO CUMPLE"),"")
B15: 5 | C15: =IF(Proponentes!B6>0,Proponentes!B6,"") | AG15: =IF(E15="","",IF(K15=0,IF(R15=0,IF(Y15=0,IF(AF15=0,"CUMPLE","NO CUMPLE"),"NO CUMPLE"),"NO CUMPLE"),"NO CUMPLE")) | AJ15: =IF(E15>0,E15,"") | BL15: =IF(AJ15="","",IF(AP15=0,IF(AW15=0,IF(BD15=0,IF(BK15=0,"CUMPLE","NO CUMPLE"),"NO CUMPLE"),"NO CUMPLE"),"NO CUMPLE")) | BN15: =IF(E15>0,E15,"") | BS15: =IF(L15>0,L15,"") | BX15: =IF(S15>0,S15,"") | CC15: =IF(Z15>0,Z15,"") | CI15: =IF(BN15="","",IF(CJ15=0,"CUMPLE","NO CUMPLE")) | CL15: =IF(E15>0,E15,"") | DF15: =IF(CL15="","",IF(CP15=0,IF(CU15=0,IF(CZ15=0,IF(DE15=0,"CUMPLE","NO CUMPLE"),"NO CUMPLE"),"NO CUMPLE"),"NO CUMPLE")) | DI15: =IF(E15>0,E15,"") | DY15: =IF(DI15="","",IF(DL15=0,IF(DP15=0,IF(DT15=0,IF(DX15=0,"CUMPLE","NO CUMPLE"),"NO CUMPLE"),"NO CUMPLE"),"NO CUMPLE")) | EB15: =IF(E15>0,E15,"") | ER15: =IF(EB15="","",IF(EE15=0,IF(EI15=0,IF(EM15=0,IF(EQ15=0,"CUMPLE","NO CUMPLE"),"NO CUMPLE"),"NO CUMPLE"),"NO CUMPLE")) | EU15: =IF(E15>0,E15,"") | FK15: =IF(EU15="","",IF(EX15=0,IF(FB15=0,IF(FF15=0,IF(FJ15=0,"CUMPLE","NO CUMPLE"),"NO CUMPLE"),"NO CUMPLE"),"NO CUMPLE")) | FN15: =IF(E15>0,E15,"") | FZ15: =IF(FN15="","",IF(FP15=0,IF(FS15=0,IF(FV15=0,IF(FY15=0,"CUMPLE","NO CUMPLE"),"NO CUMPLE"),"NO CUMPLE"),"NO CUMPLE")) | GC15: =IF(E15>0,E15,"") | HA15: =IF(GC15="","",IF(GH15=0,IF(GN15=0,IF(GT15=0,IF(GZ15=0,"CUMPLE","NO CUMPLE"),"NO CUMPLE"),"NO CUMPLE"),"NO CUMPLE")) | HD15: =IF(E15>0,E15,"") | HX15: =IF(HD15="","",IF(HH15=0,IF(HM15=0,IF(HR15=0,IF(HW15=0,"CUMPLE","NO CUMPLE"),"NO CUMPLE"),"NO CUMPLE"),"NO CUMPLE")) | IA15: =IF(E15>0,E15,"") | IQ15: =IF(IA15="","",IF(ID15=0,IF(IH15=0,IF(IL15=0,IF(IP15=0,"CUMPLE","NO CUMPLE"),"NO CUMPLE"),"NO CUMPLE"),"NO CUMPLE")) | IV15: =IF(IT15<>"",IF(IT15="SI",IF($IW$11=0,"CUMPLE","NO CUMPLE"),"NO CUMPLE"),"")
B16: 6 | C16: =IF(Proponentes!B7>0,Proponentes!B7,"") | AG16: =IF(E16="","",IF(K16=0,IF(R16=0,IF(Y16=0,IF(AF16=0,"CUMPLE","NO CUMPLE"),"NO CUMPLE"),"NO CUMPLE"),"NO CUMPLE")) | AJ16: =IF(E16>0,E16,"") | BL16: =IF(AJ16="","",IF(AP16=0,IF(AW16=0,IF(BD16=0,IF(BK16=0,"CUMPLE","NO CUMPLE"),"NO CUMPLE"),"NO CUMPLE"),"NO CUMPLE")) | BN16: =IF(E16>0,E16,"") | BS16: =IF(L16>0,L16,"") | BX16: =IF(S16>0,S16,"") | CC16: =IF(Z16>0,Z16,"") | CI16: =IF(BN16="","",IF(CJ16=0,"CUMPLE","NO CUMPLE")) | CL16: =IF(E16>0,E16,"") | DF16: =IF(CL16="","",IF(CP16=0,IF(CU16=0,IF(CZ16=0,IF(DE16=0,"CUMPLE","NO CUMPLE"),"NO CUMPLE"),"NO CUMPLE"),"NO CUMPLE")) | DI16: =IF(E16>0,E16,"") | DY16: =IF(DI16="","",IF(DL16=0,IF(DP16=0,IF(DT16=0,IF(DX16=0,"CUMPLE","NO CUMPLE"),"NO CUMPLE"),"NO CUMPLE"),"NO CUMPLE")) | EB16: =IF(E16>0,E16,"") | ER16: =IF(EB16="","",IF(EE16=0,IF(EI16=0,IF(EM16=0,IF(EQ16=0,"CUMPLE","NO CUMPLE"),"NO CUMPLE"),"NO CUMPLE"),"NO CUMPLE")) | EU16: =IF(E16>0,E16,"") | FK16: =IF(EU16="","",IF(EX16=0,IF(FB16=0,IF(FF16=0,IF(FJ16=0,"CUMPLE","NO CUMPLE"),"NO CUMPLE"),"NO CUMPLE"),"NO CUMPLE")) | FN16: =IF(E16>0,E16,"") | FZ16: =IF(FN16="","",IF(FP16=0,IF(FS16=0,IF(FV16=0,IF(FY16=0,"CUMPLE","NO CUMPLE"),"NO CUMPLE"),"NO CUMPLE"),"NO CUMPLE")) | GC16: =IF(E16>0,E16,"") | HA16: =IF(GC16="","",IF(GH16=0,IF(GN16=0,IF(GT16=0,IF(GZ16=0,"CUMPLE","NO CUMPLE"),"NO CUMPLE"),"NO CUMPLE"),"NO CUMPLE")) | HD16: =IF(E16>0,E16,"") | HX16: =IF(HD16="","",IF(HH16=0,IF(HM16=0,IF(HR16=0,IF(HW16=0,"CUMPLE","NO CUMPLE"),"NO CUMPLE"),"NO CUMPLE"),"NO CUMPLE")) | IA16: =IF(E16>0,E16,"") | IQ16: =IF(IA16="","",IF(ID16=0,IF(IH16=0,IF(IL16=0,IF(IP16=0,"CUMPLE","NO CUMPLE"),"NO CUMPLE"),"NO CUMPLE"),"NO CUMPLE")) | IV16: =IF(IT16<>"",IF(IT16="SI",IF($IW$11=0,"CUMPLE","NO CUMPLE"),"NO CUMPLE"),"")
B17: 7 | C17: =IF(Proponentes!B8>0,Proponentes!B8,"") | AG17: =IF(E17="","",IF(K17=0,IF(R17=0,IF(Y17=0,IF(AF17=0,"CUMPLE","NO CUMPLE"),"NO CUMPLE"),"NO CUMPLE"),"NO CUMPLE")) | AJ17: =IF(E17>0,E17,"") | BL17: =IF(AJ17="","",IF(AP17=0,IF(AW17=0,IF(BD17=0,IF(BK17=0,"CUMPLE","NO CUMPLE"),"NO CUMPLE"),"NO CUMPLE"),"NO CUMPLE")) | BN17: =IF(E17>0,E17,"") | BS17: =IF(L17>0,L17,"") | BX17: =IF(S17>0,S17,"") | CC17: =IF(Z17>0,Z17,"") | CI17: =IF(BN17="","",IF(CJ17=0,"CUMPLE","NO CUMPLE")) | CL17: =IF(E17>0,E17,"") | DF17: =IF(CL17="","",IF(CP17=0,IF(CU17=0,IF(CZ17=0,IF(DE17=0,"CUMPLE","NO CUMPLE"),"NO CUMPLE"),"NO CUMPLE"),"NO CUMPLE")) | DI17: =IF(E17>0,E17,"") | DY17: =IF(DI17="","",IF(DL17=0,IF(DP17=0,IF(DT17=0,IF(DX17=0,"CUMPLE","NO CUMPLE"),"NO CUMPLE"),"NO CUMPLE"),"NO CUMPLE")) | EB17: =IF(E17>0,E17,"") | ER17: =IF(EB17="","",IF(EE17=0,IF(EI17=0,IF(EM17=0,IF(EQ17=0,"CUMPLE","NO CUMPLE"),"NO CUMPLE"),"NO CUMPLE"),"NO CUMPLE")) | EU17: =IF(E17>0,E17,"") | FK17: =IF(EU17="","",IF(EX17=0,IF(FB17=0,IF(FF17=0,IF(FJ17=0,"CUMPLE","NO CUMPLE"),"NO CUMPLE"),"NO CUMPLE"),"NO CUMPLE")) | FN17: =IF(E17>0,E17,"") | FZ17: =IF(FN17="","",IF(FP17=0,IF(FS17=0,IF(FV17=0,IF(FY17=0,"CUMPLE","NO CUMPLE"),"NO CUMPLE"),"NO CUMPLE"),"NO CUMPLE")) | GC17: =IF(E17>0,E17,"") | HA17: =IF(GC17="","",IF(GH17=0,IF(GN17=0,IF(GT17=0,IF(GZ17=0,"CUMPLE","NO CUMPLE"),"NO CUMPLE"),"NO CUMPLE"),"NO CUMPLE")) | HD17: =IF(E17>0,E17,"") | HX17: =IF(HD17="","",IF(HH17=0,IF(HM17=0,IF(HR17=0,IF(HW17=0,"CUMPLE","NO CUMPLE"),"NO CUMPLE"),"NO CUMPLE"),"NO CUMPLE")) | IA17: =IF(E17>0,E17,"") | IQ17: =IF(IA17="","",IF(ID17=0,IF(IH17=0,IF(IL17=0,IF(IP17=0,"CUMPLE","NO CUMPLE"),"NO CUMPLE"),"NO CUMPLE"),"NO CUMPLE")) | IV17: =IF(IT17<>"",IF(IT17="SI",IF($IW$11=0,"CUMPLE","NO CUMPLE"),"NO CUMPLE"),"")
B18: 8 | C18: =IF(Proponentes!B9>0,Proponentes!B9,"") | AG18: =IF(E18="","",IF(K18=0,IF(R18=0,IF(Y18=0,IF(AF18=0,"CUMPLE","NO CUMPLE"),"NO CUMPLE"),"NO CUMPLE"),"NO CUMPLE")) | AJ18: =IF(E18>0,E18,"") | BL18: =IF(AJ18="","",IF(AP18=0,IF(AW18=0,IF(BD18=0,IF(BK18=0,"CUMPLE","NO CUMPLE"),"NO CUMPLE"),"NO CUMPLE"),"NO CUMPLE")) | BN18: =IF(E18>0,E18,"") | BS18: =IF(L18>0,L18,"") | BX18: =IF(S18>0,S18,"") | CC18: =IF(Z18>0,Z18,"") | CI18: =IF(BN18="","",IF(CJ18=0,"CUMPLE","NO CUMPLE")) | CL18: =IF(E18>0,E18,"") | DF18: =IF(CL18="","",IF(CP18=0,IF(CU18=0,IF(CZ18=0,IF(DE18=0,"CUMPLE","NO CUMPLE"),"NO CUMPLE"),"NO CUMPLE"),"NO CUMPLE")) | DI18: =IF(E18>0,E18,"") | DY18: =IF(DI18="","",IF(DL18=0,IF(DP18=0,IF(DT18=0,IF(DX18=0,"CUMPLE","NO CUMPLE"),"NO CUMPLE"),"NO CUMPLE"),"NO CUMPLE")) | EB18: =IF(E18>0,E18,"") | ER18: =IF(EB18="","",IF(EE18=0,IF(EI18=0,IF(EM18=0,IF(EQ18=0,"CUMPLE","NO CUMPLE"),"NO CUMPLE"),"NO CUMPLE"),"NO CUMPLE")) | EU18: =IF(E18>0,E18,"") | FK18: =IF(EU18="","",IF(EX18=0,IF(FB18=0,IF(FF18=0,IF(FJ18=0,"CUMPLE","NO CUMPLE"),"NO CUMPLE"),"NO CUMPLE"),"NO CUMPLE")) | FN18: =IF(E18>0,E18,"") | FZ18: =IF(FN18="","",IF(FP18=0,IF(FS18=0,IF(FV18=0,IF(FY18=0,"CUMPLE","NO CUMPLE"),"NO CUMPLE"),"NO CUMPLE"),"NO CUMPLE")) | GC18: =IF(E18>0,E18,"") | HA18: =IF(GC18="","",IF(GH18=0,IF(GN18=0,IF(GT18=0,IF(GZ18=0,"CUMPLE","NO CUMPLE"),"NO CUMPLE"),"NO CUMPLE"),"NO CUMPLE")) | HD18: =IF(E18>0,E18,"") | HX18: =IF(HD18="","",IF(HH18=0,IF(HM18=0,IF(HR18=0,IF(HW18=0,"CUMPLE","NO CUMPLE"),"NO CUMPLE"),"NO CUMPLE"),"NO CUMPLE")) | IA18: =IF(E18>0,E18,"") | IQ18: =IF(IA18="","",IF(ID18=0,IF(IH18=0,IF(IL18=0,IF(IP18=0,"CUMPLE","NO CUMPLE"),"NO CUMPLE"),"NO CUMPLE"),"NO CUMPLE")) | IV18: =IF(IT18<>"",IF(IT18="SI",IF($IW$11=0,"CUMPLE","NO CUMPLE"),"NO CUMPLE"),"")
B19: 9 | C19: =IF(Proponentes!B10>0,Proponentes!B10,"") | AG19: =IF(E19="","",IF(K19=0,IF(R19=0,IF(Y19=0,IF(AF19=0,"CUMPLE","NO CUMPLE"),"NO CUMPLE"),"NO CUMPLE"),"NO CUMPLE")) | AJ19: =IF(E19>0,E19,"") | BL19: =IF(AJ19="","",IF(AP19=0,IF(AW19=0,IF(BD19=0,IF(BK19=0,"CUMPLE","NO CUMPLE"),"NO CUMPLE"),"NO CUMPLE"),"NO CUMPLE")) | BN19: =IF(E19>0,E19,"") | BS19: =IF(L19>0,L19,"") | BX19: =IF(S19>0,S19,"") | CC19: =IF(Z19>0,Z19,"") | CI19: =IF(BN19="","",IF(CJ19=0,"CUMPLE","NO CUMPLE")) | CL19: =IF(E19>0,E19,"") | DF19: =IF(CL19="","",IF(CP19=0,IF(CU19=0,IF(CZ19=0,IF(DE19=0,"CUMPLE","NO CUMPLE"),"NO CUMPLE"),"NO CUMPLE"),"NO CUMPLE")) | DI19: =IF(E19>0,E19,"") | DY19: =IF(DI19="","",IF(DL19=0,IF(DP19=0,IF(DT19=0,IF(DX19=0,"CUMPLE","NO CUMPLE"),"NO CUMPLE"),"NO CUMPLE"),"NO CUMPLE")) | EB19: =IF(E19>0,E19,"") | ER19: =IF(EB19="","",IF(EE19=0,IF(EI19=0,IF(EM19=0,IF(EQ19=0,"CUMPLE","NO CUMPLE"),"NO CUMPLE"),"NO CUMPLE"),"NO CUMPLE")) | EU19: =IF(E19>0,E19,"") | FK19: =IF(EU19="","",IF(EX19=0,IF(FB19=0,IF(FF19=0,IF(FJ19=0,"CUMPLE","NO CUMPLE"),"NO CUMPLE"),"NO CUMPLE"),"NO CUMPLE")) | FN19: =IF(E19>0,E19,"") | FZ19: =IF(FN19="","",IF(FP19=0,IF(FS19=0,IF(FV19=0,IF(FY19=0,"CUMPLE","NO CUMPLE"),"NO CUMPLE"),"NO CUMPLE"),"NO CUMPLE")) | GC19: =IF(E19>0,E19,"") | HA19: =IF(GC19="","",IF(GH19=0,IF(GN19=0,IF(GT19=0,IF(GZ19=0,"CUMPLE","NO CUMPLE"),"NO CUMPLE"),"NO CUMPLE"),"NO CUMPLE")) | HD19: =IF(E19>0,E19,"") | HX19: =IF(HD19="","",IF(HH19=0,IF(HM19=0,IF(HR19=0,IF(HW19=0,"CUMPLE","NO CUMPLE"),"NO CUMPLE"),"NO CUMPLE"),"NO CUMPLE")) | IA19: =IF(E19>0,E19,"") | IQ19: =IF(IA19="","",IF(ID19=0,IF(IH19=0,IF(IL19=0,IF(IP19=0,"CUMPLE","NO CUMPLE"),"NO CUMPLE"),"NO CUMPLE"),"NO CUMPLE")) | IV19: =IF(IT19<>"",IF(IT19="SI",IF($IW$11=0,"CUMPLE","NO CUMPLE"),"NO CUMPLE"),"")
B20: 10 | C20: =IF(Proponentes!B11>0,Proponentes!B11,"") | AG20: =IF(E20="","",IF(K20=0,IF(R20=0,IF(Y20=0,IF(AF20=0,"CUMPLE","NO CUMPLE"),"NO CUMPLE"),"NO CUMPLE"),"NO CUMPLE")) | AJ20: =IF(E20>0,E20,"") | BL20: =IF(AJ20="","",IF(AP20=0,IF(AW20=0,IF(BD20=0,IF(BK20=0,"CUMPLE","NO CUMPLE"),"NO CUMPLE"),"NO CUMPLE"),"NO CUMPLE")) | BN20: =IF(E20>0,E20,"") | BS20: =IF(L20>0,L20,"") | BX20: =IF(S20>0,S20,"") | CC20: =IF(Z20>0,Z20,"") | CI20: =IF(BN20="","",IF(CJ20=0,"CUMPLE","NO CUMPLE")) | CL20: =IF(E20>0,E20,"") | DF20: =IF(CL20="","",IF(CP20=0,IF(CU20=0,IF(CZ20=0,IF(DE20=0,"CUMPLE","NO CUMPLE"),"NO CUMPLE"),"NO CUMPLE"),"NO CUMPLE")) | DI20: =IF(E20>0,E20,"") | DY20: =IF(DI20="","",IF(DL20=0,IF(DP20=0,IF(DT20=0,IF(DX20=0,"CUMPLE","NO CUMPLE"),"NO CUMPLE"),"NO CUMPLE"),"NO CUMPLE")) | EB20: =IF(E20>0,E20,"") | ER20: =IF(EB20="","",IF(EE20=0,IF(EI20=0,IF(EM20=0,IF(EQ20=0,"CUMPLE","NO CUMPLE"),"NO CUMPLE"),"NO CUMPLE"),"NO CUMPLE")) | EU20: =IF(E20>0,E20,"") | FK20: =IF(EU20="","",IF(EX20=0,IF(FB20=0,IF(FF20=0,IF(FJ20=0,"CUMPLE","NO CUMPLE"),"NO CUMPLE"),"NO CUMPLE"),"NO CUMPLE")) | FN20: =IF(E20>0,E20,"") | FZ20: =IF(FN20="","",IF(FP20=0,IF(FS20=0,IF(FV20=0,IF(FY20=0,"CUMPLE","NO CUMPLE"),"NO CUMPLE"),"NO CUMPLE"),"NO CUMPLE")) | GC20: =IF(E20>0,E20,"") | HA20: =IF(GC20="","",IF(GH20=0,IF(GN20=0,IF(GT20=0,IF(GZ20=0,"CUMPLE","NO CUMPLE"),"NO CUMPLE"),"NO CUMPLE"),"NO CUMPLE")) | HD20: =IF(E20>0,E20,"") | HX20: =IF(HD20="","",IF(HH20=0,IF(HM20=0,IF(HR20=0,IF(HW20=0,"CUMPLE","NO CUMPLE"),"NO CUMPLE"),"NO CUMPLE"),"NO CUMPLE")) | IA20: =IF(E20>0,E20,"") | IQ20: =IF(IA20="","",IF(ID20=0,IF(IH20=0,IF(IL20=0,IF(IP20=0,"CUMPLE","NO CUMPLE"),"NO CUMPLE"),"NO CUMPLE"),"NO CUMPLE")) | IV20: =IF(IT20<>"",IF(IT20="SI",IF($IW$11=0,"CUMPLE","NO CUMPLE"),"NO CUMPLE"),"")
B21: 11 | C21: =IF(Proponentes!B12>0,Proponentes!B12,"") | AG21: =IF(E21="","",IF(K21=0,IF(R21=0,IF(Y21=0,IF(AF21=0,"CUMPLE","NO CUMPLE"),"NO CUMPLE"),"NO CUMPLE"),"NO CUMPLE")) | AJ21: =IF(E21>0,E21,"") | BL21: =IF(AJ21="","",IF(AP21=0,IF(AW21=0,IF(BD21=0,IF(BK21=0,"CUMPLE","NO CUMPLE"),"NO CUMPLE"),"NO CUMPLE"),"NO CUMPLE")) | BN21: =IF(E21>0,E21,"") | BS21: =IF(L21>0,L21,"") | BX21: =IF(S21>0,S21,"") | CC21: =IF(Z21>0,Z21,"") | CI21: =IF(BN21="","",IF(CJ21=0,"CUMPLE","NO CUMPLE")) | CL21: =IF(E21>0,E21,"") | DF21: =IF(CL21="","",IF(CP21=0,IF(CU21=0,IF(CZ21=0,IF(DE21=0,"CUMPLE","NO CUMPLE"),"NO CUMPLE"),"NO CUMPLE"),"NO CUMPLE")) | DI21: =IF(E21>0,E21,"") | DY21: =IF(DI21="","",IF(DL21=0,IF(DP21=0,IF(DT21=0,IF(DX21=0,"CUMPLE","NO CUMPLE"),"NO CUMPLE"),"NO CUMPLE"),"NO CUMPLE")) | EB21: =IF(E21>0,E21,"") | ER21: =IF(EB21="","",IF(EE21=0,IF(EI21=0,IF(EM21=0,IF(EQ21=0,"CUMPLE","NO CUMPLE"),"NO CUMPLE"),"NO CUMPLE"),"NO CUMPLE")) | EU21: =IF(E21>0,E21,"") | FK21: =IF(EU21="","",IF(EX21=0,IF(FB21=0,IF(FF21=0,IF(FJ21=0,"CUMPLE","NO CUMPLE"),"NO CUMPLE"),"NO CUMPLE"),"NO CUMPLE")) | FN21: =IF(E21>0,E21,"") | FZ21: =IF(FN21="","",IF(FP21=0,IF(FS21=0,IF(FV21=0,IF(FY21=0,"CUMPLE","NO CUMPLE"),"NO CUMPLE"),"NO CUMPLE"),"NO CUMPLE")) | GC21: =IF(E21>0,E21,"") | HA21: =IF(GC21="","",IF(GH21=0,IF(GN21=0,IF(GT21=0,IF(GZ21=0,"CUMPLE","NO CUMPLE"),"NO CUMPLE"),"NO CUMPLE"),"NO CUMPLE")) | HD21: =IF(E21>0,E21,"") | HX21: =IF(HD21="","",IF(HH21=0,IF(HM21=0,IF(HR21=0,IF(HW21=0,"CUMPLE","NO CUMPLE"),"NO CUMPLE"),"NO CUMPLE"),"NO CUMPLE")) | IA21: =IF(E21>0,E21,"") | IQ21: =IF(IA21="","",IF(ID21=0,IF(IH21=0,IF(IL21=0,IF(IP21=0,"CUMPLE","NO CUMPLE"),"NO CUMPLE"),"NO CUMPLE"),"NO CUMPLE")) | IV21: =IF(IT21<>"",IF(IT21="SI",IF($IW$11=0,"CUMPLE","NO CUMPLE"),"NO CUMPLE"),"")
B22: 12 | C22: =IF(Proponentes!B13>0,Proponentes!B13,"") | AG22: =IF(E22="","",IF(K22=0,IF(R22=0,IF(Y22=0,IF(AF22=0,"CUMPLE","NO CUMPLE"),"NO CUMPLE"),"NO CUMPLE"),"NO CUMPLE")) | AJ22: =IF(E22>0,E22,"") | BL22: =IF(AJ22="","",IF(AP22=0,IF(AW22=0,IF(BD22=0,IF(BK22=0,"CUMPLE","NO CUMPLE"),"NO CUMPLE"),"NO CUMPLE"),"NO CUMPLE")) | BN22: =IF(E22>0,E22,"") | BS22: =IF(L22>0,L22,"") | BX22: =IF(S22>0,S22,"") | CC22: =IF(Z22>0,Z22,"") | CI22: =IF(BN22="","",IF(CJ22=0,"CUMPLE","NO CUMPLE")) | CL22: =IF(E22>0,E22,"") | DF22: =IF(CL22="","",IF(CP22=0,IF(CU22=0,IF(CZ22=0,IF(DE22=0,"CUMPLE","NO CUMPLE"),"NO CUMPLE"),"NO CUMPLE"),"NO CUMPLE")) | DI22: =IF(E22>0,E22,"") | DY22: =IF(DI22="","",IF(DL22=0,IF(DP22=0,IF(DT22=0,IF(DX22=0,"CUMPLE","NO CUMPLE"),"NO CUMPLE"),"NO CUMPLE"),"NO CUMPLE")) | EB22: =IF(E22>0,E22,"") | ER22: =IF(EB22="","",IF(EE22=0,IF(EI22=0,IF(EM22=0,IF(EQ22=0,"CUMPLE","NO CUMPLE"),"NO CUMPLE"),"NO CUMPLE"),"NO CUMPLE")) | EU22: =IF(E22>0,E22,"") | FK22: =IF(EU22="","",IF(EX22=0,IF(FB22=0,IF(FF22=0,IF(FJ22=0,"CUMPLE","NO CUMPLE"),"NO CUMPLE"),"NO CUMPLE"),"NO CUMPLE")) | FN22: =IF(E22>0,E22,"") | FZ22: =IF(FN22="","",IF(FP22=0,IF(FS22=0,IF(FV22=0,IF(FY22=0,"CUMPLE","NO CUMPLE"),"NO CUMPLE"),"NO CUMPLE"),"NO CUMPLE")) | GC22: =IF(E22>0,E22,"") | HA22: =IF(GC22="","",IF(GH22=0,IF(GN22=0,IF(GT22=0,IF(GZ22=0,"CUMPLE","NO CUMPLE"),"NO CUMPLE"),"NO CUMPLE"),"NO CUMPLE")) | HD22: =IF(E22>0,E22,"") | HX22: =IF(HD22="","",IF(HH22=0,IF(HM22=0,IF(HR22=0,IF(HW22=0,"CUMPLE","NO CUMPLE"),"NO CUMPLE"),"NO CUMPLE"),"NO CUMPLE")) | IA22: =IF(E22>0,E22,"") | IQ22: =IF(IA22="","",IF(ID22=0,IF(IH22=0,IF(IL22=0,IF(IP22=0,"CUMPLE","NO CUMPLE"),"NO CUMPLE"),"NO CUMPLE"),"NO CUMPLE")) | IV22: =IF(IT22<>"",IF(IT22="SI",IF($IW$11=0,"CUMPLE","NO CUMPLE"),"NO CUMPLE"),"")
A23: 1
A24: =A36 -> 2 | B24: 1 | C24: =IF(Proponentes!B15>0,Proponentes!B15,"") -> UNION TEMPORAL S4 | E24: SEGURIDAD ATEMPI LTDA | F24: 1-2 | G24: 47279 | H24: SI | I24: NO | L24: AUTENTICA SEGURIDAD LTDA | M24: 1-4 | N24: 47036 | O24: SI | P24: NO | S24: ISVI LTDA | T24: 1-16 | U24: 47729 | V24: SI | W24: NO | Z24: COMPAÑIA DE SEGURIDAD NACIONAL - COMSENAL LTDA | AA24: 1-12 | AB24: 47867 | AC24: SI | AD24: NO | AG24: =IF(E24="","",IF(K24=0,IF(R24=0,IF(Y24=0,IF(AF24=0,"CUMPLE","NO CUMPLE"),"NO CUMPLE"),"NO CUMPLE"),"NO CUMPLE")) -> CUMPLE | AJ24: =IF(E24>0,E24,"") -> SEGURIDAD ATEMPI LTDA | AK24: SI | AL24: 1-18 | AM24: 45428 | AN24: NO | AQ24: AUTENTICA SEGURIDAD LTDA | AR24: SI | AS24: 1-10 | AT24: 47546 | AU24: NO | AX24: ISVI LTDA | AY24: SI | AZ24: 1-16 | BA24: 47729 | BB24: NO | BE24: COMPAÑIA DE SEGURIDAD NACIONAL COMSENAL LTDA | BF24: SI | BG24: 1-16 | BH24: 45469 | BI24: NO | BL24: =IF(AJ24="","",IF(AP24=0,IF(AW24=0,IF(BD24=0,IF(BK24=0,"CUMPLE","NO CUMPLE"),"NO CUMPLE"),"NO CUMPLE"),"NO CUMPLE")) -> CUMPLE | BN24: =IF(E24>0,E24,"") -> SEGURIDAD ATEMPI LTDA | BO24: 1 | BP24: SI | BQ24: 36 | BS24: =IF(L24>0,L24,"") -> AUTENTICA SEGURIDAD LTDA | BX24: =IF(S24>0,S24,"") -> ISVI LTDA | CC24: =IF(Z24>0,Z24,"") -> COMPAÑIA DE SEGURIDAD NACIONAL - COMSENAL LTDA | CH24: =Proponentes!N15 -> 0 | CI24: =IF(BN24="","",IF(CJ24=0,"CUMPLE","NO CUMPLE")) -> CUMPLE | CL24: =IF(E24>0,E24,"") -> SEGURIDAD ATEMPI LTDA | CM24: 1 | CN24: NO | CO24: SI | CQ24: AUTENTICA SEGURIDAD LTDA | CR24: 1 | CS24: NO | CT24: SI | CV24: ISVI LTDA | CW24: 1 | CX24: NO | CY24: SI | DA24: COMPAÑIA DE SEGURIDAD NACIONAL COMSENAL | DB24: 1 | DC24: NO | DD24: SI | DF24: =IF(CL24="","",IF(CP24=0,IF(CU24=0,IF(CZ24=0,IF(DE24=0,"CUMPLE","NO CUMPLE"),"NO CUMPLE"),"NO CUMPLE"),"NO CUMPLE")) -> CUMPLE | DI24: =IF(E24>0,E24,"") -> SEGURIDAD ATEMPI LTDA | DJ24: 1 | DK24: SI | DM24: AUTENTICA SEGURIDAD LTDA | DN24: 1 | DO24: SI | DQ24: ISVI LTDA | DR24: 1 | DS24: SI | DU24: COMPAÑIA DE SEGURIDAD NACIONAL COMSENAL LTDA | DV24: 1 | DW24: SI | DY24: =IF(DI24="","",IF(DL24=0,IF(DP24=0,IF(DT24=0,IF(DX24=0,"CUMPLE","NO CUMPLE"),"NO CUMPLE"),"NO CUMPLE"),"NO CUMPLE")) -> CUMPLE | EB24: =IF(E24>0,E24,"") -> SEGURIDAD ATEMPI LTDA | EC24: 1 | ED24: SI | EF24: AUTENTICA SEGURIDAD LTDA | EG24: 1 | EH24: SI | EJ24: ISVI LTDA | EK24: 1 | EL24: SI | EN24: COMPAÑIA DE SEGURIDAD NACIONAL COMSENAL | EO24: 1 | EP24: SI | ER24: =IF(EB24="","",IF(EE24=0,IF(EI24=0,IF(EM24=0,IF(EQ24=0,"CUMPLE","NO CUMPLE"),"NO CUMPLE"),"NO CUMPLE"),"NO CUMPLE")) -> CUMPLE | EU24: =IF(E24>0,E24,"") -> SEGURIDAD ATEMPI LTDA | EV24: 1-3 | EW24: SI | EY24: AUTENTICA SEGURIDAD LTDA | EZ24: 1-10 | FA24: SI | FC24: ISVI LTDA | FD24: 1-9 | FE24: SI | FG24: COMPAÑIA DE SEGURIDAD NACIONAL COMSENAL | FH24: 1-10 | FI24: SI | FK24: =IF(EU24="","",IF(EX24=0,IF(FB24=0,IF(FF24=0,IF(FJ24=0,"CUMPLE","NO CUMPLE"),"NO CUMPLE"),"NO CUMPLE"),"NO CUMPLE")) -> CUMPLE | FN24: =IF(E24>0,E24,"") -> SEGURIDAD ATEMPI LTDA | FO24: 1-6 | FQ24: AUTENTICA SEGURIDAD LTDA | FR24: 1-7 | FT24: ISVI LTDA | FU24: 1-6 | FW24: COMPAÑIA DE SEGURIDAD NACIONAL COMSENAL LTDA | FX24: 1-3 | FZ24: =IF(FN24="","",IF(FP24=0,IF(FS24=0,IF(FV24=0,IF(FY24=0,"CUMPLE","NO CUMPLE"),"NO CUMPLE"),"NO CUMPLE"),"NO CUMPLE")) -> CUMPLE | GC24: SEGURIDAD ATEMPI LTDA | GD24: 1-4 | GE24: SI | GI24: AUTENTICA SEGURIDAD LTDA | GJ24: 1-4 | GK24: SI | GO24: ISVI LTDA | GP24: 1-6 | GQ24: SI | GU24: COMPAÑIA DE SEGURIDAD NACIONAL COMSENAL LTDA | GV24: 1-4 | GW24: SI | HA24: =IF(GC24="","",IF(GH24=0,IF(GN24=0,IF(GT24=0,IF(GZ24=0,"CUMPLE","NO CUMPLE"),"NO CUMPLE"),"NO CUMPLE"),"NO CUMPLE")) -> CUMPLE | HD24: =IF(E24>0,E24,"") -> SEGURIDAD ATEMPI LTDA | HE24: 1-5 | HF24: SI | HI24: AUTENTICA SEGURIDAD LTDA | HJ24: 1-9 | HK24: SI | HN24: ISVI LTDA | HO24: SUBSANACIÓN | HP24: SI | HQ24: SI | HS24: COMPAÑIA DE SEGURIDAD NACIONAL COMSENAL LTDA | HT24: 1-8 | HU24: SI | HX24: =IF(HD24="","",IF(HH24=0,IF(HM24=0,IF(HR24=0,IF(HW24=0,"CUMPLE","NO CUMPLE"),"NO CUMPLE"),"NO CUMPLE"),"NO CUMPLE")) -> CUMPLE | IA24: =IF(E24>0,E24,"") -> SEGURIDAD ATEMPI LTDA | IB24: 1 | IC24: SI | IE24: AUTENTICA SEGURIDAD LTDA | IF24: 1 | IG24: SI | II24: ISVI LTDA | IJ24: 1 | IK24: SI | IM24: COMPAÑIA DE SEGURIDAD NACIONAL COMSENAL | IN24: 1 | IO24: SI | IQ24: =IF(IA24="","",IF(ID24=0,IF(IH24=0,IF(IL24=0,IF(IP24=0,"CUMPLE","NO CUMPLE"),"NO CUMPLE"),"NO CUMPLE"),"NO CUMPLE")) -> CUMPLE | IT24: SI | IU24: 1 | IV24: =IF(IT24<>"",IF(IT24="SI","CUMPLE","NO CUMPLE"),"") -> CUMPLE
B25: 2 | C25: =IF(Proponentes!B16>0,Proponentes!B16,"") | AG25: =IF(E25="","",IF(K25=0,IF(R25=0,IF(Y25=0,IF(AF25=0,"CUMPLE","NO CUMPLE"),"NO CUMPLE"),"NO CUMPLE"),"NO CUMPLE")) | AJ25: =IF(E25>0,E25,"") | BL25: =IF(AJ25="","",IF(AP25=0,IF(AW25=0,IF(BD25=0,IF(BK25=0,"CUMPLE","NO CUMPLE"),"NO CUMPLE"),"NO CUMPLE"),"NO CUMPLE")) | BN25: =IF(E25>0,E25,"") | BS25: =IF(L25>0,L25,"") | BX25: =IF(S25>0,S25,"") | CC25: =IF(Z25>0,Z25,"") | CI25: =IF(BN25="","",IF(CJ25=0,"CUMPLE","NO CUMPLE")) | CL25: =IF(E25>0,E25,"") | DF25: =IF(CL25="","",IF(CP25=0,IF(CU25=0,IF(CZ25=0,IF(DE25=0,"CUMPLE","NO CUMPLE"),"NO CUMPLE"),"NO CUMPLE"),"NO CUMPLE")) | DI25: =IF(E25>0,E25,"") | DY25: =IF(DI25="","",IF(DL25=0,IF(DP25=0,IF(DT25=0,IF(DX25=0,"CUMPLE","NO CUMPLE"),"NO CUMPLE"),"NO CUMPLE"),"NO CUMPLE")) | EB25: =IF(E25>0,E25,"") | ER25: =IF(EB25="","",IF(EE25=0,IF(EI25=0,IF(EM25=0,IF(EQ25=0,"CUMPLE","NO CUMPLE"),"NO CUMPLE"),"NO CUMPLE"),"NO CUMPLE")) | EU25: =IF(E25>0,E25,"") | FK25: =IF(EU25="","",IF(EX25=0,IF(FB25=0,IF(FF25=0,IF(FJ25=0,"CUMPLE","NO CUMPLE"),"NO CUMPLE"),"NO CUMPLE"),"NO CUMPLE")) | FN25: =IF(E25>0,E25,"") | FZ25: =IF(FN25="","",IF(FP25=0,IF(FS25=0,IF(FV25=0,IF(FY25=0,"CUMPLE","NO CUMPLE"),"NO CUMPLE"),"NO CUMPLE"),"NO CUMPLE")) | GC25: =IF(E25>0,E25,"") | HA25: =IF(GC25="","",IF(GH25=0,IF(GN25=0,IF(GT25=0,IF(GZ25=0,"CUMPLE","NO CUMPLE"),"NO CUMPLE"),"NO CUMPLE"),"NO CUMPLE")) | HD25: =IF(E25>0,E25,"") | HX25: =IF(HD25="","",IF(HH25=0,IF(HM25=0,IF(HR25=0,IF(HW25=0,"CUMPLE","NO CUMPLE"),"NO CUMPLE"),"NO CUMPLE"),"NO CUMPLE")) | IA25: =IF(E25>0,E25,"") | IQ25: =IF(IA25="","",IF(ID25=0,IF(IH25=0,IF(IL25=0,IF(IP25=0,"CUMPLE","NO CUMPLE"),"NO CUMPLE"),"NO CUMPLE"),"NO CUMPLE")) | IV25: =IF(IT25<>"",IF(IT25="SI","CUMPLE","NO CUMPLE"),"")
B26: 3 | C26: =IF(Proponentes!B17>0,Proponentes!B17,"") | AG26: =IF(E26="","",IF(K26=0,IF(R26=0,IF(Y26=0,IF(AF26=0,"CUMPLE","NO CUMPLE"),"NO CUMPLE"),"NO CUMPLE"),"NO CUMPLE")) | AJ26: =IF(E26>0,E26,"") | BL26: =IF(AJ26="","",IF(AP26=0,IF(AW26=0,IF(BD26=0,IF(BK26=0,"CUMPLE","NO CUMPLE"),"NO CUMPLE"),"NO CUMPLE"),"NO CUMPLE")) | BN26: =IF(E26>0,E26,"") | BS26: =IF(L26>0,L26,"") | BX26: =IF(S26>0,S26,"") | CC26: =IF(Z26>0,Z26,"") | CI26: =IF(BN26="","",IF(CJ26=0,"CUMPLE","NO CUMPLE")) | CL26: =IF(E26>0,E26,"") | DF26: =IF(CL26="","",IF(CP26=0,IF(CU26=0,IF(CZ26=0,IF(DE26=0,"CUMPLE","NO CUMPLE"),"NO CUMPLE"),"NO CUMPLE"),"NO CUMPLE")) | DI26: =IF(E26>0,E26,"") | DY26: =IF(DI26="","",IF(DL26=0,IF(DP26=0,IF(DT26=0,IF(DX26=0,"CUMPLE","NO CUMPLE"),"NO CUMPLE"),"NO CUMPLE"),"NO CUMPLE")) | EB26: =IF(E26>0,E26,"") | ER26: =IF(EB26="","",IF(EE26=0,IF(EI26=0,IF(EM26=0,IF(EQ26=0,"CUMPLE","NO CUMPLE"),"NO CUMPLE"),"NO CUMPLE"),"NO CUMPLE")) | EU26: =IF(E26>0,E26,"") | FK26: =IF(EU26="","",IF(EX26=0,IF(FB26=0,IF(FF26=0,IF(FJ26=0,"CUMPLE","NO CUMPLE"),"NO CUMPLE"),"NO CUMPLE"),"NO CUMPLE")) | FN26: =IF(E26>0,E26,"") | FZ26: =IF(FN26="","",IF(FP26=0,IF(FS26=0,IF(FV26=0,IF(FY26=0,"CUMPLE","NO CUMPLE"),"NO CUMPLE"),"NO CUMPLE"),"NO CUMPLE")) | GC26: =IF(E26>0,E26,"") | HA26: =IF(GC26="","",IF(GH26=0,IF(GN26=0,IF(GT26=0,IF(GZ26=0,"CUMPLE","NO CUMPLE"),"NO CUMPLE"),"NO CUMPLE"),"NO CUMPLE")) | HD26: =IF(E26>0,E26,"") | HX26: =IF(HD26="","",IF(HH26=0,IF(HM26=0,IF(HR26=0,IF(HW26=0,"CUMPLE","NO CUMPLE"),"NO CUMPLE"),"NO CUMPLE"),"NO CUMPLE")) | IA26: =IF(E26>0,E26,"") | IQ26: =IF(IA26="","",IF(ID26=0,IF(IH26=0,IF(IL26=0,IF(IP26=0,"CUMPLE","NO CUMPLE"),"NO CUMPLE"),"NO CUMPLE"),"NO CUMPLE")) | IV26: =IF(IT26<>"",IF(IT26="SI","CUMPLE","NO CUMPLE"),"")
B27: 4 | C27: =IF(Proponentes!B18>0,Proponentes!B18,"") | AG27: =IF(E27="","",IF(K27=0,IF(R27=0,IF(Y27=0,IF(AF27=0,"CUMPLE","NO CUMPLE"),"NO CUMPLE"),"NO CUMPLE"),"NO CUMPLE")) | AJ27: =IF(E27>0,E27,"") | BL27: =IF(AJ27="","",IF(AP27=0,IF(AW27=0,IF(BD27=0,IF(BK27=0,"CUMPLE","NO CUMPLE"),"NO CUMPLE"),"NO CUMPLE"),"NO CUMPLE")) | BN27: =IF(E27>0,E27,"") | BS27: =IF(L27>0,L27,"") | BX27: =IF(S27>0,S27,"") | CC27: =IF(Z27>0,Z27,"") | CI27: =IF(BN27="","",IF(CJ27=0,"CUMPLE","NO CUMPLE")) | CL27: =IF(E27>0,E27,"") | DF27: =IF(CL27="","",IF(CP27=0,IF(CU27=0,IF(CZ27=0,IF(DE27=0,"CUMPLE","NO CUMPLE"),"NO CUMPLE"),"NO CUMPLE"),"NO CUMPLE")) | DI27: =IF(E27>0,E27,"") | DY27: =IF(DI27="","",IF(DL27=0,IF(DP27=0,IF(DT27=0,IF(DX27=0,"CUMPLE","NO CUMPLE"),"NO CUMPLE"),"NO CUMPLE"),"NO CUMPLE")) | EB27: =IF(E27>0,E27,"") | ER27: =IF(EB27="","",IF(EE27=0,IF(EI27=0,IF(EM27=0,IF(EQ27=0,"CUMPLE","NO CUMPLE"),"NO CUMPLE"),"NO CUMPLE"),"NO CUMPLE")) | EU27: =IF(E27>0,E27,"") | FK27: =IF(EU27="","",IF(EX27=0,IF(FB27=0,IF(FF27=0,IF(FJ27=0,"CUMPLE","NO CUMPLE"),"NO CUMPLE"),"NO CUMPLE"),"NO CUMPLE")) | FN27: =IF(E27>0,E27,"") | FZ27: =IF(FN27="","",IF(FP27=0,IF(FS27=0,IF(FV27=0,IF(FY27=0,"CUMPLE","NO CUMPLE"),"NO CUMPLE"),"NO CUMPLE"),"NO CUMPLE")) | GC27: =IF(E27>0,E27,"") | HA27: =IF(GC27="","",IF(GH27=0,IF(GN27=0,IF(GT27=0,IF(GZ27=0,"CUMPLE","NO CUMPLE"),"NO CUMPLE"),"NO CUMPLE"),"NO CUMPLE")) | HD27: =IF(E27>0,E27,"") | HX27: =IF(HD27="","",IF(HH27=0,IF(HM27=0,IF(HR27=0,IF(HW27=0,"CUMPLE","NO CUMPLE"),"NO CUMPLE"),"NO CUMPLE"),"NO CUMPLE")) | IA27: =IF(E27>0,E27,"") | IQ27: =IF(IA27="","",IF(ID27=0,IF(IH27=0,IF(IL27=0,IF(IP27=0,"CUMPLE","NO CUMPLE"),"NO CUMPLE"),"NO CUMPLE"),"NO CUMPLE")) | IV27: =IF(IT27<>"",IF(IT27="SI","CUMPLE","NO CUMPLE"),"")
B28: 5 | C28: =IF(Proponentes!B19>0,Proponentes!B19,"") | AG28: =IF(E28="","",IF(K28=0,IF(R28=0,IF(Y28=0,IF(AF28=0,"CUMPLE","NO CUMPLE"),"NO CUMPLE"),"NO CUMPLE"),"NO CUMPLE")) | AJ28: =IF(E28>0,E28,"") | BL28: =IF(AJ28="","",IF(AP28=0,IF(AW28=0,IF(BD28=0,IF(BK28=0,"CUMPLE","NO CUMPLE"),"NO CUMPLE"),"NO CUMPLE"),"NO CUMPLE")) | BN28: =IF(E28>0,E28,"") | BS28: =IF(L28>0,L28,"") | BX28: =IF(S28>0,S28,"") | CC28: =IF(Z28>0,Z28,"") | CI28: =IF(BN28="","",IF(CJ28=0,"CUMPLE","NO CUMPLE")) | CL28: =IF(E28>0,E28,"") | DF28: =IF(CL28="","",IF(CP28=0,IF(CU28=0,IF(CZ28=0,IF(DE28=0,"CUMPLE","NO CUMPLE"),"NO CUMPLE"),"NO CUMPLE"),"NO CUMPLE")) | DI28: =IF(E28>0,E28,"") | DY28: =IF(DI28="","",IF(DL28=0,IF(DP28=0,IF(DT28=0,IF(DX28=0,"CUMPLE","NO CUMPLE"),"NO CUMPLE"),"NO CUMPLE"),"NO CUMPLE")) | EB28: =IF(E28>0,E28,"") | ER28: =IF(EB28="","",IF(EE28=0,IF(EI28=0,IF(EM28=0,IF(EQ28=0,"CUMPLE","NO CUMPLE"),"NO CUMPLE"),"NO CUMPLE"),"NO CUMPLE")) | EU28: =IF(E28>0,E28,"") | FK28: =IF(EU28="","",IF(EX28=0,IF(FB28=0,IF(FF28=0,IF(FJ28=0,"CUMPLE","NO CUMPLE"),"NO CUMPLE"),"NO CUMPLE"),"NO CUMPLE")) | FN28: =IF(E28>0,E28,"") | FZ28: =IF(FN28="","",IF(FP28=0,IF(FS28=0,IF(FV28=0,IF(FY28=0,"CUMPLE","NO CUMPLE"),"NO CUMPLE"),"NO CUMPLE"),"NO CUMPLE")) | GC28: =IF(E28>0,E28,"") | HA28: =IF(GC28="","",IF(GH28=0,IF(GN28=0,IF(GT28=0,IF(GZ28=0,"CUMPLE","NO CUMPLE"),"NO CUMPLE"),"NO CUMPLE"),"NO CUMPLE")) | HD28: =IF(E28>0,E28,"") | HX28: =IF(HD28="","",IF(HH28=0,IF(HM28=0,IF(HR28=0,IF(HW28=0,"CUMPLE","NO CUMPLE"),"NO CUMPLE"),"NO CUMPLE"),"NO CUMPLE")) | IA28: =IF(E28>0,E28,"") | IQ28: =IF(IA28="","",IF(ID28=0,IF(IH28=0,IF(IL28=0,IF(IP28=0,"CUMPLE","NO CUMPLE"),"NO CUMPLE"),"NO CUMPLE"),"NO CUMPLE")) | IV28: =IF(IT28<>"",IF(IT28="SI","CUMPLE","NO CUMPLE"),"")
B29: 6 | C29: =IF(Proponentes!B20>0,Proponentes!B20,"") | AG29: =IF(E29="","",IF(K29=0,IF(R29=0,IF(Y29=0,IF(AF29=0,"CUMPLE","NO CUMPLE"),"NO CUMPLE"),"NO CUMPLE"),"NO CUMPLE")) | AJ29: =IF(E29>0,E29,"") | BL29: =IF(AJ29="","",IF(AP29=0,IF(AW29=0,IF(BD29=0,IF(BK29=0,"CUMPLE","NO CUMPLE"),"NO CUMPLE"),"NO CUMPLE"),"NO CUMPLE")) | BN29: =IF(E29>0,E29,"") | BS29: =IF(L29>0,L29,"") | BX29: =IF(S29>0,S29,"") | CC29: =IF(Z29>0,Z29,"") | CI29: =IF(BN29="","",IF(CJ29=0,"CUMPLE","NO CUMPLE")) | CL29: =IF(E29>0,E29,"") | DF29: =IF(CL29="","",IF(CP29=0,IF(CU29=0,IF(CZ29=0,IF(DE29=0,"CUMPLE","NO CUMPLE"),"NO CUMPLE"),"NO CUMPLE"),"NO CUMPLE")) | DI29: =IF(E29>0,E29,"") | DY29: =IF(DI29="","",IF(DL29=0,IF(DP29=0,IF(DT29=0,IF(DX29=0,"CUMPLE","NO CUMPLE"),"NO CUMPLE"),"NO CUMPLE"),"NO CUMPLE")) | EB29: =IF(E29>0,E29,"") | ER29: =IF(EB29="","",IF(EE29=0,IF(EI29=0,IF(EM29=0,IF(EQ29=0,"CUMPLE","NO CUMPLE"),"NO CUMPLE"),"NO CUMPLE"),"NO CUMPLE")) | EU29: =IF(E29>0,E29,"") | FK29: =IF(EU29="","",IF(EX29=0,IF(FB29=0,IF(FF29=0,IF(FJ29=0,"CUMPLE","NO CUMPLE"),"NO CUMPLE"),"NO CUMPLE"),"NO CUMPLE")) | FN29: =IF(E29>0,E29,"") | FZ29: =IF(FN29="","",IF(FP29=0,IF(FS29=0,IF(FV29=0,IF(FY29=0,"CUMPLE","NO CUMPLE"),"NO CUMPLE"),"NO CUMPLE"),"NO CUMPLE")) | GC29: =IF(E29>0,E29,"") | HA29: =IF(GC29="","",IF(GH29=0,IF(GN29=0,IF(GT29=0,IF(GZ29=0,"CUMPLE","NO CUMPLE"),"NO CUMPLE"),"NO CUMPLE"),"NO CUMPLE")) | HD29: =IF(E29>0,E29,"") | HX29: =IF(HD29="","",IF(HH29=0,IF(HM29=0,IF(HR29=0,IF(HW29=0,"CUMPLE","NO CUMPLE"),"NO CUMPLE"),"NO CUMPLE"),"NO CUMPLE")) | IA29: =IF(E29>0,E29,"") | IQ29: =IF(IA29="","",IF(ID29=0,IF(IH29=0,IF(IL29=0,IF(IP29=0,"CUMPLE","NO CUMPLE"),"NO CUMPLE"),"NO CUMPLE"),"NO CUMPLE")) | IV29: =IF(IT29<>"",IF(IT29="SI","CUMPLE","NO CUMPLE"),"")
B30: 7 | C30: =IF(Proponentes!B21>0,Proponentes!B21,"") | AG30: =IF(E30="","",IF(K30=0,IF(R30=0,IF(Y30=0,IF(AF30=0,"CUMPLE","NO CUMPLE"),"NO CUMPLE"),"NO CUMPLE"),"NO CUMPLE")) | AJ30: =IF(E30>0,E30,"") | BL30: =IF(AJ30="","",IF(AP30=0,IF(AW30=0,IF(BD30=0,IF(BK30=0,"CUMPLE","NO CUMPLE"),"NO CUMPLE"),"NO CUMPLE"),"NO CUMPLE")) | BN30: =IF(E30>0,E30,"") | BS30: =IF(L30>0,L30,"") | BX30: =IF(S30>0,S30,"") | CC30: =IF(Z30>0,Z30,"") | CI30: =IF(BN30="","",IF(CJ30=0,"CUMPLE","NO CUMPLE")) | CL30: =IF(E30>0,E30,"") | DF30: =IF(CL30="","",IF(CP30=0,IF(CU30=0,IF(CZ30=0,IF(DE30=0,"CUMPLE","NO CUMPLE"),"NO CUMPLE"),"NO CUMPLE"),"NO CUMPLE")) | DI30: =IF(E30>0,E30,"") | DY30: =IF(DI30="","",IF(DL30=0,IF(DP30=0,IF(DT30=0,IF(DX30=0,"CUMPLE","NO CUMPLE"),"NO CUMPLE"),"NO CUMPLE"),"NO CUMPLE")) | EB30: =IF(E30>0,E30,"") | ER30: =IF(EB30="","",IF(EE30=0,IF(EI30=0,IF(EM30=0,IF(EQ30=0,"CUMPLE","NO CUMPLE"),"NO CUMPLE"),"NO CUMPLE"),"NO CUMPLE")) | EU30: =IF(E30>0,E30,"") | FK30: =IF(EU30="","",IF(EX30=0,IF(FB30=0,IF(FF30=0,IF(FJ30=0,"CUMPLE","NO CUMPLE"),"NO CUMPLE"),"NO CUMPLE"),"NO CUMPLE")) | FN30: =IF(E30>0,E30,"") | FZ30: =IF(FN30="","",IF(FP30=0,IF(FS30=0,IF(FV30=0,IF(FY30=0,"CUMPLE","NO CUMPLE"),"NO CUMPLE"),"NO CUMPLE"),"NO CUMPLE")) | GC30: =IF(E30>0,E30,"") | HA30: =IF(GC30="","",IF(GH30=0,IF(GN30=0,IF(GT30=0,IF(GZ30=0,"CUMPLE","NO CUMPLE"),"NO CUMPLE"),"NO CUMPLE"),"NO CUMPLE")) | HD30: =IF(E30>0,E30,"") | HX30: =IF(HD30="","",IF(HH30=0,IF(HM30=0,IF(HR30=0,IF(HW30=0,"CUMPLE","NO CUMPLE"),"NO CUMPLE"),"NO CUMPLE"),"NO CUMPLE")) | IA30: =IF(E30>0,E30,"") | IQ30: =IF(IA30="","",IF(ID30=0,IF(IH30=0,IF(IL30=0,IF(IP30=0,"CUMPLE","NO CUMPLE"),"NO CUMPLE"),"NO CUMPLE"),"NO CUMPLE")) | IV30: =IF(IT30<>"",IF(IT30="SI","CUMPLE","NO CUMPLE"),"")
B31: 8 | C31: =IF(Proponentes!B22>0,Proponentes!B22,"") | AG31: =IF(E31="","",IF(K31=0,IF(R31=0,IF(Y31=0,IF(AF31=0,"CUMPLE","NO CUMPLE"),"NO CUMPLE"),"NO CUMPLE"),"NO CUMPLE")) | AJ31: =IF(E31>0,E31,"") | BL31: =IF(AJ31="","",IF(AP31=0,IF(AW31=0,IF(BD31=0,IF(BK31=0,"CUMPLE","NO CUMPLE"),"NO CUMPLE"),"NO CUMPLE"),"NO CUMPLE")) | BN31: =IF(E31>0,E31,"") | BS31: =IF(L31>0,L31,"") | BX31: =IF(S31>0,S31,"") | CC31: =IF(Z31>0,Z31,"") | CI31: =IF(BN31="","",IF(CJ31=0,"CUMPLE","NO CUMPLE")) | CL31: =IF(E31>0,E31,"") | DF31: =IF(CL31="","",IF(CP31=0,IF(CU31=0,IF(CZ31=0,IF(DE31=0,"CUMPLE","NO CUMPLE"),"NO CUMPLE"),"NO CUMPLE"),"NO CUMPLE")) | DI31: =IF(E31>0,E31,"") | DY31: =IF(DI31="","",IF(DL31=0,IF(DP31=0,IF(DT31=0,IF(DX31=0,"CUMPLE","NO CUMPLE"),"NO CUMPLE"),"NO CUMPLE"),"NO CUMPLE")) | EB31: =IF(E31>0,E31,"") | ER31: =IF(EB31="","",IF(EE31=0,IF(EI31=0,IF(EM31=0,IF(EQ31=0,"CUMPLE","NO CUMPLE"),"NO CUMPLE"),"NO CUMPLE"),"NO CUMPLE")) | EU31: =IF(E31>0,E31,"") | FK31: =IF(EU31="","",IF(EX31=0,IF(FB31=0,IF(FF31=0,IF(FJ31=0,"CUMPLE","NO CUMPLE"),"NO CUMPLE"),"NO CUMPLE"),"NO CUMPLE")) | FN31: =IF(E31>0,E31,"") | FZ31: =IF(FN31="","",IF(FP31=0,IF(FS31=0,IF(FV31=0,IF(FY31=0,"CUMPLE","NO CUMPLE"),"NO CUMPLE"),"NO CUMPLE"),"NO CUMPLE")) | GC31: =IF(E31>0,E31,"") | HA31: =IF(GC31="","",IF(GH31=0,IF(GN31=0,IF(GT31=0,IF(GZ31=0,"CUMPLE","NO CUMPLE"),"NO CUMPLE"),"NO CUMPLE"),"NO CUMPLE")) | HD31: =IF(E31>0,E31,"") | HX31: =IF(HD31="","",IF(HH31=0,IF(HM31=0,IF(HR31=0,IF(HW31=0,"CUMPLE","NO CUMPLE"),"NO CUMPLE"),"NO CUMPLE"),"NO CUMPLE")) | IA31: =IF(E31>0,E31,"") | IQ31: =IF(IA31="","",IF(ID31=0,IF(IH31=0,IF(IL31=0,IF(IP31=0,"CUMPLE","NO CUMPLE"),"NO CUMPLE"),"NO CUMPLE"),"NO CUMPLE")) | IV31: =IF(IT31<>"",IF(IT31="SI","CUMPLE","NO CUMPLE"),"")
B32: 9 | C32: =IF(Proponentes!B23>0,Proponentes!B23,"") | AG32: =IF(E32="","",IF(K32=0,IF(R32=0,IF(Y32=0,IF(AF32=0,"CUMPLE","NO CUMPLE"),"NO CUMPLE"),"NO CUMPLE"),"NO CUMPLE")) | AJ32: =IF(E32>0,E32,"") | BL32: =IF(AJ32="","",IF(AP32=0,IF(AW32=0,IF(BD32=0,IF(BK32=0,"CUMPLE","NO CUMPLE"),"NO CUMPLE"),"NO CUMPLE"),"NO CUMPLE")) | BN32: =IF(E32>0,E32,"") | BS32: =IF(L32>0,L32,"") | BX32: =IF(S32>0,S32,"") | CC32: =IF(Z32>0,Z32,"") | CI32: =IF(BN32="","",IF(CJ32=0,"CUMPLE","NO CUMPLE")) | CL32: =IF(E32>0,E32,"") | DF32: =IF(CL32="","",IF(CP32=0,IF(CU32=0,IF(CZ32=0,IF(DE32=0,"CUMPLE","NO CUMPLE"),"NO CUMPLE"),"NO CUMPLE"),"NO CUMPLE")) | DI32: =IF(E32>0,E32,"") | DY32: =IF(DI32="","",IF(DL32=0,IF(DP32=0,IF(DT32=0,IF(DX32=0,"CUMPLE","NO CUMPLE"),"NO CUMPLE"),"NO CUMPLE"),"NO CUMPLE")) | EB32: =IF(E32>0,E32,"") | ER32: =IF(EB32="","",IF(EE32=0,IF(EI32=0,IF(EM32=0,IF(EQ32=0,"CUMPLE","NO CUMPLE"),"NO CUMPLE"),"NO CUMPLE"),"NO CUMPLE")) | EU32: =IF(E32>0,E32,"") | FK32: =IF(EU32="","",IF(EX32=0,IF(FB32=0,IF(FF32=0,IF(FJ32=0,"CUMPLE","NO CUMPLE"),"NO CUMPLE"),"NO CUMPLE"),"NO CUMPLE")) | FN32: =IF(E32>0,E32,"") | FZ32: =IF(FN32="","",IF(FP32=0,IF(FS32=0,IF(FV32=0,IF(FY32=0,"CUMPLE","NO CUMPLE"),"NO CUMPLE"),"NO CUMPLE"),"NO CUMPLE")) | GC32: =IF(E32>0,E32,"") | HA32: =IF(GC32="","",IF(GH32=0,IF(GN32=0,IF(GT32=0,IF(GZ32=0,"CUMPLE","NO CUMPLE"),"NO CUMPLE"),"NO CUMPLE"),"NO CUMPLE")) | HD32: =IF(E32>0,E32,"") | HX32: =IF(HD32="","",IF(HH32=0,IF(HM32=0,IF(HR32=0,IF(HW32=0,"CUMPLE","NO CUMPLE"),"NO CUMPLE"),"NO CUMPLE"),"NO CUMPLE")) | IA32: =IF(E32>0,E32,"") | IQ32: =IF(IA32="","",IF(ID32=0,IF(IH32=0,IF(IL32=0,IF(IP32=0,"CUMPLE","NO CUMPLE"),"NO CUMPLE"),"NO CUMPLE"),"NO CUMPLE")) | IV32: =IF(IT32<>"",IF(IT32="SI","CUMPLE","NO CUMPLE"),"")
B33: 10 | C33: =IF(Proponentes!B24>0,Proponentes!B24,"") | AG33: =IF(E33="","",IF(K33=0,IF(R33=0,IF(Y33=0,IF(AF33=0,"CUMPLE","NO CUMPLE"),"NO CUMPLE"),"NO CUMPLE"),"NO CUMPLE")) | AJ33: =IF(E33>0,E33,"") | BL33: =IF(AJ33="","",IF(AP33=0,IF(AW33=0,IF(BD33=0,IF(BK33=0,"CUMPLE","NO CUMPLE"),"NO CUMPLE"),"NO CUMPLE"),"NO CUMPLE")) | BN33: =IF(E33>0,E33,"") | BS33: =IF(L33>0,L33,"") | BX33: =IF(S33>0,S33,"") | CC33: =IF(Z33>0,Z33,"") | CI33: =IF(BN33="","",IF(CJ33=0,"CUMPLE","NO CUMPLE")) | CL33: =IF(E33>0,E33,"") | DF33: =IF(CL33="","",IF(CP33=0,IF(CU33=0,IF(CZ33=0,IF(DE33=0,"CUMPLE","NO CUMPLE"),"NO CUMPLE"),"NO CUMPLE"),"NO CUMPLE")) | DI33: =IF(E33>0,E33,"") | DY33: =IF(DI33="","",IF(DL33=0,IF(DP33=0,IF(DT33=0,IF(DX33=0,"CUMPLE","NO CUMPLE"),"NO CUMPLE"),"NO CUMPLE"),"NO CUMPLE")) | EB33: =IF(E33>0,E33,"") | ER33: =IF(EB33="","",IF(EE33=0,IF(EI33=0,IF(EM33=0,IF(EQ33=0,"CUMPLE","NO CUMPLE"),"NO CUMPLE"),"NO CUMPLE"),"NO CUMPLE")) | EU33: =IF(E33>0,E33,"") | FK33: =IF(EU33="","",IF(EX33=0,IF(FB33=0,IF(FF33=0,IF(FJ33=0,"CUMPLE","NO CUMPLE"),"NO CUMPLE"),"NO CUMPLE"),"NO CUMPLE")) | FN33: =IF(E33>0,E33,"") | FZ33: =IF(FN33="","",IF(FP33=0,IF(FS33=0,IF(FV33=0,IF(FY33=0,"CUMPLE","NO CUMPLE"),"NO CUMPLE"),"NO CUMPLE"),"NO CUMPLE")) | GC33: =IF(E33>0,E33,"") | HA33: =IF(GC33="","",IF(GH33=0,IF(GN33=0,IF(GT33=0,IF(GZ33=0,"CUMPLE","NO CUMPLE"),"NO CUMPLE"),"NO CUMPLE"),"NO CUMPLE")) | HD33: =IF(E33>0,E33,"") | HX33: =IF(HD33="","",IF(HH33=0,IF(HM33=0,IF(HR33=0,IF(HW33=0,"CUMPLE","NO CUMPLE"),"NO CUMPLE"),"NO CUMPLE"),"NO CUMPLE")) | IA33: =IF(E33>0,E33,"") | IQ33: =IF(IA33="","",IF(ID33=0,IF(IH33=0,IF(IL33=0,IF(IP33=0,"CUMPLE","NO CUMPLE"),"NO CUMPLE"),"NO CUMPLE"),"NO CUMPLE")) | IV33: =IF(IT33<>"",IF(IT33="SI","CUMPLE","NO CUMPLE"),"")
B34: 11 | C34: =IF(Proponentes!B25>0,Proponentes!B25,"") | AG34: =IF(E34="","",IF(K34=0,IF(R34=0,IF(Y34=0,IF(AF34=0,"CUMPLE","NO CUMPLE"),"NO CUMPLE"),"NO CUMPLE"),"NO CUMPLE")) | AJ34: =IF(E34>0,E34,"") | BL34: =IF(AJ34="","",IF(AP34=0,IF(AW34=0,IF(BD34=0,IF(BK34=0,"CUMPLE","NO CUMPLE"),"NO CUMPLE"),"NO CUMPLE"),"NO CUMPLE")) | BN34: =IF(E34>0,E34,"") | BS34: =IF(L34>0,L34,"") | BX34: =IF(S34>0,S34,"") | CC34: =IF(Z34>0,Z34,"") | CI34: =IF(BN34="","",IF(CJ34=0,"CUMPLE","NO CUMPLE")) | CL34: =IF(E34>0,E34,"") | DF34: =IF(CL34="","",IF(CP34=0,IF(CU34=0,IF(CZ34=0,IF(DE34=0,"CUMPLE","NO CUMPLE"),"NO CUMPLE"),"NO CUMPLE"),"NO CUMPLE")) | DI34: =IF(E34>0,E34,"") | DY34: =IF(DI34="","",IF(DL34=0,IF(DP34=0,IF(DT34=0,IF(DX34=0,"CUMPLE","NO CUMPLE"),"NO CUMPLE"),"NO CUMPLE"),"NO CUMPLE")) | EB34: =IF(E34>0,E34,"") | ER34: =IF(EB34="","",IF(EE34=0,IF(EI34=0,IF(EM34=0,IF(EQ34=0,"CUMPLE","NO CUMPLE"),"NO CUMPLE"),"NO CUMPLE"),"NO CUMPLE")) | EU34: =IF(E34>0,E34,"") | FK34: =IF(EU34="","",IF(EX34=0,IF(FB34=0,IF(FF34=0,IF(FJ34=0,"CUMPLE","NO CUMPLE"),"NO CUMPLE"),"NO CUMPLE"),"NO CUMPLE")) | FN34: =IF(E34>0,E34,"") | FZ34: =IF(FN34="","",IF(FP34=0,IF(FS34=0,IF(FV34=0,IF(FY34=0,"CUMPLE","NO CUMPLE"),"NO CUMPLE"),"NO CUMPLE"),"NO CUMPLE")) | GC34: =IF(E34>0,E34,"") | HA34: =IF(GC34="","",IF(GH34=0,IF(GN34=0,IF(GT34=0,IF(GZ34=0,"CUMPLE","NO CUMPLE"),"NO CUMPLE"),"NO CUMPLE"),"NO CUMPLE")) | HD34: =IF(E34>0,E34,"") | HX34: =IF(HD34="","",IF(HH34=0,IF(HM34=0,IF(HR34=0,IF(HW34=0,"CUMPLE","NO CUMPLE"),"NO CUMPLE"),"NO CUMPLE"),"NO CUMPLE")) | IA34: =IF(E34>0,E34,"") | IQ34: =IF(IA34="","",IF(ID34=0,IF(IH34=0,IF(IL34=0,IF(IP34=0,"CUMPLE","NO CUMPLE"),"NO CUMPLE"),"NO CUMPLE"),"NO CUMPLE")) | IV34: =IF(IT34<>"",IF(IT34="SI","CUMPLE","NO CUMPLE"),"")
B35: 12 | C35: =IF(Proponentes!#REF!>0,Proponentes!#REF!,"") -> #REF! | AG35: =IF(E35="","",IF(K35=0,IF(R35=0,IF(Y35=0,IF(AF35=0,"CUMPLE","NO CUMPLE"),"NO CUMPLE"),"NO CUMPLE"),"NO CUMPLE")) | AJ35: =IF(E35>0,E35,"") | BL35: =IF(AJ35="","",IF(AP35=0,IF(AW35=0,IF(BD35=0,IF(BK35=0,"CUMPLE","NO CUMPLE"),"NO CUMPLE"),"NO CUMPLE"),"NO CUMPLE")) | BN35: =IF(E35>0,E35,"") | BS35: =IF(L35>0,L35,"") | BX35: =IF(S35>0,S35,"") | CC35: =IF(Z35>0,Z35,"") | CI35: =IF(BN35="","",IF(CJ35=0,"CUMPLE","NO CUMPLE")) | CL35: =IF(E35>0,E35,"") | DF35: =IF(CL35="","",IF(CP35=0,IF(CU35=0,IF(CZ35=0,IF(DE35=0,"CUMPLE","NO CUMPLE"),"NO CUMPLE"),"NO CUMPLE"),"NO CUMPLE")) | DI35: =IF(E35>0,E35,"") | DY35: =IF(DI35="","",IF(DL35=0,IF(DP35=0,IF(DT35=0,IF(DX35=0,"CUMPLE","NO CUMPLE"),"NO CUMPLE"),"NO CUMPLE"),"NO CUMPLE")) | EB35: =IF(E35>0,E35,"") | ER35: =IF(EB35="","",IF(EE35=0,IF(EI35=0,IF(EM35=0,IF(EQ35=0,"CUMPLE","NO CUMPLE"),"NO CUMPLE"),"NO CUMPLE"),"NO CUMPLE")) | EU35: =IF(E35>0,E35,"") | FK35: =IF(EU35="","",IF(EX35=0,IF(FB35=0,IF(FF35=0,IF(FJ35=0,"CUMPLE","NO CUMPLE"),"NO CUMPLE"),"NO CUMPLE"),"NO CUMPLE")) | FN35: =IF(E35>0,E35,"") | FZ35: =IF(FN35="","",IF(FP35=0,IF(FS35=0,IF(FV35=0,IF(FY35=0,"CUMPLE","NO CUMPLE"),"NO CUMPLE"),"NO CUMPLE"),"NO CUMPLE")) | GC35: =IF(E35>0,E35,"") | HA35: =IF(GC35="","",IF(GH35=0,IF(GN35=0,IF(GT35=0,IF(GZ35=0,"CUMPLE","NO CUMPLE"),"NO CUMPLE"),"NO CUMPLE"),"NO CUMPLE")) | HD35: =IF(E35>0,E35,"") | HX35: =IF(HD35="","",IF(HH35=0,IF(HM35=0,IF(HR35=0,IF(HW35=0,"CUMPLE","NO CUMPLE"),"NO CUMPLE"),"NO CUMPLE"),"NO CUMPLE")) | IA35: =IF(E35>0,E35,"") | IQ35: =IF(IA35="","",IF(ID35=0,IF(IH35=0,IF(IL35=0,IF(IP35=0,"CUMPLE","NO CUMPLE"),"NO CUMPLE"),"NO CUMPLE"),"NO CUMPLE")) | IV35: =IF(IT35<>"",IF(IT35="SI","CUMPLE","NO CUMPLE"),"")
A36: 2
A37: =A49 -> 3 | B37: 1 | C37: =IF(Proponentes!B28>0,Proponentes!B28,"") -> SEGURIDAD NUEVA ERA LTDA | E37: SEGURIDAD NUEVA ERA LTDA | F37: 1-2 | G37: 47371 | H37: SI | AG37: =IF(E37="","",IF(K37=0,IF(R37=0,IF(Y37=0,IF(AF37=0,"CUMPLE","NO CUMPLE"),"NO CUMPLE"),"NO CUMPLE"),"NO CUMPLE")) -> CUMPLE | AJ37: =IF(E37>0,E37,"") -> SEGURIDAD NUEVA ERA LTDA | AK37: SI | AL37: 1-2 | AM37: 47371 | BL37: =IF(AJ37="","",IF(AP37=0,IF(AW37=0,IF(BD37=0,IF(BK37=0,"CUMPLE","NO CUMPLE"),"NO CUMPLE"),"NO CUMPLE"),"NO CUMPLE")) -> CUMPLE | BN37: =IF(E37>0,E37,"") -> SEGURIDAD NUEVA ERA LTDA | BO37: 1-5 | BP37: SI | BQ37: 5 | BS37: =IF(L37>0,L37,"") | BX37: =IF(S37>0,S37,"") | CC37: =IF(Z37>0,Z37,"") | CH37: =Proponentes!N28 -> 0 | CI37: =IF(BN37="","",IF(CJ37=0,"CUMPLE","NO CUMPLE")) -> CUMPLE | CL37: =IF(E37>0,E37,"") -> SEGURIDAD NUEVA ERA LTDA | CM37: 1 | CN37: NO | CO37: SI | DF37: =IF(CL37="","",IF(CP37=0,IF(CU37=0,IF(CZ37=0,IF(DE37=0,"CUMPLE","NO CUMPLE"),"NO CUMPLE"),"NO CUMPLE"),"NO CUMPLE")) -> CUMPLE | DI37: =IF(E37>0,E37,"") -> SEGURIDAD NUEVA ERA LTDA | DJ37: 1 | DK37: SI | DY37: =IF(DI37="","",IF(DL37=0,IF(DP37=0,IF(DT37=0,IF(DX37=0,"CUMPLE","NO CUMPLE"),"NO CUMPLE"),"NO CUMPLE"),"NO CUMPLE")) -> CUMPLE | EB37: =IF(E37>0,E37,"") -> SEGURIDAD NUEVA ERA LTDA | EC37: 1 | ED37: SI | ER37: =IF(EB37="","",IF(EE37=0,IF(EI37=0,IF(EM37=0,IF(EQ37=0,"CUMPLE","NO CUMPLE"),"NO CUMPLE"),"NO CUMPLE"),"NO CUMPLE")) -> CUMPLE | EU37: =IF(E37>0,E37,"") -> SEGURIDAD NUEVA ERA LTDA | EV37: 1-7 | EW37: SI | FK37: =IF(EU37="","",IF(EX37=0,IF(FB37=0,IF(FF37=0,IF(FJ37=0,"CUMPLE","NO CUMPLE"),"NO CUMPLE"),"NO CUMPLE"),"NO CUMPLE")) -> CUMPLE | FN37: =IF(E37>0,E37,"") -> SEGURIDAD NUEVA ERA LTDA | FO37: 1-26 | FZ37: =IF(FN37="","",IF(FP37=0,IF(FS37=0,IF(FV37=0,IF(FY37=0,"CUMPLE","NO CUMPLE"),"NO CUMPLE"),"NO CUMPLE"),"NO CUMPLE")) -> CUMPLE | GC37: =IF(E37>0,E37,"") -> SEGURIDAD NUEVA ERA LTDA | GD37: 1-3 | GE37: SI | HA37: =IF(GC37="","",IF(GH37=0,IF(GN37=0,IF(GT37=0,IF(GZ37=0,"CUMPLE","NO CUMPLE"),"NO CUMPLE"),"NO CUMPLE"),"NO CUMPLE")) -> CUMPLE | HD37: =IF(E37>0,E37,"") -> SEGURIDAD NUEVA ERA LTDA | HE37: 1-10 | HF37: SI | HG37: SI | HX37: =IF(HD37="","",IF(HH37=0,IF(HM37=0,IF(HR37=0,IF(HW37=0,"CUMPLE","NO CUMPLE"),"NO CUMPLE"),"NO CUMPLE"),"NO CUMPLE")) -> CUMPLE | IA37: =IF(E37>0,E37,"") -> SEGURIDAD NUEVA ERA LTDA | IB37: 1 A 2 | IC37: SI | IQ37: =IF(IA37="","",IF(ID37=0,IF(IH37=0,IF(IL37=0,IF(IP37=0,"CUMPLE","NO CUMPLE"),"NO CUMPLE"),"NO CUMPLE"),"NO CUMPLE")) -> CUMPLE | IT37: SI | IU37: 1 - 1 | IV37: =IF(IT37<>"",IF(IT37="SI","CUMPLE","NO CUMPLE"),"") -> CUMPLE
B38: 2 | C38: =IF(Proponentes!B29>0,Proponentes!B29,"") | AG38: =IF(E38="","",IF(K38=0,IF(R38=0,IF(Y38=0,IF(AF38=0,"CUMPLE","NO CUMPLE"),"NO CUMPLE"),"NO CUMPLE"),"NO CUMPLE")) | AJ38: =IF(E38>0,E38,"") | BL38: =IF(AJ38="","",IF(AP38=0,IF(AW38=0,IF(BD38=0,IF(BK38=0,"CUMPLE","NO CUMPLE"),"NO CUMPLE"),"NO CUMPLE"),"NO CUMPLE")) | BN38: =IF(E38>0,E38,"") | BS38: =IF(L38>0,L38,"") | BX38: =IF(S38>0,S38,"") | CC38: =IF(Z38>0,Z38,"") | CI38: =IF(BN38="","",IF(CJ38=0,"CUMPLE","NO CUMPLE")) | CL38: =IF(E38>0,E38,"") | DF38: =IF(CL38="","",IF(CP38=0,IF(CU38=0,IF(CZ38=0,IF(DE38=0,"CUMPLE","NO CUMPLE"),"NO CUMPLE"),"NO CUMPLE"),"NO CUMPLE")) | DI38: =IF(E38>0,E38,"") | DY38: =IF(DI38="","",IF(DL38=0,IF(DP38=0,IF(DT38=0,IF(DX38=0,"CUMPLE","NO CUMPLE"),"NO CUMPLE"),"NO CUMPLE"),"NO CUMPLE")) | EB38: =IF(E38>0,E38,"") | ER38: =IF(EB38="","",IF(EE38=0,IF(EI38=0,IF(EM38=0,IF(EQ38=0,"CUMPLE","NO CUMPLE"),"NO CUMPLE"),"NO CUMPLE"),"NO CUMPLE")) | EU38: =IF(E38>0,E38,"") | FK38: =IF(EU38="","",IF(EX38=0,IF(FB38=0,IF(FF38=0,IF(FJ38=0,"CUMPLE","NO CUMPLE"),"NO CUMPLE"),"NO CUMPLE"),"NO CUMPLE")) | FN38: =IF(E38>0,E38,"") | FZ38: =IF(FN38="","",IF(FP38=0,IF(FS38=0,IF(FV38=0,IF(FY38=0,"CUMPLE","NO CUMPLE"),"NO CUMPLE"),"NO CUMPLE"),"NO CUMPLE")) | GC38: =IF(E38>0,E38,"") | HA38: =IF(GC38="","",IF(GH38=0,IF(GN38=0,IF(GT38=0,IF(GZ38=0,"CUMPLE","NO CUMPLE"),"NO CUMPLE"),"NO CUMPLE"),"NO CUMPLE")) | HD38: =IF(E38>0,E38,"") | HX38: =IF(HD38="","",IF(HH38=0,IF(HM38=0,IF(HR38=0,IF(HW38=0,"CUMPLE","NO CUMPLE"),"NO CUMPLE"),"NO CUMPLE"),"NO CUMPLE")) | IA38: =IF(E38>0,E38,"") | IQ38: =IF(IA38="","",IF(ID38=0,IF(IH38=0,IF(IL38=0,IF(IP38=0,"CUMPLE","NO CUMPLE"),"NO CUMPLE"),"NO CUMPLE"),"NO CUMPLE")) | IV38: =IF(IT38<>"",IF(IT38="SI","CUMPLE","NO CUMPLE"),"")
B39: 3 | C39: =IF(Proponentes!B30>0,Proponentes!B30,"") | AG39: =IF(E39="","",IF(K39=0,IF(R39=0,IF(Y39=0,IF(AF39=0,"CUMPLE","NO CUMPLE"),"NO CUMPLE"),"NO CUMPLE"),"NO CUMPLE")) | AJ39: =IF(E39>0,E39,"") | BL39: =IF(AJ39="","",IF(AP39=0,IF(AW39=0,IF(BD39=0,IF(BK39=0,"CUMPLE","NO CUMPLE"),"NO CUMPLE"),"NO CUMPLE"),"NO CUMPLE")) | BN39: =IF(E39>0,E39,"") | BS39: =IF(L39>0,L39,"") | BX39: =IF(S39>0,S39,"") | CC39: =IF(Z39>0,Z39,"") | CI39: =IF(BN39="","",IF(CJ39=0,"CUMPLE","NO CUMPLE")) | CL39: =IF(E39>0,E39,"") | DF39: =IF(CL39="","",IF(CP39=0,IF(CU39=0,IF(CZ39=0,IF(DE39=0,"CUMPLE","NO CUMPLE"),"NO CUMPLE"),"NO CUMPLE"),"NO CUMPLE")) | DI39: =IF(E39>0,E39,"") | DY39: =IF(DI39="","",IF(DL39=0,IF(DP39=0,IF(DT39=0,IF(DX39=0,"CUMPLE","NO CUMPLE"),"NO CUMPLE"),"NO CUMPLE"),"NO CUMPLE")) | EB39: =IF(E39>0,E39,"") | ER39: =IF(EB39="","",IF(EE39=0,IF(EI39=0,IF(EM39=0,IF(EQ39=0,"CUMPLE","NO CUMPLE"),"NO CUMPLE"),"NO CUMPLE"),"NO CUMPLE")) | EU39: =IF(E39>0,E39,"") | FK39: =IF(EU39="","",IF(EX39=0,IF(FB39=0,IF(FF39=0,IF(FJ39=0,"CUMPLE","NO CUMPLE"),"NO CUMPLE"),"NO CUMPLE"),"NO CUMPLE")) | FN39: =IF(E39>0,E39,"") | FZ39: =IF(FN39="","",IF(FP39=0,IF(FS39=0,IF(FV39=0,IF(FY39=0,"CUMPLE","NO CUMPLE"),"NO CUMPLE"),"NO CUMPLE"),"NO CUMPLE")) | GC39: =IF(E39>0,E39,"") | HA39: =IF(GC39="","",IF(GH39=0,IF(GN39=0,IF(GT39=0,IF(GZ39=0,"CUMPLE","NO CUMPLE"),"NO CUMPLE"),"NO CUMPLE"),"NO CUMPLE")) | HD39: =IF(E39>0,E39,"") | HX39: =IF(HD39="","",IF(HH39=0,IF(HM39=0,IF(HR39=0,IF(HW39=0,"CUMPLE","NO CUMPLE"),"NO CUMPLE"),"NO CUMPLE"),"NO CUMPLE")) | IA39: =IF(E39>0,E39,"") | IQ39: =IF(IA39="","",IF(ID39=0,IF(IH39=0,IF(IL39=0,IF(IP39=0,"CUMPLE","NO CUMPLE"),"NO CUMPLE"),"NO CUMPLE"),"NO CUMPLE")) | IV39: =IF(IT39<>"",IF(IT39="SI","CUMPLE","NO CUMPLE"),"")
B40: 4 | C40: =IF(Proponentes!B31>0,Proponentes!B31,"") | AG40: =IF(E40="","",IF(K40=0,IF(R40=0,IF(Y40=0,IF(AF40=0,"CUMPLE","NO CUMPLE"),"NO CUMPLE"),"NO CUMPLE"),"NO CUMPLE")) | AJ40: =IF(E40>0,E40,"") | BL40: =IF(AJ40="","",IF(AP40=0,IF(AW40=0,IF(BD40=0,IF(BK40=0,"CUMPLE","NO CUMPLE"),"NO CUMPLE"),"NO CUMPLE"),"NO CUMPLE")) | BN40: =IF(E40>0,E40,"") | BS40: =IF(L40>0,L40,"") | BX40: =IF(S40>0,S40,"") | CC40: =IF(Z40>0,Z40,"") | CI40: =IF(BN40="","",IF(CJ40=0,"CUMPLE","NO CUMPLE")) | CL40: =IF(E40>0,E40,"") | DF40: =IF(CL40="","",IF(CP40=0,IF(CU40=0,IF(CZ40=0,IF(DE40=0,"CUMPLE","NO CUMPLE"),"NO CUMPLE"),"NO CUMPLE"),"NO CUMPLE")) | DI40: =IF(E40>0,E40,"") | DY40: =IF(DI40="","",IF(DL40=0,IF(DP40=0,IF(DT40=0,IF(DX40=0,"CUMPLE","NO CUMPLE"),"NO CUMPLE"),"NO CUMPLE"),"NO CUMPLE")) | EB40: =IF(E40>0,E40,"") | ER40: =IF(EB40="","",IF(EE40=0,IF(EI40=0,IF(EM40=0,IF(EQ40=0,"CUMPLE","NO CUMPLE"),"NO CUMPLE"),"NO CUMPLE"),"NO CUMPLE")) | EU40: =IF(E40>0,E40,"") | FK40: =IF(EU40="","",IF(EX40=0,IF(FB40=0,IF(FF40=0,IF(FJ40=0,"CUMPLE","NO CUMPLE"),"NO CUMPLE"),"NO CUMPLE"),"NO CUMPLE")) | FN40: =IF(E40>0,E40,"") | FZ40: =IF(FN40="","",IF(FP40=0,IF(FS40=0,IF(FV40=0,IF(FY40=0,"CUMPLE","NO CUMPLE"),"NO CUMPLE"),"NO CUMPLE"),"NO CUMPLE")) | GC40: =IF(E40>0,E40,"") | HA40: =IF(GC40="","",IF(GH40=0,IF(GN40=0,IF(GT40=0,IF(GZ40=0,"CUMPLE","NO CUMPLE"),"NO CUMPLE"),"NO CUMPLE"),"NO CUMPLE")) | HD40: =IF(E40>0,E40,"") | HX40: =IF(HD40="","",IF(HH40=0,IF(HM40=0,IF(HR40=0,IF(HW40=0,"CUMPLE","NO CUMPLE"),"NO CUMPLE"),"NO CUMPLE"),"NO CUMPLE")) | IA40: =IF(E40>0,E40,"") | IQ40: =IF(IA40="","",IF(ID40=0,IF(IH40=0,IF(IL40=0,IF(IP40=0,"CUMPLE","NO CUMPLE"),"NO CUMPLE"),"NO CUMPLE"),"NO CUMPLE")) | IV40: =IF(IT40<>"",IF(IT40="SI","CUMPLE","NO CUMPLE"),"")
